Workbook

Sheet Price Summary
A1: ARPA-H Budget Template adopted from ARPA-H-MAI-24-01 Volume I BOE Template | G1: Instructions:
G2: 1. This is the default format to submit for Volume I Basis of Estimate (Based on current ARPA-H-MAI-24-01-01 BOE template)
B3: Technical Area 1 | G3: 2. Any supporting documents provided with Volume I BOE submission will be included with Volume I application.
B4: Pricing Elements | C4: Associated Price | G4: 3. Copy paste the tables below to the Volume I BOE document
B5: Labor (Fully Burden) | C5: =Personnel!BL19 -> 207076
B6: Subcontractor(s) | C6: ='SUMMARY TOTAL'!AN27 -> 397500
B7: Other Direct Costs | C7: ='SUMMARY TOTAL'!AN42+'SUMMARY TOTAL'!AN33 -> 689100
B8: Indirect Costs (except on labor) | C8: ='SUMMARY TOTAL'!AN45-Personnel!BK19 -> 164787
B9: Total | C9: =SUM(C5:C8) -> 1458463 | D9: ='SUMMARY TOTAL'!AN46 -> 1458463 | E9: =C9-D9 -> 0
B10: Cost Sharing (if applicable)
B13: Technical Area 2
B14: Pricing Elements | C14: Associated Price
B15: Labor (Fully Burden) | C15: =Personnel!BL31 -> 207076
B16: Subcontractor(s) | C16: ='SUMMARY TOTAL'!AO27 -> 397500
B17: Other Direct Costs | C17: ='SUMMARY TOTAL'!AO42+'SUMMARY TOTAL'!AO33 -> 102000
B18: Indirect Costs (except on labor) | C18: ='SUMMARY TOTAL'!AO45-Personnel!BK31 -> 61098
B19: Total | C19: =SUM(C15:C18) -> 767674 | D19: ='SUMMARY TOTAL'!AO46 -> 767674 | E19: =C19-D19 -> 0
B20: Cost Sharing (if applicable)
B23: Technical Area 3
B24: Pricing Elements | C24: Associated Price
B25: Labor (Fully Burden) | C25: =Personnel!BL43 -> 207076
B26: Subcontractor(s) | C26: ='SUMMARY TOTAL'!AP27 -> 397500
B27: Other Direct Costs | C27: ='SUMMARY TOTAL'!AP42+'SUMMARY TOTAL'!AP33 -> 102000
B28: Indirect Costs (except on labor) | C28: ='SUMMARY TOTAL'!AP45-Personnel!BK43 -> 61098
B29: Total | C29: =SUM(C25:C28) -> 767674 | D29: ='SUMMARY TOTAL'!AP46 -> 767674 | E29: =C29-D29 -> 0
B30: Cost Sharing (if applicable)
B33: Technical Area 4
B34: Pricing Elements | C34: Associated Price
B35: Labor (Fully Burden) | C35: =Personnel!BL55 -> 207076
B36: Subcontractor(s) | C36: ='SUMMARY TOTAL'!AQ27 -> 397500
B37: Other Direct Costs | C37: ='SUMMARY TOTAL'!AQ42+'SUMMARY TOTAL'!AQ33 -> 102000
B38: Indirect Costs (except on labor) | C38: ='SUMMARY TOTAL'!AQ45-Personnel!BK55 -> 61098
B39: Total | C39: =SUM(C35:C38) -> 767674 | D39: ='SUMMARY TOTAL'!AQ46 -> 767674 | E39: =C39-D39 -> 0
B40: Cost Sharing (if applicable)
B43: Technical Area 5
B44: Pricing Elements | C44: Associated Price
B45: Labor (Fully Burden) | C45: =Personnel!BL67 -> 207076
B46: Subcontractor(s) | C46: ='SUMMARY TOTAL'!AR27 -> 397500
B47: Other Direct Costs | C47: ='SUMMARY TOTAL'!AR42+'SUMMARY TOTAL'!AR33 -> 102000
B48: Indirect Costs (except on labor) | C48: ='SUMMARY TOTAL'!AR45-Personnel!BK67 -> 61098
B49: Total | C49: =SUM(C45:C48) -> 767674 | D49: ='SUMMARY TOTAL'!AR46 -> 767674 | E49: =C49-D49 -> 0
B50: Cost Sharing (if applicable)
B53: Double check
B54: Total | C54: =C9+C19+C29+C39+C49 -> 4529159
C55: ='SUMMARY TOTAL'!AS46 -> 4529159
D56: =C55-C54 -> 0

Sheet SUMMARY TOTAL
A1: SUMMARY OF PROPOSED COSTS
A2: UNIVERSITY OF
A3: PI:
A4: PROJECT PERIOD:
A7: BUDGET CATEGORY | D7: YEAR 1 (7/1/24-6/30/25) | J7: YEAR 2 (7/1/25-6/30/26) | P7: YEAR 3 (7/1/26-6/30/27) | V7: YEAR 4 (7/1/27-6/30/28) | AB7: YEAR 5 (7/1/28-6/30/29) | AH7: YEAR 6 (7/1/29-6/30/30) | AN7: TOTAL
D8: TA1 | E8: TA2 | F8: TA3 | G8: TA4 | H8: TA5 | I8: TOTAL | J8: TA1 | K8: TA2 | L8: TA3 | M8: TA4 | N8: TA5 | O8: TOTAL | P8: TA1 | Q8: TA2 | R8: TA3 | S8: TA4 | T8: TA5 | U8: TOTAL | V8: TA1 | W8: TA2 | X8: TA3 | Y8: TA4 | Z8: TA5 | AA8: TOTAL | AB8: TA1 | AC8: TA2 | AD8: TA3 | AE8: TA4 | AF8: TA5 | AG8: TOTAL | AH8: TA1 | AI8: TA2 | AJ8: TA3 | AK8: TA4 | AL8: TA5 | AM8: TOTAL | AN8: TA1 | AO8: TA2 | AP8: TA3 | AQ8: TA4 | AR8: TA5 | AS8: TOTAL
A9: DIRECT LABOR | B9: PERSONNEL | C9: ROLE
B10: =Personnel!B8 -> John Doe | C10: =Personnel!C8 -> Principal Investigator | D10: =Personnel!H8 -> 10605 | E10: =Personnel!H20 -> 10605 | F10: =Personnel!H32 -> 10605 | G10: =Personnel!H44 -> 10605 | H10: =Personnel!H56 -> 10605 | I10: =SUM(D10:H10) -> 53025 | J10: =Personnel!Q8 -> 10923 | K10: =Personnel!Q20 -> 10923 | L10: =Personnel!Q32 -> 10923 | M10: =Personnel!Q44 -> 10923 | N10: =Personnel!Q56 -> 10923 | O10: =SUM(J10:N10) -> 54615 | P10: =Personnel!Z8 -> 11251 | Q10: =Personnel!Z20 -> 11251 | R10: =Personnel!Z32 -> 11251 | S10: =Personnel!Z44 -> 11251 | T10: =Personnel!Z56 -> 11251 | U10: =SUM(P10:T10) -> 56255 | V10: =Personnel!AI8 -> 11588 | W10: =Personnel!AI20 -> 11588 | X10: =Personnel!AI32 -> 11588 | Y10: =Personnel!AI44 -> 11588 | Z10: =Personnel!AI56 -> 11588 | AA10: =SUM(V10:Z10) -> 57940 | AB10: =Personnel!AR8 -> 11936 | AC10: =Personnel!AR20 -> 11936 | AD10: =Personnel!AR32 -> 11936 | AE10: =Personnel!AR44 -> 11936 | AF10: =Personnel!AR56 -> 11936 | AG10: =SUM(AB10:AF10) -> 59680 | AH10: =Personnel!BA8 -> 12294 | AI10: =Personnel!BA20 -> 12294 | AJ10: =Personnel!BA32 -> 12294 | AK10: =Personnel!BA44 -> 12294 | AL10: =Personnel!BA56 -> 12294 | AM10: =SUM(AH10:AL10) -> 61470 | AN10: =D10+J10+P10+V10+AB10+AH10 -> 68597 | AO10: =E10+K10+Q10+W10+AC10+AI10 -> 68597 | AP10: =F10+L10+R10+X10+AD10+AJ10 -> 68597 | AQ10: =G10+M10+S10+Y10+AE10+AK10 -> 68597 | AR10: =H10+N10+T10+Z10+AF10+AL10 -> 68597 | AS10: =SUM(AN10:AR10) -> 342985
B11: =Personnel!B9 -> Jane Doe | C11: =Personnel!C9 -> Co-Investigator | D11: =Personnel!H9 -> 3750 | E11: =Personnel!H21 -> 3750 | F11: =Personnel!H33 -> 3750 | G11: =Personnel!H45 -> 3750 | H11: =Personnel!H57 -> 3750 | I11: =SUM(D11:H11) -> 18750 | J11: =Personnel!Q9 -> 3863 | K11: =Personnel!Q21 -> 3863 | L11: =Personnel!Q33 -> 3863 | M11: =Personnel!Q45 -> 3863 | N11: =Personnel!Q57 -> 3863 | O11: =SUM(J11:N11) -> 19315 | P11: =Personnel!Z9 -> 3978 | Q11: =Personnel!Z21 -> 3978 | R11: =Personnel!Z33 -> 3978 | S11: =Personnel!Z45 -> 3978 | T11: =Personnel!Z57 -> 3978 | U11: =SUM(P11:T11) -> 19890 | V11: =Personnel!AI9 -> 4098 | W11: =Personnel!AI21 -> 4098 | X11: =Personnel!AI33 -> 4098 | Y11: =Personnel!AI45 -> 4098 | Z11: =Personnel!AI57 -> 4098 | AA11: =SUM(V11:Z11) -> 20490 | AB11: =Personnel!AR9 -> 4221 | AC11: =Personnel!AR21 -> 4221 | AD11: =Personnel!AR33 -> 4221 | AE11: =Personnel!AR45 -> 4221 | AF11: =Personnel!AR57 -> 4221 | AG11: =SUM(AB11:AF11) -> 21105 | AH11: =Personnel!BA9 -> 4347 | AI11: =Personnel!BA21 -> 4347 | AJ11: =Personnel!BA33 -> 4347 | AK11: =Personnel!BA45 -> 4347 | AL11: =Personnel!BA57 -> 4347 | AM11: =SUM(AH11:AL11) -> 21735 | AN11: =D11+J11+P11+V11+AB11+AH11 -> 24257 | AO11: =E11+K11+Q11+W11+AC11+AI11 -> 24257 | AP11: =F11+L11+R11+X11+AD11+AJ11 -> 24257 | AQ11: =G11+M11+S11+Y11+AE11+AK11 -> 24257 | AR11: =H11+N11+T11+Z11+AF11+AL11 -> 24257 | AS11: =SUM(AN11:AR11) -> 121285
B12: =Personnel!B10 -> 0 | C12: =Personnel!C10 -> 0 | D12: =Personnel!H10 -> 0 | E12: =Personnel!H22 -> 0 | F12: =Personnel!H34 -> 0 | G12: =Personnel!H46 -> 0 | H12: =Personnel!H58 -> 0 | I12: =SUM(D12:H12) -> 0 | J12: =Personnel!Q10 -> 0 | K12: =Personnel!Q22 -> 0 | L12: =Personnel!Q34 -> 0 | M12: =Personnel!Q46 -> 0 | N12: =Personnel!Q58 -> 0 | O12: =SUM(J12:N12) -> 0 | P12: =Personnel!Z10 -> 0 | Q12: =Personnel!Z22 -> 0 | R12: =Personnel!Z34 -> 0 | S12: =Personnel!Z46 -> 0 | T12: =Personnel!Z58 -> 0 | U12: =SUM(P12:T12) -> 0 | V12: =Personnel!AI10 -> 0 | W12: =Personnel!AI22 -> 0 | X12: =Personnel!AI34 -> 0 | Y12: =Personnel!AI46 -> 0 | Z12: =Personnel!AI58 -> 0 | AA12: =SUM(V12:Z12) -> 0 | AB12: =Personnel!AR10 -> 0 | AC12: =Personnel!AR22 -> 0 | AD12: =Personnel!AR34 -> 0 | AE12: =Personnel!AR46 -> 0 | AF12: =Personnel!AR58 -> 0 | AG12: =SUM(AB12:AF12) -> 0 | AH12: =Personnel!BA10 -> 0 | AI12: =Personnel!BA22 -> 0 | AJ12: =Personnel!BA34 -> 0 | AK12: =Personnel!BA46 -> 0 | AL12: =Personnel!BA58 -> 0 | AM12: =SUM(AH12:AL12) -> 0 | AN12: =D12+J12+P12+V12+AB12+AH12 -> 0 | AO12: =E12+K12+Q12+W12+AC12+AI12 -> 0 | AP12: =F12+L12+R12+X12+AD12+AJ12 -> 0 | AQ12: =G12+M12+S12+Y12+AE12+AK12 -> 0 | AR12: =H12+N12+T12+Z12+AF12+AL12 -> 0 | AS12: =SUM(AN12:AR12) -> 0
B13: =Personnel!B11 -> 0 | C13: =Personnel!C11 -> 0 | D13: =Personnel!H11 -> 0 | E13: =Personnel!H23 -> 0 | F13: =Personnel!H35 -> 0 | G13: =Personnel!H47 -> 0 | H13: =Personnel!H59 -> 0 | I13: =SUM(D13:H13) -> 0 | J13: =Personnel!Q11 -> 0 | K13: =Personnel!Q23 -> 0 | L13: =Personnel!Q35 -> 0 | M13: =Personnel!Q47 -> 0 | N13: =Personnel!Q59 -> 0 | O13: =SUM(J13:N13) -> 0 | P13: =Personnel!Z11 -> 0 | Q13: =Personnel!Z23 -> 0 | R13: =Personnel!Z35 -> 0 | S13: =Personnel!Z47 -> 0 | T13: =Personnel!Z59 -> 0 | U13: =SUM(P13:T13) -> 0 | V13: =Personnel!AI11 -> 0 | W13: =Personnel!AI23 -> 0 | X13: =Personnel!AI35 -> 0 | Y13: =Personnel!AI47 -> 0 | Z13: =Personnel!AI59 -> 0 | AA13: =SUM(V13:Z13) -> 0 | AB13: =Personnel!AR11 -> 0 | AC13: =Personnel!AR23 -> 0 | AD13: =Personnel!AR35 -> 0 | AE13: =Personnel!AR47 -> 0 | AF13: =Personnel!AR59 -> 0 | AG13: =SUM(AB13:AF13) -> 0 | AH13: =Personnel!BA11 -> 0 | AI13: =Personnel!BA23 -> 0 | AJ13: =Personnel!BA35 -> 0 | AK13: =Personnel!BA47 -> 0 | AL13: =Personnel!BA59 -> 0 | AM13: =SUM(AH13:AL13) -> 0 | AN13: =D13+J13+P13+V13+AB13+AH13 -> 0 | AO13: =E13+K13+Q13+W13+AC13+AI13 -> 0 | AP13: =F13+L13+R13+X13+AD13+AJ13 -> 0 | AQ13: =G13+M13+S13+Y13+AE13+AK13 -> 0 | AR13: =H13+N13+T13+Z13+AF13+AL13 -> 0 | AS13: =SUM(AN13:AR13) -> 0
B14: =Personnel!B12 -> 0 | C14: =Personnel!C12 -> 0 | D14: =Personnel!H12 -> 0 | E14: =Personnel!H24 -> 0 | F14: =Personnel!H36 -> 0 | G14: =Personnel!H48 -> 0 | H14: =Personnel!H60 -> 0 | I14: =SUM(D14:H14) -> 0 | J14: =Personnel!Q12 -> 0 | K14: =Personnel!Q24 -> 0 | L14: =Personnel!Q36 -> 0 | M14: =Personnel!Q48 -> 0 | N14: =Personnel!Q60 -> 0 | O14: =SUM(J14:N14) -> 0 | P14: =Personnel!Z12 -> 0 | Q14: =Personnel!Z24 -> 0 | R14: =Personnel!Z36 -> 0 | S14: =Personnel!Z48 -> 0 | T14: =Personnel!Z60 -> 0 | U14: =SUM(P14:T14) -> 0 | V14: =Personnel!AI12 -> 0 | W14: =Personnel!AI24 -> 0 | X14: =Personnel!AI36 -> 0 | Y14: =Personnel!AI48 -> 0 | Z14: =Personnel!AI60 -> 0 | AA14: =SUM(V14:Z14) -> 0 | AB14: =Personnel!AR12 -> 0 | AC14: =Personnel!AR24 -> 0 | AD14: =Personnel!AR36 -> 0 | AE14: =Personnel!AR48 -> 0 | AF14: =Personnel!AR60 -> 0 | AG14: =SUM(AB14:AF14) -> 0 | AH14: =Personnel!BA12 -> 0 | AI14: =Personnel!BA24 -> 0 | AJ14: =Personnel!BA36 -> 0 | AK14: =Personnel!BA48 -> 0 | AL14: =Personnel!BA60 -> 0 | AM14: =SUM(AH14:AL14) -> 0 | AN14: =D14+J14+P14+V14+AB14+AH14 -> 0 | AO14: =E14+K14+Q14+W14+AC14+AI14 -> 0 | AP14: =F14+L14+R14+X14+AD14+AJ14 -> 0 | AQ14: =G14+M14+S14+Y14+AE14+AK14 -> 0 | AR14: =H14+N14+T14+Z14+AF14+AL14 -> 0 | AS14: =SUM(AN14:AR14) -> 0
B15: =Personnel!B13 -> 0 | C15: =Personnel!C13 -> 0 | D15: =Personnel!H13 -> 0 | E15: =Personnel!H25 -> 0 | F15: =Personnel!H37 -> 0 | G15: =Personnel!H49 -> 0 | H15: =Personnel!H61 -> 0 | I15: =SUM(D15:H15) -> 0 | J15: =Personnel!Q13 -> 0 | K15: =Personnel!Q25 -> 0 | L15: =Personnel!Q37 -> 0 | M15: =Personnel!Q49 -> 0 | N15: =Personnel!Q61 -> 0 | O15: =SUM(J15:N15) -> 0 | P15: =Personnel!Z13 -> 0 | Q15: =Personnel!Z25 -> 0 | R15: =Personnel!Z37 -> 0 | S15: =Personnel!Z49 -> 0 | T15: =Personnel!Z61 -> 0 | U15: =SUM(P15:T15) -> 0 | V15: =Personnel!AI13 -> 0 | W15: =Personnel!AI25 -> 0 | X15: =Personnel!AI37 -> 0 | Y15: =Personnel!AI49 -> 0 | Z15: =Personnel!AI61 -> 0 | AA15: =SUM(V15:Z15) -> 0 | AB15: =Personnel!AR13 -> 0 | AC15: =Personnel!AR25 -> 0 | AD15: =Personnel!AR37 -> 0 | AE15: =Personnel!AR49 -> 0 | AF15: =Personnel!AR61 -> 0 | AG15: =SUM(AB15:AF15) -> 0 | AH15: =Personnel!BA13 -> 0 | AI15: =Personnel!BA25 -> 0 | AJ15: =Personnel!BA37 -> 0 | AK15: =Personnel!BA49 -> 0 | AL15: =Personnel!BA61 -> 0 | AM15: =SUM(AH15:AL15) -> 0 | AN15: =D15+J15+P15+V15+AB15+AH15 -> 0 | AO15: =E15+K15+Q15+W15+AC15+AI15 -> 0 | AP15: =F15+L15+R15+X15+AD15+AJ15 -> 0 | AQ15: =G15+M15+S15+Y15+AE15+AK15 -> 0 | AR15: =H15+N15+T15+Z15+AF15+AL15 -> 0 | AS15: =SUM(AN15:AR15) -> 0
B16: =Personnel!B14 -> 0 | C16: =Personnel!C14 -> 0 | D16: =Personnel!H14 -> 0 | E16: =Personnel!H26 -> 0 | F16: =Personnel!H38 -> 0 | G16: =Personnel!H50 -> 0 | H16: =Personnel!H62 -> 0 | I16: =SUM(D16:H16) -> 0 | J16: =Personnel!Q14 -> 0 | K16: =Personnel!Q26 -> 0 | L16: =Personnel!Q38 -> 0 | M16: =Personnel!Q50 -> 0 | N16: =Personnel!Q62 -> 0 | O16: =SUM(J16:N16) -> 0 | P16: =Personnel!Z14 -> 0 | Q16: =Personnel!Z26 -> 0 | R16: =Personnel!Z38 -> 0 | S16: =Personnel!Z50 -> 0 | T16: =Personnel!Z62 -> 0 | U16: =SUM(P16:T16) -> 0 | V16: =Personnel!AI14 -> 0 | W16: =Personnel!AI26 -> 0 | X16: =Personnel!AI38 -> 0 | Y16: =Personnel!AI50 -> 0 | Z16: =Personnel!AI62 -> 0 | AA16: =SUM(V16:Z16) -> 0 | AB16: =Personnel!AR14 -> 0 | AC16: =Personnel!AR26 -> 0 | AD16: =Personnel!AR38 -> 0 | AE16: =Personnel!AR50 -> 0 | AF16: =Personnel!AR62 -> 0 | AG16: =SUM(AB16:AF16) -> 0 | AH16: =Personnel!BA14 -> 0 | AI16: =Personnel!BA26 -> 0 | AJ16: =Personnel!BA38 -> 0 | AK16: =Personnel!BA50 -> 0 | AL16: =Personnel!BA62 -> 0 | AM16: =SUM(AH16:AL16) -> 0 | AN16: =D16+J16+P16+V16+AB16+AH16 -> 0 | AO16: =E16+K16+Q16+W16+AC16+AI16 -> 0 | AP16: =F16+L16+R16+X16+AD16+AJ16 -> 0 | AQ16: =G16+M16+S16+Y16+AE16+AK16 -> 0 | AR16: =H16+N16+T16+Z16+AF16+AL16 -> 0 | AS16: =SUM(AN16:AR16) -> 0
B17: =Personnel!B15 -> 0 | C17: =Personnel!C15 -> 0 | D17: =Personnel!H15 -> 0 | E17: =Personnel!H27 -> 0 | F17: =Personnel!H39 -> 0 | G17: =Personnel!H51 -> 0 | H17: =Personnel!H63 -> 0 | I17: =SUM(D17:H17) -> 0 | J17: =Personnel!Q15 -> 0 | K17: =Personnel!Q27 -> 0 | L17: =Personnel!Q39 -> 0 | M17: =Personnel!Q51 -> 0 | N17: =Personnel!Q63 -> 0 | O17: =SUM(J17:N17) -> 0 | P17: =Personnel!Z15 -> 0 | Q17: =Personnel!Z27 -> 0 | R17: =Personnel!Z39 -> 0 | S17: =Personnel!Z51 -> 0 | T17: =Personnel!Z63 -> 0 | U17: =SUM(P17:T17) -> 0 | V17: =Personnel!AI15 -> 0 | W17: =Personnel!AI27 -> 0 | X17: =Personnel!AI39 -> 0 | Y17: =Personnel!AI51 -> 0 | Z17: =Personnel!AI63 -> 0 | AA17: =SUM(V17:Z17) -> 0 | AB17: =Personnel!AR15 -> 0 | AC17: =Personnel!AR27 -> 0 | AD17: =Personnel!AR39 -> 0 | AE17: =Personnel!AR51 -> 0 | AF17: =Personnel!AR63 -> 0 | AG17: =SUM(AB17:AF17) -> 0 | AH17: =Personnel!BA15 -> 0 | AI17: =Personnel!BA27 -> 0 | AJ17: =Personnel!BA39 -> 0 | AK17: =Personnel!BA51 -> 0 | AL17: =Personnel!BA63 -> 0 | AM17: =SUM(AH17:AL17) -> 0 | AN17: =D17+J17+P17+V17+AB17+AH17 -> 0 | AO17: =E17+K17+Q17+W17+AC17+AI17 -> 0 | AP17: =F17+L17+R17+X17+AD17+AJ17 -> 0 | AQ17: =G17+M17+S17+Y17+AE17+AK17 -> 0 | AR17: =H17+N17+T17+Z17+AF17+AL17 -> 0 | AS17: =SUM(AN17:AR17) -> 0
B18: =Personnel!B16 -> 0 | C18: =Personnel!C16 -> 0 | D18: =Personnel!H16 -> 0 | E18: =Personnel!H28 -> 0 | F18: =Personnel!H40 -> 0 | G18: =Personnel!H52 -> 0 | H18: =Personnel!H64 -> 0 | I18: =SUM(D18:H18) -> 0 | J18: =Personnel!Q16 -> 0 | K18: =Personnel!Q28 -> 0 | L18: =Personnel!Q40 -> 0 | M18: =Personnel!Q52 -> 0 | N18: =Personnel!Q64 -> 0 | O18: =SUM(J18:N18) -> 0 | P18: =Personnel!Z16 -> 0 | Q18: =Personnel!Z28 -> 0 | R18: =Personnel!Z40 -> 0 | S18: =Personnel!Z52 -> 0 | T18: =Personnel!Z64 -> 0 | U18: =SUM(P18:T18) -> 0 | V18: =Personnel!AI16 -> 0 | W18: =Personnel!AI28 -> 0 | X18: =Personnel!AI40 -> 0 | Y18: =Personnel!AI52 -> 0 | Z18: =Personnel!AI64 -> 0 | AA18: =SUM(V18:Z18) -> 0 | AB18: =Personnel!AR16 -> 0 | AC18: =Personnel!AR28 -> 0 | AD18: =Personnel!AR40 -> 0 | AE18: =Personnel!AR52 -> 0 | AF18: =Personnel!AR64 -> 0 | AG18: =SUM(AB18:AF18) -> 0 | AH18: =Personnel!BA16 -> 0 | AI18: =Personnel!BA28 -> 0 | AJ18: =Personnel!BA40 -> 0 | AK18: =Personnel!BA52 -> 0 | AL18: =Personnel!BA64 -> 0 | AM18: =SUM(AH18:AL18) -> 0 | AN18: =D18+J18+P18+V18+AB18+AH18 -> 0 | AO18: =E18+K18+Q18+W18+AC18+AI18 -> 0 | AP18: =F18+L18+R18+X18+AD18+AJ18 -> 0 | AQ18: =G18+M18+S18+Y18+AE18+AK18 -> 0 | AR18: =H18+N18+T18+Z18+AF18+AL18 -> 0 | AS18: =SUM(AN18:AR18) -> 0
B19: =Personnel!B17 -> 0 | C19: =Personnel!C17 -> 0 | D19: =Personnel!H17 -> 0 | E19: =Personnel!H29 -> 0 | F19: =Personnel!H41 -> 0 | G19: =Personnel!H53 -> 0 | H19: =Personnel!H65 -> 0 | I19: =SUM(D19:H19) -> 0 | J19: =Personnel!Q17 -> 0 | K19: =Personnel!Q29 -> 0 | L19: =Personnel!Q41 -> 0 | M19: =Personnel!Q53 -> 0 | N19: =Personnel!Q65 -> 0 | O19: =SUM(J19:N19) -> 0 | P19: =Personnel!Z17 -> 0 | Q19: =Personnel!Z29 -> 0 | R19: =Personnel!Z41 -> 0 | S19: =Personnel!Z53 -> 0 | T19: =Personnel!Z65 -> 0 | U19: =SUM(P19:T19) -> 0 | V19: =Personnel!AI17 -> 0 | W19: =Personnel!AI29 -> 0 | X19: =Personnel!AI41 -> 0 | Y19: =Personnel!AI53 -> 0 | Z19: =Personnel!AI65 -> 0 | AA19: =SUM(V19:Z19) -> 0 | AB19: =Personnel!AR17 -> 0 | AC19: =Personnel!AR29 -> 0 | AD19: =Personnel!AR41 -> 0 | AE19: =Personnel!AR53 -> 0 | AF19: =Personnel!AR65 -> 0 | AG19: =SUM(AB19:AF19) -> 0 | AH19: =Personnel!BA17 -> 0 | AI19: =Personnel!BA29 -> 0 | AJ19: =Personnel!BA41 -> 0 | AK19: =Personnel!BA53 -> 0 | AL19: =Personnel!BA65 -> 0 | AM19: =SUM(AH19:AL19) -> 0 | AN19: =D19+J19+P19+V19+AB19+AH19 -> 0 | AO19: =E19+K19+Q19+W19+AC19+AI19 -> 0 | AP19: =F19+L19+R19+X19+AD19+AJ19 -> 0 | AQ19: =G19+M19+S19+Y19+AE19+AK19 -> 0 | AR19: =H19+N19+T19+Z19+AF19+AL19 -> 0 | AS19: =SUM(AN19:AR19) -> 0
A20: TOTAL DIRECT LABOR COSTS | D20: =SUM(D10:D19) -> 14355 | E20: =SUM(E10:E19) -> 14355 | F20: =SUM(F10:F19) -> 14355 | G20: =SUM(G10:G19) -> 14355 | H20: =SUM(H10:H19) -> 14355 | I20: =SUM(I10:I19) -> 71775 | J20: =SUM(J10:J19) -> 14786 | K20: =SUM(K10:K19) -> 14786 | ... AS20: =SUM(AS10:AS19) -> 464270
A21: TOTAL FRINGE BENEFIT COSTS | D21: =Personnel!J19 -> 5243 | E21: =Personnel!J31 -> 5243 | F21: =Personnel!J43 -> 5243 | G21: =Personnel!J55 -> 5243 | H21: =Personnel!J67 -> 5243 | I21: =SUM(D21:H21) -> 26215 | J21: =Personnel!S19 -> 5562 | K21: =Personnel!S31 -> 5562 | L21: =Personnel!S43 -> 5562 | M21: =Personnel!S55 -> 5562 | N21: =Personnel!S67 -> 5562 | O21: =SUM(J21:N21) -> 27810 | P21: =Personnel!AB19 -> 5900 | Q21: =Personnel!AB31 -> 5900 | R21: =Personnel!AB43 -> 5900 | S21: =Personnel!AB55 -> 5900 | T21: =Personnel!AB67 -> 5900 | U21: =SUM(P21:T21) -> 29500 | V21: =Personnel!AK19 -> 6259 | W21: =Personnel!AK31 -> 6259 | X21: =Personnel!AK43 -> 6259 | Y21: =Personnel!AK55 -> 6259 | Z21: =Personnel!AK67 -> 6259 | AA21: =SUM(V21:Z21) -> 31295 | AB21: =Personnel!AT19 -> 6641 | AC21: =Personnel!AT31 -> 6641 | AD21: =Personnel!AT43 -> 6641 | AE21: =Personnel!AT55 -> 6641 | AF21: =Personnel!AT67 -> 6641 | AG21: =SUM(AB21:AF21) -> 33205 | AH21: =Personnel!BC19 -> 7045 | AI21: =Personnel!BC31 -> 7045 | AJ21: =Personnel!BC43 -> 7045 | AK21: =Personnel!BC55 -> 7045 | AL21: =Personnel!BC67 -> 7045 | AM21: =SUM(AH21:AL21) -> 35225 | AN21: =D21+J21+P21+V21+AB21+AH21 -> 36650 | AO21: =E21+K21+Q21+W21+AC21+AI21 -> 36650 | AP21: =F21+L21+R21+X21+AD21+AJ21 -> 36650 | AQ21: =G21+M21+S21+Y21+AE21+AK21 -> 36650 | AR21: =H21+N21+T21+Z21+AF21+AL21 -> 36650 | AS21: =SUM(AN21:AR21) -> 183250
A22: TOTAL DIRECT LABOR AND FRINGE BENEFIT COSTS | D22: =D20+D21 -> 19598 | E22: =E20+E21 -> 19598 | F22: =F20+F21 -> 19598 | G22: =G20+G21 -> 19598 | H22: =H20+H21 -> 19598 | I22: =I20+I21 -> 97990 | J22: =J20+J21 -> 20348 | K22: =K20+K21 -> 20348 | ... AM22: =AM20+AM21 -> 118430 | AN22: =D22+J22+P22+V22+AB22+AH22 -> 129504 | AO22: =E22+K22+Q22+W22+AC22+AI22 -> 129504 | AP22: =F22+L22+R22+X22+AD22+AJ22 -> 129504 | AQ22: =G22+M22+S22+Y22+AE22+AK22 -> 129504 | AR22: =H22+N22+T22+Z22+AF22+AL22 -> 129504 | AS22: =SUM(AN22:AR22) -> 647520
A23: SUBCONTRACTS | B23: PARTNER INSTITUTIONS
B24: =Subcontracts!B8 -> Uni A | D24: =Subcontracts!D10 -> 39000 | E24: =Subcontracts!D20 -> 39000 | F24: =Subcontracts!D30 -> 39000 | G24: =Subcontracts!D40 -> 39000 | H24: =Subcontracts!D50 -> 39000 | I24: =SUM(D24:H24) -> 195000 | J24: =Subcontracts!E10 -> 45000 | K24: =Subcontracts!E20 -> 45000 | L24: =Subcontracts!E30 -> 45000 | M24: =Subcontracts!E40 -> 45000 | N24: =Subcontracts!E50 -> 45000 | O24: =SUM(J24:N24) -> 225000 | P24: =Subcontracts!F10 -> 51000 | Q24: =Subcontracts!F20 -> 51000 | R24: =Subcontracts!F30 -> 51000 | S24: =Subcontracts!F40 -> 51000 | T24: =Subcontracts!F50 -> 51000 | U24: =SUM(P24:T24) -> 255000 | V24: =Subcontracts!G10 -> 57000 | W24: =Subcontracts!G20 -> 57000 | X24: =Subcontracts!G30 -> 57000 | Y24: =Subcontracts!G40 -> 57000 | Z24: =Subcontracts!G50 -> 57000 | AA24: =SUM(V24:Z24) -> 285000 | AB24: =Subcontracts!H10 -> 60000 | AC24: =Subcontracts!H20 -> 60000 | AD24: =Subcontracts!H30 -> 60000 | AE24: =Subcontracts!H40 -> 60000 | AF24: =Subcontracts!H50 -> 60000 | AG24: =SUM(AB24:AF24) -> 300000 | AH24: =Subcontracts!I10 -> 63000 | AI24: =Subcontracts!I20 -> 63000 | AJ24: =Subcontracts!I30 -> 63000 | AK24: =Subcontracts!I40 -> 63000 | AL24: =Subcontracts!I50 -> 63000 | AM24: =SUM(AH24:AL24) -> 315000 | AN24: =D24+J24+P24+V24+AB24+AH24 -> 315000 | AO24: =E24+K24+Q24+W24+AC24+AI24 -> 315000 | AP24: =F24+L24+R24+X24+AD24+AJ24 -> 315000 | AQ24: =G24+M24+S24+Y24+AE24+AK24 -> 315000 | AR24: =H24+N24+T24+Z24+AF24+AL24 -> 315000 | AS24: =SUM(AN24:AR24) -> 1575000
B25: =Subcontracts!B11 -> Uni B | D25: =Subcontracts!D13 -> 40500 | E25: =Subcontracts!D23 -> 40500 | F25: =Subcontracts!D33 -> 40500 | G25: =Subcontracts!D43 -> 40500 | H25: =Subcontracts!D53 -> 40500 | I25: =SUM(D25:H25) -> 202500 | J25: =Subcontracts!E13 -> 0 | K25: =Subcontracts!E23 -> 0 | L25: =Subcontracts!E33 -> 0 | M25: =Subcontracts!E43 -> 0 | N25: =Subcontracts!E53 -> 0 | O25: =SUM(J25:N25) -> 0 | P25: =Subcontracts!F13 -> 0 | Q25: =Subcontracts!F23 -> 0 | R25: =Subcontracts!F33 -> 0 | S25: =Subcontracts!F43 -> 0 | T25: =Subcontracts!F53 -> 0 | U25: =SUM(P25:T25) -> 0 | V25: =Subcontracts!G13 -> 0 | W25: =Subcontracts!G23 -> 0 | X25: =Subcontracts!G33 -> 0 | Y25: =Subcontracts!G43 -> 0 | Z25: =Subcontracts!G53 -> 0 | AA25: =SUM(V25:Z25) -> 0 | AB25: =Subcontracts!H13 -> 0 | AC25: =Subcontracts!H23 -> 0 | AD25: =Subcontracts!H33 -> 0 | AE25: =Subcontracts!H43 -> 0 | AF25: =Subcontracts!H53 -> 0 | AG25: =SUM(AB25:AF25) -> 0 | AH25: =Subcontracts!I13 -> 0 | AI25: =Subcontracts!I23 -> 0 | AJ25: =Subcontracts!I33 -> 0 | AK25: =Subcontracts!I43 -> 0 | AL25: =Subcontracts!I53 -> 0 | AM25: =SUM(AH25:AL25) -> 0 | AN25: =D25+J25+P25+V25+AB25+AH25 -> 40500 | AO25: =E25+K25+Q25+W25+AC25+AI25 -> 40500 | AP25: =F25+L25+R25+X25+AD25+AJ25 -> 40500 | AQ25: =G25+M25+S25+Y25+AE25+AK25 -> 40500 | AR25: =H25+N25+T25+Z25+AF25+AL25 -> 40500 | AS25: =SUM(AN25:AR25) -> 202500
B26: =Subcontracts!B14 -> Uni C | D26: =Subcontracts!D16 -> 42000 | E26: =Subcontracts!D26 -> 42000 | F26: =Subcontracts!D36 -> 42000 | G26: =Subcontracts!D46 -> 42000 | H26: =Subcontracts!D56 -> 42000 | I26: =SUM(D26:H26) -> 210000 | J26: =Subcontracts!E16 -> 0 | K26: =Subcontracts!E26 -> 0 | L26: =Subcontracts!E36 -> 0 | M26: =Subcontracts!E46 -> 0 | N26: =Subcontracts!E56 -> 0 | O26: =SUM(J26:N26) -> 0 | P26: =Subcontracts!F16 -> 0 | Q26: =Subcontracts!F26 -> 0 | R26: =Subcontracts!F36 -> 0 | S26: =Subcontracts!F46 -> 0 | T26: =Subcontracts!F56 -> 0 | U26: =SUM(P26:T26) -> 0 | V26: =Subcontracts!G16 -> 0 | W26: =Subcontracts!G26 -> 0 | X26: =Subcontracts!G36 -> 0 | Y26: =Subcontracts!G46 -> 0 | Z26: =Subcontracts!G56 -> 0 | AA26: =SUM(V26:Z26) -> 0 | AB26: =Subcontracts!H16 -> 0 | AC26: =Subcontracts!H26 -> 0 | AD26: =Subcontracts!H36 -> 0 | AE26: =Subcontracts!H46 -> 0 | AF26: =Subcontracts!H56 -> 0 | AG26: =SUM(AB26:AF26) -> 0 | AH26: =Subcontracts!I16 -> 0 | AI26: =Subcontracts!I26 -> 0 | AJ26: =Subcontracts!I36 -> 0 | AK26: =Subcontracts!I46 -> 0 | AL26: =Subcontracts!I56 -> 0 | AM26: =SUM(AH26:AL26) -> 0 | AN26: =D26+J26+P26+V26+AB26+AH26 -> 42000 | AO26: =E26+K26+Q26+W26+AC26+AI26 -> 42000 | AP26: =F26+L26+R26+X26+AD26+AJ26 -> 42000 | AQ26: =G26+M26+S26+Y26+AE26+AK26 -> 42000 | AR26: =H26+N26+T26+Z26+AF26+AL26 -> 42000 | AS26: =SUM(AN26:AR26) -> 210000
A27: TOTAL SUBCONTRACTS | D27: =SUM(D24:D26) -> 121500 | E27: =SUM(E24:E26) -> 121500 | F27: =SUM(F24:F26) -> 121500 | G27: =SUM(G24:G26) -> 121500 | H27: =SUM(H24:H26) -> 121500 | I27: =SUM(I24:I26) -> 607500 | J27: =SUM(J24:J26) -> 45000 | K27: =SUM(K24:K26) -> 45000 | ... AM27: =SUM(AM24:AM26) -> 315000 | AN27: =D27+J27+P27+V27+AB27+AH27 -> 397500 | AO27: =E27+K27+Q27+W27+AC27+AI27 -> 397500 | AP27: =F27+L27+R27+X27+AD27+AJ27 -> 397500 | AQ27: =G27+M27+S27+Y27+AE27+AK27 -> 397500 | AR27: =H27+N27+T27+Z27+AF27+AL27 -> 397500 | AS27: =SUM(AN27:AR27) -> 1987500
A28: CONSULTANTS | B28: CONSULTANT NAME
B29: =Consultants!B8 -> Example | D29: =Consultants!J8 -> 14000 | E29: =Consultants!J13 -> 14000 | F29: =Consultants!J18 -> 14000 | G29: =Consultants!J23 -> 14000 | H29: =Consultants!J28 -> 14000 | I29: =SUM(D29:H29) -> 70000 | J29: =Consultants!P8 -> 14000 | K29: =Consultants!P13 -> 14000 | L29: =Consultants!P18 -> 14000 | M29: =Consultants!P23 -> 14000 | N29: =Consultants!P28 -> 14000 | O29: =SUM(J29:N29) -> 70000 | P29: =Consultants!V8 -> 14000 | Q29: =Consultants!V13 -> 14000 | R29: =Consultants!V18 -> 14000 | S29: =Consultants!V23 -> 14000 | T29: =Consultants!V28 -> 14000 | U29: =SUM(P29:T29) -> 70000 | V29: =Consultants!AB8 -> 14000 | W29: =Consultants!AB13 -> 14000 | X29: =Consultants!AB18 -> 14000 | Y29: =Consultants!AB23 -> 14000 | Z29: =Consultants!AB28 -> 14000 | AA29: =SUM(V29:Z29) -> 70000 | AB29: =Consultants!AH8 -> 14000 | AC29: =Consultants!AH13 -> 14000 | AD29: =Consultants!AH18 -> 14000 | AE29: =Consultants!AH23 -> 14000 | AF29: =Consultants!AH28 -> 14000 | AG29: =SUM(AB29:AF29) -> 70000 | AH29: =Consultants!AN8 -> 14000 | AI29: =Consultants!AN13 -> 14000 | AJ29: =Consultants!AN18 -> 14000 | AK29: =Consultants!AN23 -> 14000 | AL29: =Consultants!AN28 -> 14000 | AM29: =SUM(AH29:AL29) -> 70000 | AN29: =D29+J29+P29+V29+AB29+AH29 -> 84000 | AO29: =E29+K29+Q29+W29+AC29+AI29 -> 84000 | AP29: =F29+L29+R29+X29+AD29+AJ29 -> 84000 | AQ29: =G29+M29+S29+Y29+AE29+AK29 -> 84000 | AR29: =H29+N29+T29+Z29+AF29+AL29 -> 84000 | AS29: =SUM(AN29:AR29) -> 420000
B30: =Consultants!B9 -> 0 | D30: =Consultants!J9 -> 0 | E30: =Consultants!J14 -> 0 | F30: =Consultants!J19 -> 0 | G30: =Consultants!J24 -> 0 | H30: =Consultants!J29 -> 0 | I30: =SUM(D30:H30) -> 0 | J30: =Consultants!P9 -> 0 | K30: =Consultants!P14 -> 0 | L30: =Consultants!P19 -> 0 | M30: =Consultants!P24 -> 0 | N30: =Consultants!P29 -> 0 | O30: =SUM(J30:N30) -> 0 | P30: =Consultants!V9 -> 0 | Q30: =Consultants!V14 -> 0 | R30: =Consultants!V19 -> 0 | S30: =Consultants!V24 -> 0 | T30: =Consultants!V29 -> 0 | U30: =SUM(P30:T30) -> 0 | V30: =Consultants!AB9 -> 0 | W30: =Consultants!AB14 -> 0 | X30: =Consultants!AB19 -> 0 | Y30: =Consultants!AB24 -> 0 | Z30: =Consultants!AB29 -> 0 | AA30: =SUM(V30:Z30) -> 0 | AB30: =Consultants!AH9 -> 0 | AC30: =Consultants!AH14 -> 0 | AD30: =Consultants!AH19 -> 0 | AE30: =Consultants!AH24 -> 0 | AF30: =Consultants!AH29 -> 0 | AG30: =SUM(AB30:AF30) -> 0 | AH30: =Consultants!AN9 -> 0 | AI30: =Consultants!AN14 -> 0 | AJ30: =Consultants!AN19 -> 0 | AK30: =Consultants!AN24 -> 0 | AL30: =Consultants!AN29 -> 0 | AM30: =SUM(AH30:AL30) -> 0 | AN30: =D30+J30+P30+V30+AB30+AH30 -> 0 | AO30: =E30+K30+Q30+W30+AC30+AI30 -> 0 | AP30: =F30+L30+R30+X30+AD30+AJ30 -> 0 | AQ30: =G30+M30+S30+Y30+AE30+AK30 -> 0 | AR30: =H30+N30+T30+Z30+AF30+AL30 -> 0 | AS30: =SUM(AN30:AR30) -> 0
B31: =Consultants!B10 -> 0 | D31: =Consultants!J10 -> 0 | E31: =Consultants!J15 -> 0 | F31: =Consultants!J20 -> 0 | G31: =Consultants!J25 -> 0 | H31: =Consultants!J30 -> 0 | I31: =SUM(D31:H31) -> 0 | J31: =Consultants!P10 -> 0 | K31: =Consultants!P15 -> 0 | L31: =Consultants!P20 -> 0 | M31: =Consultants!P25 -> 0 | N31: =Consultants!P30 -> 0 | O31: =SUM(J31:N31) -> 0 | P31: =Consultants!V10 -> 0 | Q31: =Consultants!V15 -> 0 | R31: =Consultants!V20 -> 0 | S31: =Consultants!V25 -> 0 | T31: =Consultants!V30 -> 0 | U31: =SUM(P31:T31) -> 0 | V31: =Consultants!AB10 -> 0 | W31: =Consultants!AB15 -> 0 | X31: =Consultants!AB20 -> 0 | Y31: =Consultants!AB25 -> 0 | Z31: =Consultants!AB30 -> 0 | AA31: =SUM(V31:Z31) -> 0 | AB31: =Consultants!AH10 -> 0 | AC31: =Consultants!AH15 -> 0 | AD31: =Consultants!AH20 -> 0 | AE31: =Consultants!AH25 -> 0 | AF31: =Consultants!AH30 -> 0 | AG31: =SUM(AB31:AF31) -> 0 | AH31: =Consultants!AN10 -> 0 | AI31: =Consultants!AN15 -> 0 | AJ31: =Consultants!AN20 -> 0 | AK31: =Consultants!AN25 -> 0 | AL31: =Consultants!AN30 -> 0 | AM31: =SUM(AH31:AL31) -> 0 | AN31: =D31+J31+P31+V31+AB31+AH31 -> 0 | AO31: =E31+K31+Q31+W31+AC31+AI31 -> 0 | AP31: =F31+L31+R31+X31+AD31+AJ31 -> 0 | AQ31: =G31+M31+S31+Y31+AE31+AK31 -> 0 | AR31: =H31+N31+T31+Z31+AF31+AL31 -> 0 | AS31: =SUM(AN31:AR31) -> 0
B32: =Consultants!B11 -> 0 | D32: =Consultants!J11 -> 0 | E32: =Consultants!J16 -> 0 | F32: =Consultants!J21 -> 0 | G32: =Consultants!J26 -> 0 | H32: =Consultants!J31 -> 0 | I32: =SUM(D32:H32) -> 0 | J32: =Consultants!P11 -> 0 | K32: =Consultants!P16 -> 0 | L32: =Consultants!P21 -> 0 | M32: =Consultants!P26 -> 0 | N32: =Consultants!P31 -> 0 | O32: =SUM(J32:N32) -> 0 | P32: =Consultants!V11 -> 0 | Q32: =Consultants!V16 -> 0 | R32: =Consultants!V21 -> 0 | S32: =Consultants!V26 -> 0 | T32: =Consultants!V31 -> 0 | U32: =SUM(P32:T32) -> 0 | V32: =Consultants!AB11 -> 0 | W32: =Consultants!AB16 -> 0 | X32: =Consultants!AB21 -> 0 | Y32: =Consultants!AB26 -> 0 | Z32: =Consultants!AB31 -> 0 | AA32: =SUM(V32:Z32) -> 0 | AB32: =Consultants!AH11 -> 0 | AC32: =Consultants!AH16 -> 0 | AD32: =Consultants!AH21 -> 0 | AE32: =Consultants!AH26 -> 0 | AF32: =Consultants!AH31 -> 0 | AG32: =SUM(AB32:AF32) -> 0 | AH32: =Consultants!AN11 -> 0 | AI32: =Consultants!AN16 -> 0 | AJ32: =Consultants!AN21 -> 0 | AK32: =Consultants!AN26 -> 0 | AL32: =Consultants!AN31 -> 0 | AM32: =SUM(AH32:AL32) -> 0 | AN32: =D32+J32+P32+V32+AB32+AH32 -> 0 | AO32: =E32+K32+Q32+W32+AC32+AI32 -> 0 | AP32: =F32+L32+R32+X32+AD32+AJ32 -> 0 | AQ32: =G32+M32+S32+Y32+AE32+AK32 -> 0 | AR32: =H32+N32+T32+Z32+AF32+AL32 -> 0 | AS32: =SUM(AN32:AR32) -> 0
A33: TOTAL CONSULTANT COSTS | D33: =SUM(D29:D32) -> 14000 | E33: =SUM(E29:E32) -> 14000 | F33: =SUM(F29:F32) -> 14000 | G33: =SUM(G29:G32) -> 14000 | H33: =SUM(H29:H32) -> 14000 | I33: =SUM(I29:I32) -> 70000 | J33: =SUM(J29:J32) -> 14000 | K33: =SUM(K29:K32) -> 14000 | ... AM33: =SUM(AM29:AM32) -> 70000 | AN33: =D33+J33+P33+V33+AB33+AH33 -> 84000 | AO33: =E33+K33+Q33+W33+AC33+AI33 -> 84000 | AP33: =F33+L33+R33+X33+AD33+AJ33 -> 84000 | AQ33: =G33+M33+S33+Y33+AE33+AK33 -> 84000 | AR33: =H33+N33+T33+Z33+AF33+AL33 -> 84000 | AS33: =SUM(AN33:AR33) -> 420000
A34: OTHER DIRECT COSTS
B35: Materials and Supplies | D35: =Supplies!G13 -> 3000 | E35: =Supplies!G19 -> 3000 | F35: =Supplies!G25 -> 3000 | G35: =Supplies!G31 -> 3000 | H35: =Supplies!G37 -> 3000 | I35: =SUM(D35:H35) -> 15000 | J35: =Supplies!J13 -> 3000 | K35: =Supplies!J19 -> 3000 | L35: =Supplies!J25 -> 3000 | M35: =Supplies!J31 -> 3000 | N35: =Supplies!J37 -> 3000 | O35: =SUM(J35:N35) -> 15000 | P35: =Supplies!M13 -> 3000 | Q35: =Supplies!M19 -> 3000 | R35: =Supplies!M25 -> 3000 | S35: =Supplies!M31 -> 3000 | T35: =Supplies!M37 -> 3000 | U35: =SUM(P35:T35) -> 15000 | V35: =Supplies!P13 -> 3000 | W35: =Supplies!P19 -> 3000 | X35: =Supplies!P25 -> 3000 | Y35: =Supplies!P31 -> 3000 | Z35: =Supplies!P37 -> 3000 | AA35: =SUM(V35:Z35) -> 15000 | AB35: =Supplies!S13 -> 3000 | AC35: =Supplies!S19 -> 3000 | AD35: =Supplies!S25 -> 3000 | AE35: =Supplies!S31 -> 3000 | AF35: =Supplies!V37 -> 3000 | AG35: =SUM(AB35:AF35) -> 15000 | AH35: =Supplies!V13 -> 3000 | AI35: =Supplies!V19 -> 3000 | AJ35: =Supplies!V25 -> 3000 | AK35: =Supplies!V31 -> 3000 | AL35: =Supplies!V37 -> 3000 | AM35: =SUM(AH35:AL35) -> 15000 | AN35: =D35+J35+P35+V35+AB35+AH35 -> 18000 | AO35: =E35+K35+Q35+W35+AC35+AI35 -> 18000 | AP35: =F35+L35+R35+X35+AD35+AJ35 -> 18000 | AQ35: =G35+M35+S35+Y35+AE35+AK35 -> 18000 | AR35: =H35+N35+T35+Z35+AF35+AL35 -> 18000 | AS35: =SUM(AN35:AR35) -> 90000
B36: Equipment | D36: =Equipment!G13 -> 6500 | E36: =Equipment!G19 -> 0 | F36: =Equipment!G25 -> 0 | G36: =Equipment!G31 -> 0 | H36: =Equipment!G37 -> 0 | I36: =SUM(D36:H36) -> 6500 | J36: =Equipment!J13 -> 6500 | K36: =Equipment!J19 -> 0 | L36: =Equipment!J25 -> 0 | M36: =Equipment!J31 -> 0 | N36: =Equipment!J37 -> 0 | O36: =SUM(J36:N36) -> 6500 | P36: =Equipment!M13 -> 6500 | Q36: =Equipment!M19 -> 0 | R36: =Equipment!M25 -> 0 | S36: =Equipment!M31 -> 0 | T36: =Equipment!M37 -> 0 | U36: =SUM(P36:T36) -> 6500 | V36: =Equipment!P13 -> 6500 | W36: =Equipment!P19 -> 0 | X36: =Equipment!P25 -> 0 | Y36: =Equipment!P31 -> 0 | Z36: =Equipment!P37 -> 0 | AA36: =SUM(V36:Z36) -> 6500 | AB36: =Equipment!S13 -> 6500 | AC36: =Equipment!S19 -> 0 | AD36: =Equipment!S25 -> 0 | AE36: =Equipment!S31 -> 0 | AF36: =Equipment!S37 -> 0 | AG36: =SUM(AB36:AF36) -> 6500 | AH36: =Equipment!V13 -> 6500 | AI36: =Equipment!V19 -> 0 | AJ36: =Equipment!V25 -> 0 | AK36: =Equipment!V31 -> 0 | AL36: =Equipment!V37 -> 0 | AM36: =SUM(AH36:AL36) -> 6500 | AN36: =D36+J36+P36+V36+AB36+AH36 -> 39000 | AO36: =E36+K36+Q36+W36+AC36+AI36 -> 0 | AP36: =F36+L36+R36+X36+AD36+AJ36 -> 0 | AQ36: =G36+M36+S36+Y36+AE36+AK36 -> 0 | AR36: =H36+N36+T36+Z36+AF36+AL36 -> 0 | AS36: =SUM(AN36:AR36) -> 39000
B37: Travel | D37: =Travel!AD10 -> 4350 | E37: =Travel!AD13 -> 0 | F37: =Travel!AD16 -> 0 | G37: =Travel!AD19 -> 0 | H37: =Travel!AD22 -> 0 | I37: =SUM(D37:H37) -> 4350 | J37: =Travel!AD26 -> 4350 | K37: =Travel!AD29 -> 0 | L37: =Travel!AD32 -> 0 | M37: =Travel!AD35 -> 0 | N37: =Travel!AD38 -> 0 | O37: =SUM(J37:N37) -> 4350 | P37: =Travel!AD42 -> 4350 | Q37: =Travel!AD45 -> 0 | R37: =Travel!AD48 -> 0 | S37: =Travel!AD51 -> 0 | T37: =Travel!AD54 -> 0 | U37: =SUM(P37:T37) -> 4350 | V37: =Travel!AD58 -> 4350 | W37: =Travel!AD61 -> 0 | X37: =Travel!AD64 -> 0 | Y37: =Travel!AD67 -> 0 | Z37: =Travel!AD70 -> 0 | AA37: =SUM(V37:Z37) -> 4350 | AB37: =Travel!AD74 -> 4350 | AC37: =Travel!AD77 -> 0 | AD37: =Travel!AD80 -> 0 | AE37: =Travel!AD83 -> 0 | AF37: =Travel!AD86 -> 0 | AG37: =SUM(AB37:AF37) -> 4350 | AH37: =Travel!AD90 -> 4350 | AI37: =Travel!AD93 -> 0 | AJ37: =Travel!AD96 -> 0 | AK37: =Travel!AD99 -> 0 | AL37: =Travel!AD102 -> 0 | AM37: =SUM(AH37:AL37) -> 4350 | AN37: =D37+J37+P37+V37+AB37+AH37 -> 26100 | AO37: =E37+K37+Q37+W37+AC37+AI37 -> 0 | AP37: =F37+L37+R37+X37+AD37+AJ37 -> 0 | AQ37: =G37+M37+S37+Y37+AE37+AK37 -> 0 | AR37: =H37+N37+T37+Z37+AF37+AL37 -> 0 | AS37: =SUM(AN37:AR37) -> 26100
B38: =CONCATENATE("List ODC: ", ODC!B8) -> List ODC: Example. GSR Tuition | D38: =ODC!G8 -> 75000 | E38: =ODC!G13 -> 0 | F38: =ODC!G18 -> 0 | G38: =ODC!G23 -> 0 | H38: =ODC!G28 -> 0 | I38: =SUM(D38:H38) -> 75000 | J38: =ODC!J8 -> 75000 | K38: =ODC!J13 -> 0 | L38: =ODC!J18 -> 0 | M38: =ODC!J23 -> 0 | N38: =ODC!J28 -> 0 | O38: =SUM(J38:N38) -> 75000 | P38: =ODC!M8 -> 75000 | Q38: =ODC!M13 -> 0 | R38: =ODC!M18 -> 0 | S38: =ODC!M23 -> 0 | T38: =ODC!M28 -> 0 | U38: =SUM(P38:T38) -> 75000 | V38: =ODC!P8 -> 75000 | W38: =ODC!P13 -> 0 | X38: =ODC!P18 -> 0 | Y38: =ODC!P23 -> 0 | Z38: =ODC!P28 -> 0 | AA38: =SUM(V38:Z38) -> 75000 | AB38: =ODC!S8 -> 75000 | AC38: =ODC!S13 -> 0 | AD38: =ODC!S18 -> 0 | AE38: =ODC!S23 -> 0 | AF38: =ODC!S28 -> 0 | AG38: =SUM(AB38:AF38) -> 75000 | AH38: =ODC!V8 -> 75000 | AI38: =ODC!V13 -> 0 | AJ38: =ODC!V18 -> 0 | AK38: =ODC!V23 -> 0 | AL38: =ODC!V28 -> 0 | AM38: =SUM(AH38:AL38) -> 75000 | AN38: =D38+J38+P38+V38+AB38+AH38 -> 450000 | AO38: =E38+K38+Q38+W38+AC38+AI38 -> 0 | AP38: =F38+L38+R38+X38+AD38+AJ38 -> 0 | AQ38: =G38+M38+S38+Y38+AE38+AK38 -> 0 | AR38: =H38+N38+T38+Z38+AF38+AL38 -> 0 | AS38: =SUM(AN38:AR38) -> 450000
B39: =CONCATENATE("List ODC: ", ODC!B9) -> List ODC: Flow cytometry core | D39: =ODC!G9 -> 12000 | E39: =ODC!G14 -> 0 | F39: =ODC!G19 -> 0 | G39: =ODC!G24 -> 0 | H39: =ODC!G29 -> 0 | I39: =SUM(D39:H39) -> 12000 | J39: =ODC!J9 -> 12000 | K39: =ODC!J14 -> 0 | L39: =ODC!J19 -> 0 | M39: =ODC!J24 -> 0 | N39: =ODC!J29 -> 0 | O39: =SUM(J39:N39) -> 12000 | P39: =ODC!M9 -> 12000 | Q39: =ODC!M14 -> 0 | R39: =ODC!M19 -> 0 | S39: =ODC!M24 -> 0 | T39: =ODC!M29 -> 0 | U39: =SUM(P39:T39) -> 12000 | V39: =ODC!P9 -> 12000 | W39: =ODC!P14 -> 0 | X39: =ODC!P19 -> 0 | Y39: =ODC!P24 -> 0 | Z39: =ODC!P29 -> 0 | AA39: =SUM(V39:Z39) -> 12000 | AB39: =ODC!S9 -> 12000 | AC39: =ODC!S14 -> 0 | AD39: =ODC!S19 -> 0 | AE39: =ODC!S24 -> 0 | AF39: =ODC!S29 -> 0 | AG39: =SUM(AB39:AF39) -> 12000 | AH39: =ODC!V9 -> 12000 | AI39: =ODC!V14 -> 0 | AJ39: =ODC!V19 -> 0 | AK39: =ODC!V24 -> 0 | AL39: =ODC!V29 -> 0 | AM39: =SUM(AH39:AL39) -> 12000 | AN39: =D39+J39+P39+V39+AB39+AH39 -> 72000 | AO39: =E39+K39+Q39+W39+AC39+AI39 -> 0 | AP39: =F39+L39+R39+X39+AD39+AJ39 -> 0 | AQ39: =G39+M39+S39+Y39+AE39+AK39 -> 0 | AR39: =H39+N39+T39+Z39+AF39+AL39 -> 0 | AS39: =SUM(AN39:AR39) -> 72000
B40: =CONCATENATE("List ODC: ", ODC!B10) -> List ODC: | D40: =ODC!G10 -> 0 | E40: =ODC!G15 -> 0 | F40: =ODC!G20 -> 0 | G40: =ODC!G25 -> 0 | H40: =ODC!G30 -> 0 | I40: =SUM(D40:H40) -> 0 | J40: =ODC!J10 -> 0 | K40: =ODC!J15 -> 0 | L40: =ODC!J20 -> 0 | M40: =ODC!J25 -> 0 | N40: =ODC!J30 -> 0 | O40: =SUM(J40:N40) -> 0 | P40: =ODC!M10 -> 0 | Q40: =ODC!M15 -> 0 | R40: =ODC!M20 -> 0 | S40: =ODC!M25 -> 0 | T40: =ODC!M30 -> 0 | U40: =SUM(P40:T40) -> 0 | V40: =ODC!P10 -> 0 | W40: =ODC!P15 -> 0 | X40: =ODC!P20 -> 0 | Y40: =ODC!P25 -> 0 | Z40: =ODC!P30 -> 0 | AA40: =SUM(V40:Z40) -> 0 | AB40: =ODC!S10 -> 0 | AC40: =ODC!S15 -> 0 | AD40: =ODC!S20 -> 0 | AE40: =ODC!S25 -> 0 | AF40: =ODC!S30 -> 0 | AG40: =SUM(AB40:AF40) -> 0 | AH40: =ODC!V10 -> 0 | AI40: =ODC!V15 -> 0 | AJ40: =ODC!V20 -> 0 | AK40: =ODC!V25 -> 0 | AL40: =ODC!V30 -> 0 | AM40: =SUM(AH40:AL40) -> 0 | AN40: =D40+J40+P40+V40+AB40+AH40 -> 0 | AO40: =E40+K40+Q40+W40+AC40+AI40 -> 0 | AP40: =F40+L40+R40+X40+AD40+AJ40 -> 0 | AQ40: =G40+M40+S40+Y40+AE40+AK40 -> 0 | AR40: =H40+N40+T40+Z40+AF40+AL40 -> 0 | AS40: =SUM(AN40:AR40) -> 0
B41: =CONCATENATE("List ODC: ", ODC!B11) -> List ODC: | D41: =ODC!G11 -> 0 | E41: =ODC!G16 -> 0 | F41: =ODC!G21 -> 0 | G41: =ODC!G26 -> 0 | H41: =ODC!G31 -> 0 | I41: =SUM(D41:H41) -> 0 | J41: =ODC!J11 -> 0 | K41: =ODC!J16 -> 0 | L41: =ODC!J21 -> 0 | M41: =ODC!J26 -> 0 | N41: =ODC!J31 -> 0 | O41: =SUM(J41:N41) -> 0 | P41: =ODC!M11 -> 0 | Q41: =ODC!M16 -> 0 | R41: =ODC!M21 -> 0 | S41: =ODC!M26 -> 0 | T41: =ODC!M31 -> 0 | U41: =SUM(P41:T41) -> 0 | V41: =ODC!P11 -> 0 | W41: =ODC!P16 -> 0 | X41: =ODC!P21 -> 0 | Y41: =ODC!P26 -> 0 | Z41: =ODC!P31 -> 0 | AA41: =SUM(V41:Z41) -> 0 | AB41: =ODC!S11 -> 0 | AC41: =ODC!S16 -> 0 | AD41: =ODC!S21 -> 0 | AE41: =ODC!S26 -> 0 | AF41: =ODC!S31 -> 0 | AG41: =SUM(AB41:AF41) -> 0 | AH41: =ODC!V11 -> 0 | AI41: =ODC!V16 -> 0 | AJ41: =ODC!V21 -> 0 | AK41: =ODC!V26 -> 0 | AL41: =ODC!V31 -> 0 | AM41: =SUM(AH41:AL41) -> 0 | AN41: =D41+J41+P41+V41+AB41+AH41 -> 0 | AO41: =E41+K41+Q41+W41+AC41+AI41 -> 0 | AP41: =F41+L41+R41+X41+AD41+AJ41 -> 0 | AQ41: =G41+M41+S41+Y41+AE41+AK41 -> 0 | AR41: =H41+N41+T41+Z41+AF41+AL41 -> 0 | AS41: =SUM(AN41:AR41) -> 0
A42: TOTAL OTHER DIRECT COSTS | D42: =SUM(D35:D41) -> 100850 | E42: =SUM(E35:E41) -> 3000 | F42: =SUM(F35:F41) -> 3000 | G42: =SUM(G35:G41) -> 3000 | H42: =SUM(H35:H41) -> 3000 | I42: =SUM(I35:I41) -> 112850 | J42: =SUM(J35:J41) -> 100850 | K42: =SUM(K35:K41) -> 3000 | ... AM42: =SUM(AM35:AM41) -> 112850 | AN42: =D42+J42+P42+V42+AB42+AH42 -> 605100 | AO42: =E42+K42+Q42+W42+AC42+AI42 -> 18000 | AP42: =F42+L42+R42+X42+AD42+AJ42 -> 18000 | AQ42: =G42+M42+S42+Y42+AE42+AK42 -> 18000 | AR42: =H42+N42+T42+Z42+AF42+AL42 -> 18000 | AS42: =SUM(AN42:AR42) -> 677100
A43: TOTAL DIRECT COSTS | D43: =D22+D27+D33+D42 -> 255948 | E43: =E22+E27+E33+E42 -> 158098 | F43: =F22+F27+F33+F42 -> 158098 | G43: =G22+G27+G33+G42 -> 158098 | H43: =H22+H27+H33+H42 -> 158098 | I43: =I22+I27+I33+I42 -> 888340 | J43: =J22+J27+J33+J42 -> 180198 | K43: =K22+K27+K33+K42 -> 82348 | ... AM43: =AM22+AM27+AM33+AM42 -> 616280 | AN43: =D43+J43+P43+V43+AB43+AH43 -> 1216104 | AO43: =E43+K43+Q43+W43+AC43+AI43 -> 629004 | AP43: =F43+L43+R43+X43+AD43+AJ43 -> 629004 | AQ43: =G43+M43+S43+Y43+AE43+AK43 -> 629004 | AR43: =H43+N43+T43+Z43+AF43+AL43 -> 629004 | AS43: =SUM(AN43:AR43) -> 3732120
A44: INDIRECT COSTS BASE* | D44: =D43-D38-D36-D27+(25000*3) -> 127948 | E44: =E43-E38-E36-E27 -> 36598 | F44: =F43-F38-F36-F27 -> 36598 | G44: =G43-G38-G36-G27 -> 36598 | H44: =H43-H38-H36-H27 -> 36598 | I44: =SUM(D44:H44) -> 274340 | J44: =J43-J38-J36-J27 -> 53698 | K44: =K43-K38-K36-K27 -> 37348 | L44: =L43-L38-L36-L27 -> 37348 | M44: =M43-M38-M36-M27 -> 37348 | N44: =N43-N38-N36-N27 -> 37348 | O44: =SUM(J44:N44) -> 203090 | P44: =P43-P38-P36-P27 -> 54479 | Q44: =Q43-Q38-Q36-Q27 -> 38129 | R44: =R43-R38-R36-R27 -> 38129 | S44: =S43-S38-S36-S27 -> 38129 | T44: =T43-T38-T36-T27 -> 38129 | U44: =SUM(P44:T44) -> 206995 | V44: =V43-V38-V36-V27 -> 55295 | W44: =W43-W38-W36-W27 -> 38945 | X44: =X43-X38-X36-X27 -> 38945 | Y44: =Y43-Y38-Y36-Y27 -> 38945 | Z44: =Z43-Z38-Z36-Z27 -> 38945 | AA44: =SUM(V44:Z44) -> 211075 | AB44: =AB43-AB38-AB36-AB27 -> 56148 | AC44: =AC43-AC38-AC36-AC27 -> 39798 | AD44: =AD43-AD38-AD36-AD27 -> 39798 | AE44: =AE43-AE38-AE36-AE27 -> 39798 | AF44: =AF43-AF38-AF36-AF27 -> 39798 | AG44: =SUM(AB44:AF44) -> 215340 | AH44: =AH43-AH38-AH36-AH27 -> 57036 | AI44: =AI43-AI38-AI36-AI27 -> 40686 | AJ44: =AJ43-AJ38-AJ36-AJ27 -> 40686 | AK44: =AK43-AK38-AK36-AK27 -> 40686 | AL44: =AL43-AL38-AL36-AL27 -> 40686 | AM44: =SUM(AH44:AL44) -> 219780 | AN44: =D44+J44+P44+V44+AB44+AH44 -> 404604 | AO44: =E44+K44+Q44+W44+AC44+AI44 -> 231504 | AP44: =F44+L44+R44+X44+AD44+AJ44 -> 231504 | AQ44: =G44+M44+S44+Y44+AE44+AK44 -> 231504 | AR44: =H44+N44+T44+Z44+AF44+AL44 -> 231504 | AS44: =SUM(AN44:AR44) -> 1330620
A45: INDIRECT COSTS | C45: 0.599 | D45: =ROUND(D44*$C$45,0) -> 76641 | E45: =ROUND(E44*$C$45,0) -> 21922 | F45: =ROUND(F44*$C$45,0) -> 21922 | G45: =ROUND(G44*$C$45,0) -> 21922 | H45: =ROUND(H44*$C$45,0) -> 21922 | I45: =SUM(D45:H45) -> 164329 | J45: =ROUND(J44*$C$45,0) -> 32165 | K45: =ROUND(K44*$C$45,0) -> 22371 | L45: =ROUND(L44*$C$45,0) -> 22371 | M45: =ROUND(M44*$C$45,0) -> 22371 | N45: =ROUND(N44*$C$45,0) -> 22371 | O45: =SUM(J45:N45) -> 121649 | P45: =ROUND(P44*$C$45,0) -> 32633 | Q45: =ROUND(Q44*$C$45,0) -> 22839 | R45: =ROUND(R44*$C$45,0) -> 22839 | S45: =ROUND(S44*$C$45,0) -> 22839 | T45: =ROUND(T44*$C$45,0) -> 22839 | U45: =SUM(P45:T45) -> 123989 | V45: =ROUND(V44*$C$45,0) -> 33122 | W45: =ROUND(W44*$C$45,0) -> 23328 | X45: =ROUND(X44*$C$45,0) -> 23328 | Y45: =ROUND(Y44*$C$45,0) -> 23328 | Z45: =ROUND(Z44*$C$45,0) -> 23328 | AA45: =SUM(V45:Z45) -> 126434 | AB45: =ROUND(AB44*$C$45,0) -> 33633 | AC45: =ROUND(AC44*$C$45,0) -> 23839 | AD45: =ROUND(AD44*$C$45,0) -> 23839 | AE45: =ROUND(AE44*$C$45,0) -> 23839 | AF45: =ROUND(AF44*$C$45,0) -> 23839 | AG45: =SUM(AB45:AF45) -> 128989 | AH45: =ROUND(AH44*$C$45,0) -> 34165 | AI45: =ROUND(AI44*$C$45,0) -> 24371 | AJ45: =ROUND(AJ44*$C$45,0) -> 24371 | AK45: =ROUND(AK44*$C$45,0) -> 24371 | AL45: =ROUND(AL44*$C$45,0) -> 24371 | AM45: =SUM(AH45:AL45) -> 131649 | AN45: =D45+J45+P45+V45+AB45+AH45 -> 242359 | AO45: =E45+K45+Q45+W45+AC45+AI45 -> 138670 | AP45: =F45+L45+R45+X45+AD45+AJ45 -> 138670 | AQ45: =G45+M45+S45+Y45+AE45+AK45 -> 138670 | AR45: =H45+N45+T45+Z45+AF45+AL45 -> 138670 | AS45: =SUM(AN45:AR45) -> 797039
A46: TOTAL COSTS | D46: =D43+D45 -> 332589 | E46: =E43+E45 -> 180020 | F46: =F43+F45 -> 180020 | G46: =G43+G45 -> 180020 | H46: =H43+H45 -> 180020 | I46: =SUM(D46:H46) -> 1052669 | J46: =J43+J45 -> 212363 | K46: =K43+K45 -> 104719 | L46: =L43+L45 -> 104719 | M46: =M43+M45 -> 104719 | N46: =N43+N45 -> 104719 | O46: =SUM(J46:N46) -> 631239 | P46: =P43+P45 -> 219612 | Q46: =Q43+Q45 -> 111968 | R46: =R43+R45 -> 111968 | S46: =S43+S45 -> 111968 | T46: =T43+T45 -> 111968 | U46: =SUM(P46:T46) -> 667484 | V46: =V43+V45 -> 226917 | W46: =W43+W45 -> 119273 | X46: =X43+X45 -> 119273 | Y46: =Y43+Y45 -> 119273 | Z46: =Z43+Z45 -> 119273 | AA46: =SUM(V46:Z46) -> 704009 | AB46: =AB43+AB45 -> 231281 | AC46: =AC43+AC45 -> 123637 | AD46: =AD43+AD45 -> 123637 | AE46: =AE43+AE45 -> 123637 | AF46: =AF43+AF45 -> 123637 | AG46: =SUM(AB46:AF46) -> 725829 | AH46: =AH43+AH45 -> 235701 | AI46: =AI43+AI45 -> 128057 | AJ46: =AJ43+AJ45 -> 128057 | AK46: =AK43+AK45 -> 128057 | AL46: =AL43+AL45 -> 128057 | AM46: =SUM(AH46:AL46) -> 747929 | AN46: =AN43+AN45 -> 1458463 | AO46: =AO43+AO45 -> 767674 | AP46: =AP43+AP45 -> 767674 | AQ46: =AQ43+AQ45 -> 767674 | AR46: =AR43+AR45 -> 767674 | AS46: =SUM(AN46:AR46) -> 4529159
AS47: =Personnel!BL68+Subcontracts!J60+Consultants!AQ33+Supplies!Y38+Equipment!Y38+Travel!AF104+ODC!Y33 -> 4529159
A49: Note:
A50: If your institution F&A calculation is not based on MTDC, you MUST adjust the IDC calcuation formulas on each tab.
A51: *Manual adjustment base on your IDC base. If MTDC, add subk first 25K for each subcontract.

Sheet Personnel
A1: SUMMARY OF PROPOSED COSTS | G1: Instructions:
A2: UNIVERSITY OF | G2: 1. This is the default format to submit for Volume I Basis of Estimate
A3: PI: | G3: 2. Any supporting documents provided with Volume I BOE submission will be included with Volume I application.
A4: PROJECT PERIOD: | G4: 3. Remove empty rows and copy paste the table below to the Volume I BOE document (can be done in segments)
A6: LABOR BUDGET | D6: * | F6: YEAR 1 | O6: YEAR 2 | X6: YEAR 3 | AG6: YEAR 4 | AP6: YEAR 5 | AY6: YEAR 6 | BH6: TOTAL
A7: Technical Areas | B7: Personnel | C7: Role | D7: Effort | E7: Fulltime Salary Rate | F7: Labor Hours | G7: Hourly Labor Rate | H7: Direct Labor Cost | I7: Fringe Benefits Rate | J7: Fringe Benefit Cost | K7: Total Labor Cost | L7: F&A on Labor Costs | M7: Burdened Labor Costs | O7: Labor Hours | P7: Hourly Labor Rate | Q7: Direct Labor Cost | R7: Fringe Benefits Rate | S7: Fringe Benefit Cost | T7: Total Labor Cost | U7: F&A | V7: Burdened Labor Costs | X7: Labor Hours | Y7: Hourly Labor Rate | Z7: Direct Labor Cost | AA7: Fringe Benefits Rate | AB7: Fringe Benefit Cost | AC7: Total Labor Cost | AD7: F&A | AE7: Burdened Labor Costs | AG7: Labor Hours | AH7: Hourly Labor Rate | AI7: Direct Labor Cost | AJ7: Fringe Benefits Rate | AK7: Fringe Benefit Cost | AL7: Total Labor Cost | AM7: F&A | AN7: Burdened Labor Costs | AP7: Labor Hours | AQ7: Hourly Labor Rate | AR7: Direct Labor Cost | AS7: Fringe Benefits Rate | AT7: Fringe Benefit Cost | AU7: Total Labor Cost | AV7: F&A | AW7: Burdened Labor Costs | AY7: Labor Hours | AZ7: Hourly Labor Rate | BA7: Direct Labor Cost | BB7: Fringe Benefits Rate | BC7: Fringe Benefit Cost | BD7: Total Labor Cost | BE7: F&A | BF7: Burdened Labor Costs | BH7: Total Direct Labor | BI7: Total Fringe Benefits | BJ7: Total Labor Cost | BK7: F&A | BL7: Burdened Labor Costs
A8: TA1 | B8: John Doe | C8: Principal Investigator | D8: 0.05 | E8: 212100 | F8: =2080*D8 -> 104 | G8: =E8/2080 -> 101.97115 | H8: =ROUND(F8*G8,0) -> 10605 | I8: 0.3652 | J8: =ROUND(H8*I8,0) -> 3873 | K8: =H8+J8 -> 14478 | L8: =ROUND(K8*$C$81,0) -> 8672 | M8: =K8+L8 -> 23150 | O8: =F8 -> 104 | P8: =G8*(1+$C$75) -> 105.03029 | Q8: =ROUND(O8*P8,0) -> 10923 | R8: =I8*(1+$C$75) -> 0.376156 | S8: =ROUND(Q8*R8,0) -> 4109 | T8: =Q8+S8 -> 15032 | U8: =ROUND(T8*$C$81,0) -> 9004 | V8: =T8+U8 -> 24036 | X8: =O8 -> 104 | Y8: =P8*(1+$C$75) -> 108.1812 | Z8: =ROUND(X8*Y8,0) -> 11251 | AA8: =R8*(1+$C$75) -> 0.38744068 | AB8: =ROUND(Z8*AA8,0) -> 4359 | AC8: =Z8+AB8 -> 15610 | AD8: =ROUND(AC8*$C$81,0) -> 9350 | AE8: =AC8+AD8 -> 24960 | AG8: =X8 -> 104 | AH8: =Y8*(1+$C$75) -> 111.42663 | AI8: =ROUND(AG8*AH8,0) -> 11588 | AJ8: =AA8*(1+$C$75) -> 0.3990639 | AK8: =ROUND(AI8*AJ8,0) -> 4624 | AL8: =AI8+AK8 -> 16212 | AM8: =ROUND(AL8*$C$81,0) -> 9711 | AN8: =AL8+AM8 -> 25923 | AP8: =AG8 -> 104 | AQ8: =AH8*(1+$C$75) -> 114.76943 | AR8: =ROUND(AP8*AQ8,0) -> 11936 | AS8: =AJ8*(1+$C$75) -> 0.41103582 | AT8: =ROUND(AR8*AS8,0) -> 4906 | AU8: =AR8+AT8 -> 16842 | AV8: =ROUND(AU8*$C$81,0) -> 10088 | AW8: =AU8+AV8 -> 26930 | AY8: =AP8 -> 104 | AZ8: =AQ8*(1+$C$75) -> 118.21251 | BA8: =ROUND(AY8*AZ8,0) -> 12294 | BB8: =AS8*(1+$C$75) -> 0.42336689 | BC8: =ROUND(BA8*BB8,0) -> 5205 | BD8: =BA8+BC8 -> 17499 | BE8: =ROUND(BD8*$C$81,0) -> 10482 | BF8: =BD8+BE8 -> 27981 | BH8: =H8+Q8+Z8+AI8+AR8+BA8 -> 68597 | BI8: =J8+S8+AB8+AK8+AT8+BC8 -> 27076 | BJ8: =K8+T8+AC8+AL8+AU8+BD8 -> 95673 | BK8: =L8+U8+AD8+AM8+AV8+BE8 -> 57307 | BL8: =M8+V8+AE8+AN8+AW8+BF8 -> 152980
B9: Jane Doe | C9: Co-Investigator | D9: 0.025 | E9: 150000 | F9: =2080*D9 -> 52 | G9: =E9/2080 -> 72.115385 | H9: =ROUND(F9*G9,0) -> 3750 | I9: 0.3652 | J9: =ROUND(H9*I9,0) -> 1370 | K9: =H9+J9 -> 5120 | L9: =ROUND(K9*$C$81,0) -> 3067 | M9: =K9+L9 -> 8187 | O9: =F9 -> 52 | P9: =G9*(1+$C$75) -> 74.278846 | Q9: =ROUND(O9*P9,0) -> 3863 | R9: =I9*(1+$C$75) -> 0.376156 | S9: =ROUND(Q9*R9,0) -> 1453 | T9: =Q9+S9 -> 5316 | U9: =ROUND(T9*$C$81,0) -> 3184 | V9: =T9+U9 -> 8500 | X9: =O9 -> 52 | Y9: =P9*(1+$C$75) -> 76.507212 | Z9: =ROUND(X9*Y9,0) -> 3978 | AA9: =R9*(1+$C$75) -> 0.38744068 | AB9: =ROUND(Z9*AA9,0) -> 1541 | AC9: =Z9+AB9 -> 5519 | AD9: =ROUND(AC9*$C$81,0) -> 3306 | AE9: =AC9+AD9 -> 8825 | AG9: =X9 -> 52 | AH9: =Y9*(1+$C$75) -> 78.802428 | AI9: =ROUND(AG9*AH9,0) -> 4098 | AJ9: =AA9*(1+$C$75) -> 0.3990639 | AK9: =ROUND(AI9*AJ9,0) -> 1635 | AL9: =AI9+AK9 -> 5733 | AM9: =ROUND(AL9*$C$81,0) -> 3434 | AN9: =AL9+AM9 -> 9167 | AP9: =AG9 -> 52 | AQ9: =AH9*(1+$C$75) -> 81.166501 | AR9: =ROUND(AP9*AQ9,0) -> 4221 | AS9: =AJ9*(1+$C$75) -> 0.41103582 | AT9: =ROUND(AR9*AS9,0) -> 1735 | AU9: =AR9+AT9 -> 5956 | AV9: =ROUND(AU9*$C$81,0) -> 3568 | AW9: =AU9+AV9 -> 9524 | AY9: =AP9 -> 52 | AZ9: =AQ9*(1+$C$75) -> 83.601496 | BA9: =ROUND(AY9*AZ9,0) -> 4347 | BB9: =AS9*(1+$C$75) -> 0.42336689 | BC9: =ROUND(BA9*BB9,0) -> 1840 | BD9: =BA9+BC9 -> 6187 | BE9: =ROUND(BD9*$C$81,0) -> 3706 | BF9: =BD9+BE9 -> 9893 | BH9: =H9+Q9+Z9+AI9+AR9+BA9 -> 24257 | BI9: =J9+S9+AB9+AK9+AT9+BC9 -> 9574 | BJ9: =K9+T9+AC9+AL9+AU9+BD9 -> 33831 | BK9: =L9+U9+AD9+AM9+AV9+BE9 -> 20265 | BL9: =M9+V9+AE9+AN9+AW9+BF9 -> 54096
F10: =2080*D10 -> 0 | G10: =E10/2080 -> 0 | H10: =ROUND(F10*G10,0) -> 0 | I10: 0.3652 | J10: =ROUND(H10*I10,0) -> 0 | K10: =H10+J10 -> 0 | L10: =ROUND(K10*$C$81,0) -> 0 | M10: =K10+L10 -> 0 | O10: =F10 -> 0 | P10: =G10*(1+$C$75) -> 0 | Q10: =ROUND(O10*P10,0) -> 0 | R10: =I10*(1+$C$75) -> 0.376156 | S10: =ROUND(Q10*R10,0) -> 0 | T10: =Q10+S10 -> 0 | U10: =ROUND(T10*$C$81,0) -> 0 | V10: =T10+U10 -> 0 | X10: =O10 -> 0 | Y10: =P10*(1+$C$75) -> 0 | Z10: =ROUND(X10*Y10,0) -> 0 | AA10: =R10*(1+$C$75) -> 0.38744068 | AB10: =ROUND(Z10*AA10,0) -> 0 | AC10: =Z10+AB10 -> 0 | AD10: =ROUND(AC10*$C$81,0) -> 0 | AE10: =AC10+AD10 -> 0 | AG10: =X10 -> 0 | AH10: =Y10*(1+$C$75) -> 0 | AI10: =ROUND(AG10*AH10,0) -> 0 | AJ10: =AA10*(1+$C$75) -> 0.3990639 | AK10: =ROUND(AI10*AJ10,0) -> 0 | AL10: =AI10+AK10 -> 0 | AM10: =ROUND(AL10*$C$81,0) -> 0 | AN10: =AL10+AM10 -> 0 | AP10: =AG10 -> 0 | AQ10: =AH10*(1+$C$75) -> 0 | AR10: =ROUND(AP10*AQ10,0) -> 0 | AS10: =AJ10*(1+$C$75) -> 0.41103582 | AT10: =ROUND(AR10*AS10,0) -> 0 | AU10: =AR10+AT10 -> 0 | AV10: =ROUND(AU10*$C$81,0) -> 0 | AW10: =AU10+AV10 -> 0 | AY10: =AP10 -> 0 | AZ10: =AQ10*(1+$C$75) -> 0 | BA10: =ROUND(AY10*AZ10,0) -> 0 | BB10: =AS10*(1+$C$75) -> 0.42336689 | BC10: =ROUND(BA10*BB10,0) -> 0 | BD10: =BA10+BC10 -> 0 | BE10: =ROUND(BD10*$C$81,0) -> 0 | BF10: =BD10+BE10 -> 0 | BH10: =H10+Q10+Z10+AI10+AR10+BA10 -> 0 | BI10: =J10+S10+AB10+AK10+AT10+BC10 -> 0 | BJ10: =K10+T10+AC10+AL10+AU10+BD10 -> 0 | BK10: =L10+U10+AD10+AM10+AV10+BE10 -> 0 | BL10: =M10+V10+AE10+AN10+AW10+BF10 -> 0
F11: =2080*D11 -> 0 | G11: =E11/2080 -> 0 | H11: =ROUND(F11*G11,0) -> 0 | I11: 0.3652 | J11: =ROUND(H11*I11,0) -> 0 | K11: =H11+J11 -> 0 | L11: =ROUND(K11*$C$81,0) -> 0 | M11: =K11+L11 -> 0 | O11: =F11 -> 0 | P11: =G11*(1+$C$75) -> 0 | Q11: =ROUND(O11*P11,0) -> 0 | R11: =I11*(1+$C$75) -> 0.376156 | S11: =ROUND(Q11*R11,0) -> 0 | T11: =Q11+S11 -> 0 | U11: =ROUND(T11*$C$81,0) -> 0 | V11: =T11+U11 -> 0 | X11: =O11 -> 0 | Y11: =P11*(1+$C$75) -> 0 | Z11: =ROUND(X11*Y11,0) -> 0 | AA11: =R11*(1+$C$75) -> 0.38744068 | AB11: =ROUND(Z11*AA11,0) -> 0 | AC11: =Z11+AB11 -> 0 | AD11: =ROUND(AC11*$C$81,0) -> 0 | AE11: =AC11+AD11 -> 0 | AG11: =X11 -> 0 | AH11: =Y11*(1+$C$75) -> 0 | AI11: =ROUND(AG11*AH11,0) -> 0 | AJ11: =AA11*(1+$C$75) -> 0.3990639 | AK11: =ROUND(AI11*AJ11,0) -> 0 | AL11: =AI11+AK11 -> 0 | AM11: =ROUND(AL11*$C$81,0) -> 0 | AN11: =AL11+AM11 -> 0 | AP11: =AG11 -> 0 | AQ11: =AH11*(1+$C$75) -> 0 | AR11: =ROUND(AP11*AQ11,0) -> 0 | AS11: =AJ11*(1+$C$75) -> 0.41103582 | AT11: =ROUND(AR11*AS11,0) -> 0 | AU11: =AR11+AT11 -> 0 | AV11: =ROUND(AU11*$C$81,0) -> 0 | AW11: =AU11+AV11 -> 0 | AY11: =AP11 -> 0 | AZ11: =AQ11*(1+$C$75) -> 0 | BA11: =ROUND(AY11*AZ11,0) -> 0 | BB11: =AS11*(1+$C$75) -> 0.42336689 | BC11: =ROUND(BA11*BB11,0) -> 0 | BD11: =BA11+BC11 -> 0 | BE11: =ROUND(BD11*$C$81,0) -> 0 | BF11: =BD11+BE11 -> 0 | BH11: =H11+Q11+Z11+AI11+AR11+BA11 -> 0 | BI11: =J11+S11+AB11+AK11+AT11+BC11 -> 0 | BJ11: =K11+T11+AC11+AL11+AU11+BD11 -> 0 | BK11: =L11+U11+AD11+AM11+AV11+BE11 -> 0 | BL11: =M11+V11+AE11+AN11+AW11+BF11 -> 0
F12: =2080*D12 -> 0 | G12: =E12/2080 -> 0 | H12: =ROUND(F12*G12,0) -> 0 | I12: 0.3652 | J12: =ROUND(H12*I12,0) -> 0 | K12: =H12+J12 -> 0 | L12: =ROUND(K12*$C$81,0) -> 0 | M12: =K12+L12 -> 0 | O12: =F12 -> 0 | P12: =G12*(1+$C$75) -> 0 | Q12: =ROUND(O12*P12,0) -> 0 | R12: =I12*(1+$C$75) -> 0.376156 | S12: =ROUND(Q12*R12,0) -> 0 | T12: =Q12+S12 -> 0 | U12: =ROUND(T12*$C$81,0) -> 0 | V12: =T12+U12 -> 0 | X12: =O12 -> 0 | Y12: =P12*(1+$C$75) -> 0 | Z12: =ROUND(X12*Y12,0) -> 0 | AA12: =R12*(1+$C$75) -> 0.38744068 | AB12: =ROUND(Z12*AA12,0) -> 0 | AC12: =Z12+AB12 -> 0 | AD12: =ROUND(AC12*$C$81,0) -> 0 | AE12: =AC12+AD12 -> 0 | AG12: =X12 -> 0 | AH12: =Y12*(1+$C$75) -> 0 | AI12: =ROUND(AG12*AH12,0) -> 0 | AJ12: =AA12*(1+$C$75) -> 0.3990639 | AK12: =ROUND(AI12*AJ12,0) -> 0 | AL12: =AI12+AK12 -> 0 | AM12: =ROUND(AL12*$C$81,0) -> 0 | AN12: =AL12+AM12 -> 0 | AP12: =AG12 -> 0 | AQ12: =AH12*(1+$C$75) -> 0 | AR12: =ROUND(AP12*AQ12,0) -> 0 | AS12: =AJ12*(1+$C$75) -> 0.41103582 | AT12: =ROUND(AR12*AS12,0) -> 0 | AU12: =AR12+AT12 -> 0 | AV12: =ROUND(AU12*$C$81,0) -> 0 | AW12: =AU12+AV12 -> 0 | AY12: =AP12 -> 0 | AZ12: =AQ12*(1+$C$75) -> 0 | BA12: =ROUND(AY12*AZ12,0) -> 0 | BB12: =AS12*(1+$C$75) -> 0.42336689 | BC12: =ROUND(BA12*BB12,0) -> 0 | BD12: =BA12+BC12 -> 0 | BE12: =ROUND(BD12*$C$81,0) -> 0 | BF12: =BD12+BE12 -> 0 | BH12: =H12+Q12+Z12+AI12+AR12+BA12 -> 0 | BI12: =J12+S12+AB12+AK12+AT12+BC12 -> 0 | BJ12: =K12+T12+AC12+AL12+AU12+BD12 -> 0 | BK12: =L12+U12+AD12+AM12+AV12+BE12 -> 0 | BL12: =M12+V12+AE12+AN12+AW12+BF12 -> 0
F13: =2080*D13 -> 0 | G13: =E13/2080 -> 0 | H13: =ROUND(F13*G13,0) -> 0 | I13: 0.3652 | J13: =ROUND(H13*I13,0) -> 0 | K13: =H13+J13 -> 0 | L13: =ROUND(K13*$C$81,0) -> 0 | M13: =K13+L13 -> 0 | O13: =F13 -> 0 | P13: =G13*(1+$C$75) -> 0 | Q13: =ROUND(O13*P13,0) -> 0 | R13: =I13*(1+$C$75) -> 0.376156 | S13: =ROUND(Q13*R13,0) -> 0 | T13: =Q13+S13 -> 0 | U13: =ROUND(T13*$C$81,0) -> 0 | V13: =T13+U13 -> 0 | X13: =O13 -> 0 | Y13: =P13*(1+$C$75) -> 0 | Z13: =ROUND(X13*Y13,0) -> 0 | AA13: =R13*(1+$C$75) -> 0.38744068 | AB13: =ROUND(Z13*AA13,0) -> 0 | AC13: =Z13+AB13 -> 0 | AD13: =ROUND(AC13*$C$81,0) -> 0 | AE13: =AC13+AD13 -> 0 | AG13: =X13 -> 0 | AH13: =Y13*(1+$C$75) -> 0 | AI13: =ROUND(AG13*AH13,0) -> 0 | AJ13: =AA13*(1+$C$75) -> 0.3990639 | AK13: =ROUND(AI13*AJ13,0) -> 0 | AL13: =AI13+AK13 -> 0 | AM13: =ROUND(AL13*$C$81,0) -> 0 | AN13: =AL13+AM13 -> 0 | AP13: =AG13 -> 0 | AQ13: =AH13*(1+$C$75) -> 0 | AR13: =ROUND(AP13*AQ13,0) -> 0 | AS13: =AJ13*(1+$C$75) -> 0.41103582 | AT13: =ROUND(AR13*AS13,0) -> 0 | AU13: =AR13+AT13 -> 0 | AV13: =ROUND(AU13*$C$81,0) -> 0 | AW13: =AU13+AV13 -> 0 | AY13: =AP13 -> 0 | AZ13: =AQ13*(1+$C$75) -> 0 | BA13: =ROUND(AY13*AZ13,0) -> 0 | BB13: =AS13*(1+$C$75) -> 0.42336689 | BC13: =ROUND(BA13*BB13,0) -> 0 | BD13: =BA13+BC13 -> 0 | BE13: =ROUND(BD13*$C$81,0) -> 0 | BF13: =BD13+BE13 -> 0 | BH13: =H13+Q13+Z13+AI13+AR13+BA13 -> 0 | BI13: =J13+S13+AB13+AK13+AT13+BC13 -> 0 | BJ13: =K13+T13+AC13+AL13+AU13+BD13 -> 0 | BK13: =L13+U13+AD13+AM13+AV13+BE13 -> 0 | BL13: =M13+V13+AE13+AN13+AW13+BF13 -> 0
F14: =2080*D14 -> 0 | G14: =E14/2080 -> 0 | H14: =ROUND(F14*G14,0) -> 0 | I14: 0.3652 | J14: =ROUND(H14*I14,0) -> 0 | K14: =H14+J14 -> 0 | L14: =ROUND(K14*$C$81,0) -> 0 | M14: =K14+L14 -> 0 | O14: =F14 -> 0 | P14: =G14*(1+$C$75) -> 0 | Q14: =ROUND(O14*P14,0) -> 0 | R14: =I14*(1+$C$75) -> 0.376156 | S14: =ROUND(Q14*R14,0) -> 0 | T14: =Q14+S14 -> 0 | U14: =ROUND(T14*$C$81,0) -> 0 | V14: =T14+U14 -> 0 | X14: =O14 -> 0 | Y14: =P14*(1+$C$75) -> 0 | Z14: =ROUND(X14*Y14,0) -> 0 | AA14: =R14*(1+$C$75) -> 0.38744068 | AB14: =ROUND(Z14*AA14,0) -> 0 | AC14: =Z14+AB14 -> 0 | AD14: =ROUND(AC14*$C$81,0) -> 0 | AE14: =AC14+AD14 -> 0 | AG14: =X14 -> 0 | AH14: =Y14*(1+$C$75) -> 0 | AI14: =ROUND(AG14*AH14,0) -> 0 | AJ14: =AA14*(1+$C$75) -> 0.3990639 | AK14: =ROUND(AI14*AJ14,0) -> 0 | AL14: =AI14+AK14 -> 0 | AM14: =ROUND(AL14*$C$81,0) -> 0 | AN14: =AL14+AM14 -> 0 | AP14: =AG14 -> 0 | AQ14: =AH14*(1+$C$75) -> 0 | AR14: =ROUND(AP14*AQ14,0) -> 0 | AS14: =AJ14*(1+$C$75) -> 0.41103582 | AT14: =ROUND(AR14*AS14,0) -> 0 | AU14: =AR14+AT14 -> 0 | AV14: =ROUND(AU14*$C$81,0) -> 0 | AW14: =AU14+AV14 -> 0 | AY14: =AP14 -> 0 | AZ14: =AQ14*(1+$C$75) -> 0 | BA14: =ROUND(AY14*AZ14,0) -> 0 | BB14: =AS14*(1+$C$75) -> 0.42336689 | BC14: =ROUND(BA14*BB14,0) -> 0 | BD14: =BA14+BC14 -> 0 | BE14: =ROUND(BD14*$C$81,0) -> 0 | BF14: =BD14+BE14 -> 0 | BH14: =H14+Q14+Z14+AI14+AR14+BA14 -> 0 | BI14: =J14+S14+AB14+AK14+AT14+BC14 -> 0 | BJ14: =K14+T14+AC14+AL14+AU14+BD14 -> 0 | BK14: =L14+U14+AD14+AM14+AV14+BE14 -> 0 | BL14: =M14+V14+AE14+AN14+AW14+BF14 -> 0
F15: =2080*D15 -> 0 | G15: =E15/2080 -> 0 | H15: =ROUND(F15*G15,0) -> 0 | I15: 0.3652 | J15: =ROUND(H15*I15,0) -> 0 | K15: =H15+J15 -> 0 | L15: =ROUND(K15*$C$81,0) -> 0 | M15: =K15+L15 -> 0 | O15: =F15 -> 0 | P15: =G15*(1+$C$75) -> 0 | Q15: =ROUND(O15*P15,0) -> 0 | R15: =I15*(1+$C$75) -> 0.376156 | S15: =ROUND(Q15*R15,0) -> 0 | T15: =Q15+S15 -> 0 | U15: =ROUND(T15*$C$81,0) -> 0 | V15: =T15+U15 -> 0 | X15: =O15 -> 0 | Y15: =P15*(1+$C$75) -> 0 | Z15: =ROUND(X15*Y15,0) -> 0 | AA15: =R15*(1+$C$75) -> 0.38744068 | AB15: =ROUND(Z15*AA15,0) -> 0 | AC15: =Z15+AB15 -> 0 | AD15: =ROUND(AC15*$C$81,0) -> 0 | AE15: =AC15+AD15 -> 0 | AG15: =X15 -> 0 | AH15: =Y15*(1+$C$75) -> 0 | AI15: =ROUND(AG15*AH15,0) -> 0 | AJ15: =AA15*(1+$C$75) -> 0.3990639 | AK15: =ROUND(AI15*AJ15,0) -> 0 | AL15: =AI15+AK15 -> 0 | AM15: =ROUND(AL15*$C$81,0) -> 0 | AN15: =AL15+AM15 -> 0 | AP15: =AG15 -> 0 | AQ15: =AH15*(1+$C$75) -> 0 | AR15: =ROUND(AP15*AQ15,0) -> 0 | AS15: =AJ15*(1+$C$75) -> 0.41103582 | AT15: =ROUND(AR15*AS15,0) -> 0 | AU15: =AR15+AT15 -> 0 | AV15: =ROUND(AU15*$C$81,0) -> 0 | AW15: =AU15+AV15 -> 0 | AY15: =AP15 -> 0 | AZ15: =AQ15*(1+$C$75) -> 0 | BA15: =ROUND(AY15*AZ15,0) -> 0 | BB15: =AS15*(1+$C$75) -> 0.42336689 | BC15: =ROUND(BA15*BB15,0) -> 0 | BD15: =BA15+BC15 -> 0 | BE15: =ROUND(BD15*$C$81,0) -> 0 | BF15: =BD15+BE15 -> 0 | BH15: =H15+Q15+Z15+AI15+AR15+BA15 -> 0 | BI15: =J15+S15+AB15+AK15+AT15+BC15 -> 0 | BJ15: =K15+T15+AC15+AL15+AU15+BD15 -> 0 | BK15: =L15+U15+AD15+AM15+AV15+BE15 -> 0 | BL15: =M15+V15+AE15+AN15+AW15+BF15 -> 0
F16: =2080*D16 -> 0 | G16: =E16/2080 -> 0 | H16: =ROUND(F16*G16,0) -> 0 | I16: 0.3652 | J16: =ROUND(H16*I16,0) -> 0 | K16: =H16+J16 -> 0 | L16: =ROUND(K16*$C$81,0) -> 0 | M16: =K16+L16 -> 0 | O16: =F16 -> 0 | P16: =G16*(1+$C$75) -> 0 | Q16: =ROUND(O16*P16,0) -> 0 | R16: =I16*(1+$C$75) -> 0.376156 | S16: =ROUND(Q16*R16,0) -> 0 | T16: =Q16+S16 -> 0 | U16: =ROUND(T16*$C$81,0) -> 0 | V16: =T16+U16 -> 0 | X16: =O16 -> 0 | Y16: =P16*(1+$C$75) -> 0 | Z16: =ROUND(X16*Y16,0) -> 0 | AA16: =R16*(1+$C$75) -> 0.38744068 | AB16: =ROUND(Z16*AA16,0) -> 0 | AC16: =Z16+AB16 -> 0 | AD16: =ROUND(AC16*$C$81,0) -> 0 | AE16: =AC16+AD16 -> 0 | AG16: =X16 -> 0 | AH16: =Y16*(1+$C$75) -> 0 | AI16: =ROUND(AG16*AH16,0) -> 0 | AJ16: =AA16*(1+$C$75) -> 0.3990639 | AK16: =ROUND(AI16*AJ16,0) -> 0 | AL16: =AI16+AK16 -> 0 | AM16: =ROUND(AL16*$C$81,0) -> 0 | AN16: =AL16+AM16 -> 0 | AP16: =AG16 -> 0 | AQ16: =AH16*(1+$C$75) -> 0 | AR16: =ROUND(AP16*AQ16,0) -> 0 | AS16: =AJ16*(1+$C$75) -> 0.41103582 | AT16: =ROUND(AR16*AS16,0) -> 0 | AU16: =AR16+AT16 -> 0 | AV16: =ROUND(AU16*$C$81,0) -> 0 | AW16: =AU16+AV16 -> 0 | AY16: =AP16 -> 0 | AZ16: =AQ16*(1+$C$75) -> 0 | BA16: =ROUND(AY16*AZ16,0) -> 0 | BB16: =AS16*(1+$C$75) -> 0.42336689 | BC16: =ROUND(BA16*BB16,0) -> 0 | BD16: =BA16+BC16 -> 0 | BE16: =ROUND(BD16*$C$81,0) -> 0 | BF16: =BD16+BE16 -> 0 | BH16: =H16+Q16+Z16+AI16+AR16+BA16 -> 0 | BI16: =J16+S16+AB16+AK16+AT16+BC16 -> 0 | BJ16: =K16+T16+AC16+AL16+AU16+BD16 -> 0 | BK16: =L16+U16+AD16+AM16+AV16+BE16 -> 0 | BL16: =M16+V16+AE16+AN16+AW16+BF16 -> 0
F17: =2080*D17 -> 0 | G17: =E17/2080 -> 0 | H17: =ROUND(F17*G17,0) -> 0 | I17: 0.3652 | J17: =ROUND(H17*I17,0) -> 0 | K17: =H17+J17 -> 0 | L17: =ROUND(K17*$C$81,0) -> 0 | M17: =K17+L17 -> 0 | O17: =F17 -> 0 | P17: =G17*(1+$C$75) -> 0 | Q17: =ROUND(O17*P17,0) -> 0 | R17: =I17*(1+$C$75) -> 0.376156 | S17: =ROUND(Q17*R17,0) -> 0 | T17: =Q17+S17 -> 0 | U17: =ROUND(T17*$C$81,0) -> 0 | V17: =T17+U17 -> 0 | X17: =O17 -> 0 | Y17: =P17*(1+$C$75) -> 0 | Z17: =ROUND(X17*Y17,0) -> 0 | AA17: =R17*(1+$C$75) -> 0.38744068 | AB17: =ROUND(Z17*AA17,0) -> 0 | AC17: =Z17+AB17 -> 0 | AD17: =ROUND(AC17*$C$81,0) -> 0 | AE17: =AC17+AD17 -> 0 | AG17: =X17 -> 0 | AH17: =Y17*(1+$C$75) -> 0 | AI17: =ROUND(AG17*AH17,0) -> 0 | AJ17: =AA17*(1+$C$75) -> 0.3990639 | AK17: =ROUND(AI17*AJ17,0) -> 0 | AL17: =AI17+AK17 -> 0 | AM17: =ROUND(AL17*$C$81,0) -> 0 | AN17: =AL17+AM17 -> 0 | AP17: =AG17 -> 0 | AQ17: =AH17*(1+$C$75) -> 0 | AR17: =ROUND(AP17*AQ17,0) -> 0 | AS17: =AJ17*(1+$C$75) -> 0.41103582 | AT17: =ROUND(AR17*AS17,0) -> 0 | AU17: =AR17+AT17 -> 0 | AV17: =ROUND(AU17*$C$81,0) -> 0 | AW17: =AU17+AV17 -> 0 | AY17: =AP17 -> 0 | AZ17: =AQ17*(1+$C$75) -> 0 | BA17: =ROUND(AY17*AZ17,0) -> 0 | BB17: =AS17*(1+$C$75) -> 0.42336689 | BC17: =ROUND(BA17*BB17,0) -> 0 | BD17: =BA17+BC17 -> 0 | BE17: =ROUND(BD17*$C$81,0) -> 0 | BF17: =BD17+BE17 -> 0 | BH17: =H17+Q17+Z17+AI17+AR17+BA17 -> 0 | BI17: =J17+S17+AB17+AK17+AT17+BC17 -> 0 | BJ17: =K17+T17+AC17+AL17+AU17+BD17 -> 0 | BK17: =L17+U17+AD17+AM17+AV17+BE17 -> 0 | BL17: =M17+V17+AE17+AN17+AW17+BF17 -> 0
F18: =2080*D18 -> 0 | G18: =E18/2080 -> 0 | H18: =ROUND(F18*G18,0) -> 0 | I18: 0.3652 | J18: =ROUND(H18*I18,0) -> 0 | K18: =H18+J18 -> 0 | L18: =ROUND(K18*$C$81,0) -> 0 | M18: =K18+L18 -> 0 | O18: =F18 -> 0 | P18: =G18*(1+$C$75) -> 0 | Q18: =ROUND(O18*P18,0) -> 0 | R18: =I18*(1+$C$75) -> 0.376156 | S18: =ROUND(Q18*R18,0) -> 0 | T18: =Q18+S18 -> 0 | U18: =ROUND(T18*$C$81,0) -> 0 | V18: =T18+U18 -> 0 | X18: =O18 -> 0 | Y18: =P18*(1+$C$75) -> 0 | Z18: =ROUND(X18*Y18,0) -> 0 | AA18: =R18*(1+$C$75) -> 0.38744068 | AB18: =ROUND(Z18*AA18,0) -> 0 | AC18: =Z18+AB18 -> 0 | AD18: =ROUND(AC18*$C$81,0) -> 0 | AE18: =AC18+AD18 -> 0 | AG18: =X18 -> 0 | AH18: =Y18*(1+$C$75) -> 0 | AI18: =ROUND(AG18*AH18,0) -> 0 | AJ18: =AA18*(1+$C$75) -> 0.3990639 | AK18: =ROUND(AI18*AJ18,0) -> 0 | AL18: =AI18+AK18 -> 0 | AM18: =ROUND(AL18*$C$81,0) -> 0 | AN18: =AL18+AM18 -> 0 | AP18: =AG18 -> 0 | AQ18: =AH18*(1+$C$75) -> 0 | AR18: =ROUND(AP18*AQ18,0) -> 0 | AS18: =AJ18*(1+$C$75) -> 0.41103582 | AT18: =ROUND(AR18*AS18,0) -> 0 | AU18: =AR18+AT18 -> 0 | AV18: =ROUND(AU18*$C$81,0) -> 0 | AW18: =AU18+AV18 -> 0 | AY18: =AP18 -> 0 | AZ18: =AQ18*(1+$C$75) -> 0 | BA18: =ROUND(AY18*AZ18,0) -> 0 | BB18: =AS18*(1+$C$75) -> 0.42336689 | BC18: =ROUND(BA18*BB18,0) -> 0 | BD18: =BA18+BC18 -> 0 | BE18: =ROUND(BD18*$C$81,0) -> 0 | BF18: =BD18+BE18 -> 0 | BH18: =H18+Q18+Z18+AI18+AR18+BA18 -> 0 | BI18: =J18+S18+AB18+AK18+AT18+BC18 -> 0 | BJ18: =K18+T18+AC18+AL18+AU18+BD18 -> 0 | BK18: =L18+U18+AD18+AM18+AV18+BE18 -> 0 | BL18: =M18+V18+AE18+AN18+AW18+BF18 -> 0
A19: TOTAL TA1 LABOR FOR ALL YEARS | H19: =SUM(H8:H18) -> 14355 | J19: =SUM(J8:J18) -> 5243 | K19: =SUM(K8:K18) -> 19598 | L19: =SUM(L8:L18) -> 11739 | M19: =SUM(M8:M18) -> 31337 | Q19: =SUM(Q8:Q18) -> 14786 | S19: =SUM(S8:S18) -> 5562 | T19: =SUM(T8:T18) -> 20348 | U19: =SUM(U8:U18) -> 12188 | V19: =SUM(V8:V18) -> 32536 | Z19: =SUM(Z8:Z18) -> 15229 | AB19: =SUM(AB8:AB18) -> 5900 | AC19: =SUM(AC8:AC18) -> 21129 | AD19: =SUM(AD8:AD18) -> 12656 | AE19: =SUM(AE8:AE18) -> 33785 | AI19: =SUM(AI8:AI18) -> 15686 | AK19: =SUM(AK8:AK18) -> 6259 | AL19: =SUM(AL8:AL18) -> 21945 | AM19: =SUM(AM8:AM18) -> 13145 | AN19: =SUM(AN8:AN18) -> 35090 | AR19: =SUM(AR8:AR18) -> 16157 | AT19: =SUM(AT8:AT18) -> 6641 | AU19: =SUM(AU8:AU18) -> 22798 | AV19: =SUM(AV8:AV18) -> 13656 | AW19: =SUM(AW8:AW18) -> 36454 | BA19: =SUM(BA8:BA18) -> 16641 | BC19: =SUM(BC8:BC18) -> 7045 | BD19: =SUM(BD8:BD18) -> 23686 | BE19: =SUM(BE8:BE18) -> 14188 | BF19: =SUM(BF8:BF18) -> 37874 | BH19: =SUM(BH8:BH18) -> 92854 | BI19: =SUM(BI8:BI18) -> 36650 | BJ19: =SUM(BJ8:BJ18) -> 129504 | BK19: =SUM(BK8:BK18) -> 77572 | BL19: =SUM(BL8:BL18) -> 207076 | BM19: TA1
A20: TA2 | B20: John Doe | C20: Principal Investigator | D20: 0.05 | E20: 212100 | F20: =2080*D20 -> 104 | G20: =E20/2080 -> 101.97115 | H20: =ROUND(F20*G20,0) -> 10605 | I20: 0.3652 | J20: =ROUND(H20*I20,0) -> 3873 | K20: =H20+J20 -> 14478 | L20: =ROUND(K20*$C$81,0) -> 8672 | M20: =K20+L20 -> 23150 | O20: =F20 -> 104 | P20: =G20*(1+$C$75) -> 105.03029 | Q20: =ROUND(O20*P20,0) -> 10923 | R20: =I20*(1+$C$75) -> 0.376156 | S20: =ROUND(Q20*R20,0) -> 4109 | T20: =Q20+S20 -> 15032 | U20: =ROUND(T20*$C$81,0) -> 9004 | V20: =T20+U20 -> 24036 | X20: =O20 -> 104 | Y20: =P20*(1+$C$75) -> 108.1812 | Z20: =ROUND(X20*Y20,0) -> 11251 | AA20: =R20*(1+$C$75) -> 0.38744068 | AB20: =ROUND(Z20*AA20,0) -> 4359 | AC20: =Z20+AB20 -> 15610 | AD20: =ROUND(AC20*$C$81,0) -> 9350 | AE20: =AC20+AD20 -> 24960 | AG20: =X20 -> 104 | AH20: =Y20*(1+$C$75) -> 111.42663 | AI20: =ROUND(AG20*AH20,0) -> 11588 | AJ20: =AA20*(1+$C$75) -> 0.3990639 | AK20: =ROUND(AI20*AJ20,0) -> 4624 | AL20: =AI20+AK20 -> 16212 | AM20: =ROUND(AL20*$C$81,0) -> 9711 | AN20: =AL20+AM20 -> 25923 | AP20: =AG20 -> 104 | AQ20: =AH20*(1+$C$75) -> 114.76943 | AR20: =ROUND(AP20*AQ20,0) -> 11936 | AS20: =AJ20*(1+$C$75) -> 0.41103582 | AT20: =ROUND(AR20*AS20,0) -> 4906 | AU20: =AR20+AT20 -> 16842 | AV20: =ROUND(AU20*$C$81,0) -> 10088 | AW20: =AU20+AV20 -> 26930 | AY20: =AP20 -> 104 | AZ20: =AQ20*(1+$C$75) -> 118.21251 | BA20: =ROUND(AY20*AZ20,0) -> 12294 | BB20: =AS20*(1+$C$75) -> 0.42336689 | BC20: =ROUND(BA20*BB20,0) -> 5205 | BD20: =BA20+BC20 -> 17499 | BE20: =ROUND(BD20*$C$81,0) -> 10482 | BF20: =BD20+BE20 -> 27981 | BH20: =H20+Q20+Z20+AI20+AR20+BA20 -> 68597 | BI20: =J20+S20+AB20+AK20+AT20+BC20 -> 27076 | BJ20: =K20+T20+AC20+AL20+AU20+BD20 -> 95673 | BK20: =L20+U20+AD20+AM20+AV20+BE20 -> 57307 | BL20: =M20+V20+AE20+AN20+AW20+BF20 -> 152980
B21: Jane Doe | C21: Co-Investigator | D21: 0.025 | E21: 150000 | F21: =2080*D21 -> 52 | G21: =E21/2080 -> 72.115385 | H21: =ROUND(F21*G21,0) -> 3750 | I21: 0.3652 | J21: =ROUND(H21*I21,0) -> 1370 | K21: =H21+J21 -> 5120 | L21: =ROUND(K21*$C$81,0) -> 3067 | M21: =K21+L21 -> 8187 | O21: =F21 -> 52 | P21: =G21*(1+$C$75) -> 74.278846 | Q21: =ROUND(O21*P21,0) -> 3863 | R21: =I21*(1+$C$75) -> 0.376156 | S21: =ROUND(Q21*R21,0) -> 1453 | T21: =Q21+S21 -> 5316 | U21: =ROUND(T21*$C$81,0) -> 3184 | V21: =T21+U21 -> 8500 | X21: =O21 -> 52 | Y21: =P21*(1+$C$75) -> 76.507212 | Z21: =ROUND(X21*Y21,0) -> 3978 | AA21: =R21*(1+$C$75) -> 0.38744068 | AB21: =ROUND(Z21*AA21,0) -> 1541 | AC21: =Z21+AB21 -> 5519 | AD21: =ROUND(AC21*$C$81,0) -> 3306 | AE21: =AC21+AD21 -> 8825 | AG21: =X21 -> 52 | AH21: =Y21*(1+$C$75) -> 78.802428 | AI21: =ROUND(AG21*AH21,0) -> 4098 | AJ21: =AA21*(1+$C$75) -> 0.3990639 | AK21: =ROUND(AI21*AJ21,0) -> 1635 | AL21: =AI21+AK21 -> 5733 | AM21: =ROUND(AL21*$C$81,0) -> 3434 | AN21: =AL21+AM21 -> 9167 | AP21: =AG21 -> 52 | AQ21: =AH21*(1+$C$75) -> 81.166501 | AR21: =ROUND(AP21*AQ21,0) -> 4221 | AS21: =AJ21*(1+$C$75) -> 0.41103582 | AT21: =ROUND(AR21*AS21,0) -> 1735 | AU21: =AR21+AT21 -> 5956 | AV21: =ROUND(AU21*$C$81,0) -> 3568 | AW21: =AU21+AV21 -> 9524 | AY21: =AP21 -> 52 | AZ21: =AQ21*(1+$C$75) -> 83.601496 | BA21: =ROUND(AY21*AZ21,0) -> 4347 | BB21: =AS21*(1+$C$75) -> 0.42336689 | BC21: =ROUND(BA21*BB21,0) -> 1840 | BD21: =BA21+BC21 -> 6187 | BE21: =ROUND(BD21*$C$81,0) -> 3706 | BF21: =BD21+BE21 -> 9893 | BH21: =H21+Q21+Z21+AI21+AR21+BA21 -> 24257 | BI21: =J21+S21+AB21+AK21+AT21+BC21 -> 9574 | BJ21: =K21+T21+AC21+AL21+AU21+BD21 -> 33831 | BK21: =L21+U21+AD21+AM21+AV21+BE21 -> 20265 | BL21: =M21+V21+AE21+AN21+AW21+BF21 -> 54096
F22: =2080*D22 -> 0 | G22: =E22/2080 -> 0 | H22: =ROUND(F22*G22,0) -> 0 | I22: 0.3652 | J22: =ROUND(H22*I22,0) -> 0 | K22: =H22+J22 -> 0 | L22: =ROUND(K22*$C$81,0) -> 0 | M22: =K22+L22 -> 0 | O22: =F22 -> 0 | P22: =G22*(1+$C$75) -> 0 | Q22: =ROUND(O22*P22,0) -> 0 | R22: =I22*(1+$C$75) -> 0.376156 | S22: =ROUND(Q22*R22,0) -> 0 | T22: =Q22+S22 -> 0 | U22: =ROUND(T22*$C$81,0) -> 0 | V22: =T22+U22 -> 0 | X22: =O22 -> 0 | Y22: =P22*(1+$C$75) -> 0 | Z22: =ROUND(X22*Y22,0) -> 0 | AA22: =R22*(1+$C$75) -> 0.38744068 | AB22: =ROUND(Z22*AA22,0) -> 0 | AC22: =Z22+AB22 -> 0 | AD22: =ROUND(AC22*$C$81,0) -> 0 | AE22: =AC22+AD22 -> 0 | AG22: =X22 -> 0 | AH22: =Y22*(1+$C$75) -> 0 | AI22: =ROUND(AG22*AH22,0) -> 0 | AJ22: =AA22*(1+$C$75) -> 0.3990639 | AK22: =ROUND(AI22*AJ22,0) -> 0 | AL22: =AI22+AK22 -> 0 | AM22: =ROUND(AL22*$C$81,0) -> 0 | AN22: =AL22+AM22 -> 0 | AP22: =AG22 -> 0 | AQ22: =AH22*(1+$C$75) -> 0 | AR22: =ROUND(AP22*AQ22,0) -> 0 | AS22: =AJ22*(1+$C$75) -> 0.41103582 | AT22: =ROUND(AR22*AS22,0) -> 0 | AU22: =AR22+AT22 -> 0 | AV22: =ROUND(AU22*$C$81,0) -> 0 | AW22: =AU22+AV22 -> 0 | AY22: =AP22 -> 0 | AZ22: =AQ22*(1+$C$75) -> 0 | BA22: =ROUND(AY22*AZ22,0) -> 0 | BB22: =AS22*(1+$C$75) -> 0.42336689 | BC22: =ROUND(BA22*BB22,0) -> 0 | BD22: =BA22+BC22 -> 0 | BE22: =ROUND(BD22*$C$81,0) -> 0 | BF22: =BD22+BE22 -> 0 | BH22: =H22+Q22+Z22+AI22+AR22+BA22 -> 0 | BI22: =J22+S22+AB22+AK22+AT22+BC22 -> 0 | BJ22: =K22+T22+AC22+AL22+AU22+BD22 -> 0 | BK22: =L22+U22+AD22+AM22+AV22+BE22 -> 0 | BL22: =M22+V22+AE22+AN22+AW22+BF22 -> 0
F23: =2080*D23 -> 0 | G23: =E23/2080 -> 0 | H23: =ROUND(F23*G23,0) -> 0 | I23: 0.3652 | J23: =ROUND(H23*I23,0) -> 0 | K23: =H23+J23 -> 0 | L23: =ROUND(K23*$C$81,0) -> 0 | M23: =K23+L23 -> 0 | O23: =F23 -> 0 | P23: =G23*(1+$C$75) -> 0 | Q23: =ROUND(O23*P23,0) -> 0 | R23: =I23*(1+$C$75) -> 0.376156 | S23: =ROUND(Q23*R23,0) -> 0 | T23: =Q23+S23 -> 0 | U23: =ROUND(T23*$C$81,0) -> 0 | V23: =T23+U23 -> 0 | X23: =O23 -> 0 | Y23: =P23*(1+$C$75) -> 0 | Z23: =ROUND(X23*Y23,0) -> 0 | AA23: =R23*(1+$C$75) -> 0.38744068 | AB23: =ROUND(Z23*AA23,0) -> 0 | AC23: =Z23+AB23 -> 0 | AD23: =ROUND(AC23*$C$81,0) -> 0 | AE23: =AC23+AD23 -> 0 | AG23: =X23 -> 0 | AH23: =Y23*(1+$C$75) -> 0 | AI23: =ROUND(AG23*AH23,0) -> 0 | AJ23: =AA23*(1+$C$75) -> 0.3990639 | AK23: =ROUND(AI23*AJ23,0) -> 0 | AL23: =AI23+AK23 -> 0 | AM23: =ROUND(AL23*$C$81,0) -> 0 | AN23: =AL23+AM23 -> 0 | AP23: =AG23 -> 0 | AQ23: =AH23*(1+$C$75) -> 0 | AR23: =ROUND(AP23*AQ23,0) -> 0 | AS23: =AJ23*(1+$C$75) -> 0.41103582 | AT23: =ROUND(AR23*AS23,0) -> 0 | AU23: =AR23+AT23 -> 0 | AV23: =ROUND(AU23*$C$81,0) -> 0 | AW23: =AU23+AV23 -> 0 | AY23: =AP23 -> 0 | AZ23: =AQ23*(1+$C$75) -> 0 | BA23: =ROUND(AY23*AZ23,0) -> 0 | BB23: =AS23*(1+$C$75) -> 0.42336689 | BC23: =ROUND(BA23*BB23,0) -> 0 | BD23: =BA23+BC23 -> 0 | BE23: =ROUND(BD23*$C$81,0) -> 0 | BF23: =BD23+BE23 -> 0 | BH23: =H23+Q23+Z23+AI23+AR23+BA23 -> 0 | BI23: =J23+S23+AB23+AK23+AT23+BC23 -> 0 | BJ23: =K23+T23+AC23+AL23+AU23+BD23 -> 0 | BK23: =L23+U23+AD23+AM23+AV23+BE23 -> 0 | BL23: =M23+V23+AE23+AN23+AW23+BF23 -> 0
F24: =2080*D24 -> 0 | G24: =E24/2080 -> 0 | H24: =ROUND(F24*G24,0) -> 0 | I24: 0.3652 | J24: =ROUND(H24*I24,0) -> 0 | K24: =H24+J24 -> 0 | L24: =ROUND(K24*$C$81,0) -> 0 | M24: =K24+L24 -> 0 | O24: =F24 -> 0 | P24: =G24*(1+$C$75) -> 0 | Q24: =ROUND(O24*P24,0) -> 0 | R24: =I24*(1+$C$75) -> 0.376156 | S24: =ROUND(Q24*R24,0) -> 0 | T24: =Q24+S24 -> 0 | U24: =ROUND(T24*$C$81,0) -> 0 | V24: =T24+U24 -> 0 | X24: =O24 -> 0 | Y24: =P24*(1+$C$75) -> 0 | Z24: =ROUND(X24*Y24,0) -> 0 | AA24: =R24*(1+$C$75) -> 0.38744068 | AB24: =ROUND(Z24*AA24,0) -> 0 | AC24: =Z24+AB24 -> 0 | AD24: =ROUND(AC24*$C$81,0) -> 0 | AE24: =AC24+AD24 -> 0 | AG24: =X24 -> 0 | AH24: =Y24*(1+$C$75) -> 0 | AI24: =ROUND(AG24*AH24,0) -> 0 | AJ24: =AA24*(1+$C$75) -> 0.3990639 | AK24: =ROUND(AI24*AJ24,0) -> 0 | AL24: =AI24+AK24 -> 0 | AM24: =ROUND(AL24*$C$81,0) -> 0 | AN24: =AL24+AM24 -> 0 | AP24: =AG24 -> 0 | AQ24: =AH24*(1+$C$75) -> 0 | AR24: =ROUND(AP24*AQ24,0) -> 0 | AS24: =AJ24*(1+$C$75) -> 0.41103582 | AT24: =ROUND(AR24*AS24,0) -> 0 | AU24: =AR24+AT24 -> 0 | AV24: =ROUND(AU24*$C$81,0) -> 0 | AW24: =AU24+AV24 -> 0 | AY24: =AP24 -> 0 | AZ24: =AQ24*(1+$C$75) -> 0 | BA24: =ROUND(AY24*AZ24,0) -> 0 | BB24: =AS24*(1+$C$75) -> 0.42336689 | BC24: =ROUND(BA24*BB24,0) -> 0 | BD24: =BA24+BC24 -> 0 | BE24: =ROUND(BD24*$C$81,0) -> 0 | BF24: =BD24+BE24 -> 0 | BH24: =H24+Q24+Z24+AI24+AR24+BA24 -> 0 | BI24: =J24+S24+AB24+AK24+AT24+BC24 -> 0 | BJ24: =K24+T24+AC24+AL24+AU24+BD24 -> 0 | BK24: =L24+U24+AD24+AM24+AV24+BE24 -> 0 | BL24: =M24+V24+AE24+AN24+AW24+BF24 -> 0
F25: =2080*D25 -> 0 | G25: =E25/2080 -> 0 | H25: =ROUND(F25*G25,0) -> 0 | I25: 0.3652 | J25: =ROUND(H25*I25,0) -> 0 | K25: =H25+J25 -> 0 | L25: =ROUND(K25*$C$81,0) -> 0 | M25: =K25+L25 -> 0 | O25: =F25 -> 0 | P25: =G25*(1+$C$75) -> 0 | Q25: =ROUND(O25*P25,0) -> 0 | R25: =I25*(1+$C$75) -> 0.376156 | S25: =ROUND(Q25*R25,0) -> 0 | T25: =Q25+S25 -> 0 | U25: =ROUND(T25*$C$81,0) -> 0 | V25: =T25+U25 -> 0 | X25: =O25 -> 0 | Y25: =P25*(1+$C$75) -> 0 | Z25: =ROUND(X25*Y25,0) -> 0 | AA25: =R25*(1+$C$75) -> 0.38744068 | AB25: =ROUND(Z25*AA25,0) -> 0 | AC25: =Z25+AB25 -> 0 | AD25: =ROUND(AC25*$C$81,0) -> 0 | AE25: =AC25+AD25 -> 0 | AG25: =X25 -> 0 | AH25: =Y25*(1+$C$75) -> 0 | AI25: =ROUND(AG25*AH25,0) -> 0 | AJ25: =AA25*(1+$C$75) -> 0.3990639 | AK25: =ROUND(AI25*AJ25,0) -> 0 | AL25: =AI25+AK25 -> 0 | AM25: =ROUND(AL25*$C$81,0) -> 0 | AN25: =AL25+AM25 -> 0 | AP25: =AG25 -> 0 | AQ25: =AH25*(1+$C$75) -> 0 | AR25: =ROUND(AP25*AQ25,0) -> 0 | AS25: =AJ25*(1+$C$75) -> 0.41103582 | AT25: =ROUND(AR25*AS25,0) -> 0 | AU25: =AR25+AT25 -> 0 | AV25: =ROUND(AU25*$C$81,0) -> 0 | AW25: =AU25+AV25 -> 0 | AY25: =AP25 -> 0 | AZ25: =AQ25*(1+$C$75) -> 0 | BA25: =ROUND(AY25*AZ25,0) -> 0 | BB25: =AS25*(1+$C$75) -> 0.42336689 | BC25: =ROUND(BA25*BB25,0) -> 0 | BD25: =BA25+BC25 -> 0 | BE25: =ROUND(BD25*$C$81,0) -> 0 | BF25: =BD25+BE25 -> 0 | BH25: =H25+Q25+Z25+AI25+AR25+BA25 -> 0 | BI25: =J25+S25+AB25+AK25+AT25+BC25 -> 0 | BJ25: =K25+T25+AC25+AL25+AU25+BD25 -> 0 | BK25: =L25+U25+AD25+AM25+AV25+BE25 -> 0 | BL25: =M25+V25+AE25+AN25+AW25+BF25 -> 0
F26: =2080*D26 -> 0 | G26: =E26/2080 -> 0 | H26: =ROUND(F26*G26,0) -> 0 | I26: 0.3652 | J26: =ROUND(H26*I26,0) -> 0 | K26: =H26+J26 -> 0 | L26: =ROUND(K26*$C$81,0) -> 0 | M26: =K26+L26 -> 0 | O26: =F26 -> 0 | P26: =G26*(1+$C$75) -> 0 | Q26: =ROUND(O26*P26,0) -> 0 | R26: =I26*(1+$C$75) -> 0.376156 | S26: =ROUND(Q26*R26,0) -> 0 | T26: =Q26+S26 -> 0 | U26: =ROUND(T26*$C$81,0) -> 0 | V26: =T26+U26 -> 0 | X26: =O26 -> 0 | Y26: =P26*(1+$C$75) -> 0 | Z26: =ROUND(X26*Y26,0) -> 0 | AA26: =R26*(1+$C$75) -> 0.38744068 | AB26: =ROUND(Z26*AA26,0) -> 0 | AC26: =Z26+AB26 -> 0 | AD26: =ROUND(AC26*$C$81,0) -> 0 | AE26: =AC26+AD26 -> 0 | AG26: =X26 -> 0 | AH26: =Y26*(1+$C$75) -> 0 | AI26: =ROUND(AG26*AH26,0) -> 0 | AJ26: =AA26*(1+$C$75) -> 0.3990639 | AK26: =ROUND(AI26*AJ26,0) -> 0 | AL26: =AI26+AK26 -> 0 | AM26: =ROUND(AL26*$C$81,0) -> 0 | AN26: =AL26+AM26 -> 0 | AP26: =AG26 -> 0 | AQ26: =AH26*(1+$C$75) -> 0 | AR26: =ROUND(AP26*AQ26,0) -> 0 | AS26: =AJ26*(1+$C$75) -> 0.41103582 | AT26: =ROUND(AR26*AS26,0) -> 0 | AU26: =AR26+AT26 -> 0 | AV26: =ROUND(AU26*$C$81,0) -> 0 | AW26: =AU26+AV26 -> 0 | AY26: =AP26 -> 0 | AZ26: =AQ26*(1+$C$75) -> 0 | BA26: =ROUND(AY26*AZ26,0) -> 0 | BB26: =AS26*(1+$C$75) -> 0.42336689 | BC26: =ROUND(BA26*BB26,0) -> 0 | BD26: =BA26+BC26 -> 0 | BE26: =ROUND(BD26*$C$81,0) -> 0 | BF26: =BD26+BE26 -> 0 | BH26: =H26+Q26+Z26+AI26+AR26+BA26 -> 0 | BI26: =J26+S26+AB26+AK26+AT26+BC26 -> 0 | BJ26: =K26+T26+AC26+AL26+AU26+BD26 -> 0 | BK26: =L26+U26+AD26+AM26+AV26+BE26 -> 0 | BL26: =M26+V26+AE26+AN26+AW26+BF26 -> 0
F27: =2080*D27 -> 0 | G27: =E27/2080 -> 0 | H27: =ROUND(F27*G27,0) -> 0 | I27: 0.3652 | J27: =ROUND(H27*I27,0) -> 0 | K27: =H27+J27 -> 0 | L27: =ROUND(K27*$C$81,0) -> 0 | M27: =K27+L27 -> 0 | O27: =F27 -> 0 | P27: =G27*(1+$C$75) -> 0 | Q27: =ROUND(O27*P27,0) -> 0 | R27: =I27*(1+$C$75) -> 0.376156 | S27: =ROUND(Q27*R27,0) -> 0 | T27: =Q27+S27 -> 0 | U27: =ROUND(T27*$C$81,0) -> 0 | V27: =T27+U27 -> 0 | X27: =O27 -> 0 | Y27: =P27*(1+$C$75) -> 0 | Z27: =ROUND(X27*Y27,0) -> 0 | AA27: =R27*(1+$C$75) -> 0.38744068 | AB27: =ROUND(Z27*AA27,0) -> 0 | AC27: =Z27+AB27 -> 0 | AD27: =ROUND(AC27*$C$81,0) -> 0 | AE27: =AC27+AD27 -> 0 | AG27: =X27 -> 0 | AH27: =Y27*(1+$C$75) -> 0 | AI27: =ROUND(AG27*AH27,0) -> 0 | AJ27: =AA27*(1+$C$75) -> 0.3990639 | AK27: =ROUND(AI27*AJ27,0) -> 0 | AL27: =AI27+AK27 -> 0 | AM27: =ROUND(AL27*$C$81,0) -> 0 | AN27: =AL27+AM27 -> 0 | AP27: =AG27 -> 0 | AQ27: =AH27*(1+$C$75) -> 0 | AR27: =ROUND(AP27*AQ27,0) -> 0 | AS27: =AJ27*(1+$C$75) -> 0.41103582 | AT27: =ROUND(AR27*AS27,0) -> 0 | AU27: =AR27+AT27 -> 0 | AV27: =ROUND(AU27*$C$81,0) -> 0 | AW27: =AU27+AV27 -> 0 | AY27: =AP27 -> 0 | AZ27: =AQ27*(1+$C$75) -> 0 | BA27: =ROUND(AY27*AZ27,0) -> 0 | BB27: =AS27*(1+$C$75) -> 0.42336689 | BC27: =ROUND(BA27*BB27,0) -> 0 | BD27: =BA27+BC27 -> 0 | BE27: =ROUND(BD27*$C$81,0) -> 0 | BF27: =BD27+BE27 -> 0 | BH27: =H27+Q27+Z27+AI27+AR27+BA27 -> 0 | BI27: =J27+S27+AB27+AK27+AT27+BC27 -> 0 | BJ27: =K27+T27+AC27+AL27+AU27+BD27 -> 0 | BK27: =L27+U27+AD27+AM27+AV27+BE27 -> 0 | BL27: =M27+V27+AE27+AN27+AW27+BF27 -> 0
F28: =2080*D28 -> 0 | G28: =E28/2080 -> 0 | H28: =ROUND(F28*G28,0) -> 0 | I28: 0.3652 | J28: =ROUND(H28*I28,0) -> 0 | K28: =H28+J28 -> 0 | L28: =ROUND(K28*$C$81,0) -> 0 | M28: =K28+L28 -> 0 | O28: =F28 -> 0 | P28: =G28*(1+$C$75) -> 0 | Q28: =ROUND(O28*P28,0) -> 0 | R28: =I28*(1+$C$75) -> 0.376156 | S28: =ROUND(Q28*R28,0) -> 0 | T28: =Q28+S28 -> 0 | U28: =ROUND(T28*$C$81,0) -> 0 | V28: =T28+U28 -> 0 | X28: =O28 -> 0 | Y28: =P28*(1+$C$75) -> 0 | Z28: =ROUND(X28*Y28,0) -> 0 | AA28: =R28*(1+$C$75) -> 0.38744068 | AB28: =ROUND(Z28*AA28,0) -> 0 | AC28: =Z28+AB28 -> 0 | AD28: =ROUND(AC28*$C$81,0) -> 0 | AE28: =AC28+AD28 -> 0 | AG28: =X28 -> 0 | AH28: =Y28*(1+$C$75) -> 0 | AI28: =ROUND(AG28*AH28,0) -> 0 | AJ28: =AA28*(1+$C$75) -> 0.3990639 | AK28: =ROUND(AI28*AJ28,0) -> 0 | AL28: =AI28+AK28 -> 0 | AM28: =ROUND(AL28*$C$81,0) -> 0 | AN28: =AL28+AM28 -> 0 | AP28: =AG28 -> 0 | AQ28: =AH28*(1+$C$75) -> 0 | AR28: =ROUND(AP28*AQ28,0) -> 0 | AS28: =AJ28*(1+$C$75) -> 0.41103582 | AT28: =ROUND(AR28*AS28,0) -> 0 | AU28: =AR28+AT28 -> 0 | AV28: =ROUND(AU28*$C$81,0) -> 0 | AW28: =AU28+AV28 -> 0 | AY28: =AP28 -> 0 | AZ28: =AQ28*(1+$C$75) -> 0 | BA28: =ROUND(AY28*AZ28,0) -> 0 | BB28: =AS28*(1+$C$75) -> 0.42336689 | BC28: =ROUND(BA28*BB28,0) -> 0 | BD28: =BA28+BC28 -> 0 | BE28: =ROUND(BD28*$C$81,0) -> 0 | BF28: =BD28+BE28 -> 0 | BH28: =H28+Q28+Z28+AI28+AR28+BA28 -> 0 | BI28: =J28+S28+AB28+AK28+AT28+BC28 -> 0 | BJ28: =K28+T28+AC28+AL28+AU28+BD28 -> 0 | BK28: =L28+U28+AD28+AM28+AV28+BE28 -> 0 | BL28: =M28+V28+AE28+AN28+AW28+BF28 -> 0
F29: =2080*D29 -> 0 | G29: =E29/2080 -> 0 | H29: =ROUND(F29*G29,0) -> 0 | I29: 0.3652 | J29: =ROUND(H29*I29,0) -> 0 | K29: =H29+J29 -> 0 | L29: =ROUND(K29*$C$81,0) -> 0 | M29: =K29+L29 -> 0 | O29: =F29 -> 0 | P29: =G29*(1+$C$75) -> 0 | Q29: =ROUND(O29*P29,0) -> 0 | R29: =I29*(1+$C$75) -> 0.376156 | S29: =ROUND(Q29*R29,0) -> 0 | T29: =Q29+S29 -> 0 | U29: =ROUND(T29*$C$81,0) -> 0 | V29: =T29+U29 -> 0 | X29: =O29 -> 0 | Y29: =P29*(1+$C$75) -> 0 | Z29: =ROUND(X29*Y29,0) -> 0 | AA29: =R29*(1+$C$75) -> 0.38744068 | AB29: =ROUND(Z29*AA29,0) -> 0 | AC29: =Z29+AB29 -> 0 | AD29: =ROUND(AC29*$C$81,0) -> 0 | AE29: =AC29+AD29 -> 0 | AG29: =X29 -> 0 | AH29: =Y29*(1+$C$75) -> 0 | AI29: =ROUND(AG29*AH29,0) -> 0 | AJ29: =AA29*(1+$C$75) -> 0.3990639 | AK29: =ROUND(AI29*AJ29,0) -> 0 | AL29: =AI29+AK29 -> 0 | AM29: =ROUND(AL29*$C$81,0) -> 0 | AN29: =AL29+AM29 -> 0 | AP29: =AG29 -> 0 | AQ29: =AH29*(1+$C$75) -> 0 | AR29: =ROUND(AP29*AQ29,0) -> 0 | AS29: =AJ29*(1+$C$75) -> 0.41103582 | AT29: =ROUND(AR29*AS29,0) -> 0 | AU29: =AR29+AT29 -> 0 | AV29: =ROUND(AU29*$C$81,0) -> 0 | AW29: =AU29+AV29 -> 0 | AY29: =AP29 -> 0 | AZ29: =AQ29*(1+$C$75) -> 0 | BA29: =ROUND(AY29*AZ29,0) -> 0 | BB29: =AS29*(1+$C$75) -> 0.42336689 | BC29: =ROUND(BA29*BB29,0) -> 0 | BD29: =BA29+BC29 -> 0 | BE29: =ROUND(BD29*$C$81,0) -> 0 | BF29: =BD29+BE29 -> 0 | BH29: =H29+Q29+Z29+AI29+AR29+BA29 -> 0 | BI29: =J29+S29+AB29+AK29+AT29+BC29 -> 0 | BJ29: =K29+T29+AC29+AL29+AU29+BD29 -> 0 | BK29: =L29+U29+AD29+AM29+AV29+BE29 -> 0 | BL29: =M29+V29+AE29+AN29+AW29+BF29 -> 0
F30: =2080*D30 -> 0 | G30: =E30/2080 -> 0 | H30: =ROUND(F30*G30,0) -> 0 | I30: 0.3652 | J30: =ROUND(H30*I30,0) -> 0 | K30: =H30+J30 -> 0 | L30: =ROUND(K30*$C$81,0) -> 0 | M30: =K30+L30 -> 0 | O30: =F30 -> 0 | P30: =G30*(1+$C$75) -> 0 | Q30: =ROUND(O30*P30,0) -> 0 | R30: =I30*(1+$C$75) -> 0.376156 | S30: =ROUND(Q30*R30,0) -> 0 | T30: =Q30+S30 -> 0 | U30: =ROUND(T30*$C$81,0) -> 0 | V30: =T30+U30 -> 0 | X30: =O30 -> 0 | Y30: =P30*(1+$C$75) -> 0 | Z30: =ROUND(X30*Y30,0) -> 0 | AA30: =R30*(1+$C$75) -> 0.38744068 | AB30: =ROUND(Z30*AA30,0) -> 0 | AC30: =Z30+AB30 -> 0 | AD30: =ROUND(AC30*$C$81,0) -> 0 | AE30: =AC30+AD30 -> 0 | AG30: =X30 -> 0 | AH30: =Y30*(1+$C$75) -> 0 | AI30: =ROUND(AG30*AH30,0) -> 0 | AJ30: =AA30*(1+$C$75) -> 0.3990639 | AK30: =ROUND(AI30*AJ30,0) -> 0 | AL30: =AI30+AK30 -> 0 | AM30: =ROUND(AL30*$C$81,0) -> 0 | AN30: =AL30+AM30 -> 0 | AP30: =AG30 -> 0 | AQ30: =AH30*(1+$C$75) -> 0 | AR30: =ROUND(AP30*AQ30,0) -> 0 | AS30: =AJ30*(1+$C$75) -> 0.41103582 | AT30: =ROUND(AR30*AS30,0) -> 0 | AU30: =AR30+AT30 -> 0 | AV30: =ROUND(AU30*$C$81,0) -> 0 | AW30: =AU30+AV30 -> 0 | AY30: =AP30 -> 0 | AZ30: =AQ30*(1+$C$75) -> 0 | BA30: =ROUND(AY30*AZ30,0) -> 0 | BB30: =AS30*(1+$C$75) -> 0.42336689 | BC30: =ROUND(BA30*BB30,0) -> 0 | BD30: =BA30+BC30 -> 0 | BE30: =ROUND(BD30*$C$81,0) -> 0 | BF30: =BD30+BE30 -> 0 | BH30: =H30+Q30+Z30+AI30+AR30+BA30 -> 0 | BI30: =J30+S30+AB30+AK30+AT30+BC30 -> 0 | BJ30: =K30+T30+AC30+AL30+AU30+BD30 -> 0 | BK30: =L30+U30+AD30+AM30+AV30+BE30 -> 0 | BL30: =M30+V30+AE30+AN30+AW30+BF30 -> 0
A31: TOTAL TA2 LABOR FOR ALL YEARS | H31: =SUM(H20:H30) -> 14355 | J31: =SUM(J20:J30) -> 5243 | K31: =SUM(K20:K30) -> 19598 | L31: =SUM(L20:L30) -> 11739 | M31: =SUM(M20:M30) -> 31337 | Q31: =SUM(Q20:Q30) -> 14786 | S31: =SUM(S20:S30) -> 5562 | T31: =SUM(T20:T30) -> 20348 | U31: =SUM(U20:U30) -> 12188 | V31: =SUM(V20:V30) -> 32536 | Z31: =SUM(Z20:Z30) -> 15229 | AB31: =SUM(AB20:AB30) -> 5900 | AC31: =SUM(AC20:AC30) -> 21129 | AD31: =SUM(AD20:AD30) -> 12656 | AE31: =SUM(AE20:AE30) -> 33785 | AI31: =SUM(AI20:AI30) -> 15686 | AK31: =SUM(AK20:AK30) -> 6259 | AL31: =SUM(AL20:AL30) -> 21945 | AM31: =SUM(AM20:AM30) -> 13145 | AN31: =SUM(AN20:AN30) -> 35090 | AR31: =SUM(AR20:AR30) -> 16157 | AT31: =SUM(AT20:AT30) -> 6641 | AU31: =SUM(AU20:AU30) -> 22798 | AV31: =SUM(AV20:AV30) -> 13656 | AW31: =SUM(AW20:AW30) -> 36454 | BA31: =SUM(BA20:BA30) -> 16641 | BC31: =SUM(BC20:BC30) -> 7045 | BD31: =SUM(BD20:BD30) -> 23686 | BE31: =SUM(BE20:BE30) -> 14188 | BF31: =SUM(BF20:BF30) -> 37874 | BH31: =SUM(BH20:BH30) -> 92854 | BI31: =SUM(BI20:BI30) -> 36650 | BJ31: =SUM(BJ20:BJ30) -> 129504 | BK31: =SUM(BK20:BK30) -> 77572 | BL31: =SUM(BL20:BL30) -> 207076 | BM31: TA2
A32: TA3 | B32: John Doe | C32: Principal Investigator | D32: 0.05 | E32: 212100 | F32: =2080*D32 -> 104 | G32: =E32/2080 -> 101.97115 | H32: =ROUND(F32*G32,0) -> 10605 | I32: 0.3652 | J32: =ROUND(H32*I32,0) -> 3873 | K32: =H32+J32 -> 14478 | L32: =ROUND(K32*$C$81,0) -> 8672 | M32: =K32+L32 -> 23150 | O32: =F32 -> 104 | P32: =G32*(1+$C$75) -> 105.03029 | Q32: =ROUND(O32*P32,0) -> 10923 | R32: =I32*(1+$C$75) -> 0.376156 | S32: =ROUND(Q32*R32,0) -> 4109 | T32: =Q32+S32 -> 15032 | U32: =ROUND(T32*$C$81,0) -> 9004 | V32: =T32+U32 -> 24036 | X32: =O32 -> 104 | Y32: =P32*(1+$C$75) -> 108.1812 | Z32: =ROUND(X32*Y32,0) -> 11251 | AA32: =R32*(1+$C$75) -> 0.38744068 | AB32: =ROUND(Z32*AA32,0) -> 4359 | AC32: =Z32+AB32 -> 15610 | AD32: =ROUND(AC32*$C$81,0) -> 9350 | AE32: =AC32+AD32 -> 24960 | AG32: =X32 -> 104 | AH32: =Y32*(1+$C$75) -> 111.42663 | AI32: =ROUND(AG32*AH32,0) -> 11588 | AJ32: =AA32*(1+$C$75) -> 0.3990639 | AK32: =ROUND(AI32*AJ32,0) -> 4624 | AL32: =AI32+AK32 -> 16212 | AM32: =ROUND(AL32*$C$81,0) -> 9711 | AN32: =AL32+AM32 -> 25923 | AP32: =AG32 -> 104 | AQ32: =AH32*(1+$C$75) -> 114.76943 | AR32: =ROUND(AP32*AQ32,0) -> 11936 | AS32: =AJ32*(1+$C$75) -> 0.41103582 | AT32: =ROUND(AR32*AS32,0) -> 4906 | AU32: =AR32+AT32 -> 16842 | AV32: =ROUND(AU32*$C$81,0) -> 10088 | AW32: =AU32+AV32 -> 26930 | AY32: =AP32 -> 104 | AZ32: =AQ32*(1+$C$75) -> 118.21251 | BA32: =ROUND(AY32*AZ32,0) -> 12294 | BB32: =AS32*(1+$C$75) -> 0.42336689 | BC32: =ROUND(BA32*BB32,0) -> 5205 | BD32: =BA32+BC32 -> 17499 | BE32: =ROUND(BD32*$C$81,0) -> 10482 | BF32: =BD32+BE32 -> 27981 | BH32: =H32+Q32+Z32+AI32+AR32+BA32 -> 68597 | BI32: =J32+S32+AB32+AK32+AT32+BC32 -> 27076 | BJ32: =K32+T32+AC32+AL32+AU32+BD32 -> 95673 | BK32: =L32+U32+AD32+AM32+AV32+BE32 -> 57307 | BL32: =M32+V32+AE32+AN32+AW32+BF32 -> 152980
B33: Jane Doe | C33: Co-Investigator | D33: 0.025 | E33: 150000 | F33: =2080*D33 -> 52 | G33: =E33/2080 -> 72.115385 | H33: =ROUND(F33*G33,0) -> 3750 | I33: 0.3652 | J33: =ROUND(H33*I33,0) -> 1370 | K33: =H33+J33 -> 5120 | L33: =ROUND(K33*$C$81,0) -> 3067 | M33: =K33+L33 -> 8187 | O33: =F33 -> 52 | P33: =G33*(1+$C$75) -> 74.278846 | Q33: =ROUND(O33*P33,0) -> 3863 | R33: =I33*(1+$C$75) -> 0.376156 | S33: =ROUND(Q33*R33,0) -> 1453 | T33: =Q33+S33 -> 5316 | U33: =ROUND(T33*$C$81,0) -> 3184 | V33: =T33+U33 -> 8500 | X33: =O33 -> 52 | Y33: =P33*(1+$C$75) -> 76.507212 | Z33: =ROUND(X33*Y33,0) -> 3978 | AA33: =R33*(1+$C$75) -> 0.38744068 | AB33: =ROUND(Z33*AA33,0) -> 1541 | AC33: =Z33+AB33 -> 5519 | AD33: =ROUND(AC33*$C$81,0) -> 3306 | AE33: =AC33+AD33 -> 8825 | AG33: =X33 -> 52 | AH33: =Y33*(1+$C$75) -> 78.802428 | AI33: =ROUND(AG33*AH33,0) -> 4098 | AJ33: =AA33*(1+$C$75) -> 0.3990639 | AK33: =ROUND(AI33*AJ33,0) -> 1635 | AL33: =AI33+AK33 -> 5733 | AM33: =ROUND(AL33*$C$81,0) -> 3434 | AN33: =AL33+AM33 -> 9167 | AP33: =AG33 -> 52 | AQ33: =AH33*(1+$C$75) -> 81.166501 | AR33: =ROUND(AP33*AQ33,0) -> 4221 | AS33: =AJ33*(1+$C$75) -> 0.41103582 | AT33: =ROUND(AR33*AS33,0) -> 1735 | AU33: =AR33+AT33 -> 5956 | AV33: =ROUND(AU33*$C$81,0) -> 3568 | AW33: =AU33+AV33 -> 9524 | AY33: =AP33 -> 52 | AZ33: =AQ33*(1+$C$75) -> 83.601496 | BA33: =ROUND(AY33*AZ33,0) -> 4347 | BB33: =AS33*(1+$C$75) -> 0.42336689 | BC33: =ROUND(BA33*BB33,0) -> 1840 | BD33: =BA33+BC33 -> 6187 | BE33: =ROUND(BD33*$C$81,0) -> 3706 | BF33: =BD33+BE33 -> 9893 | BH33: =H33+Q33+Z33+AI33+AR33+BA33 -> 24257 | BI33: =J33+S33+AB33+AK33+AT33+BC33 -> 9574 | BJ33: =K33+T33+AC33+AL33+AU33+BD33 -> 33831 | BK33: =L33+U33+AD33+AM33+AV33+BE33 -> 20265 | BL33: =M33+V33+AE33+AN33+AW33+BF33 -> 54096
F34: =2080*D34 -> 0 | G34: =E34/2080 -> 0 | H34: =ROUND(F34*G34,0) -> 0 | I34: 0.3652 | J34: =ROUND(H34*I34,0) -> 0 | K34: =H34+J34 -> 0 | L34: =ROUND(K34*$C$81,0) -> 0 | M34: =K34+L34 -> 0 | O34: =F34 -> 0 | P34: =G34*(1+$C$75) -> 0 | Q34: =ROUND(O34*P34,0) -> 0 | R34: =I34*(1+$C$75) -> 0.376156 | S34: =ROUND(Q34*R34,0) -> 0 | T34: =Q34+S34 -> 0 | U34: =ROUND(T34*$C$81,0) -> 0 | V34: =T34+U34 -> 0 | X34: =O34 -> 0 | Y34: =P34*(1+$C$75) -> 0 | Z34: =ROUND(X34*Y34,0) -> 0 | AA34: =R34*(1+$C$75) -> 0.38744068 | AB34: =ROUND(Z34*AA34,0) -> 0 | AC34: =Z34+AB34 -> 0 | AD34: =ROUND(AC34*$C$81,0) -> 0 | AE34: =AC34+AD34 -> 0 | AG34: =X34 -> 0 | AH34: =Y34*(1+$C$75) -> 0 | AI34: =ROUND(AG34*AH34,0) -> 0 | AJ34: =AA34*(1+$C$75) -> 0.3990639 | AK34: =ROUND(AI34*AJ34,0) -> 0 | AL34: =AI34+AK34 -> 0 | AM34: =ROUND(AL34*$C$81,0) -> 0 | AN34: =AL34+AM34 -> 0 | AP34: =AG34 -> 0 | AQ34: =AH34*(1+$C$75) -> 0 | AR34: =ROUND(AP34*AQ34,0) -> 0 | AS34: =AJ34*(1+$C$75) -> 0.41103582 | AT34: =ROUND(AR34*AS34,0) -> 0 | AU34: =AR34+AT34 -> 0 | AV34: =ROUND(AU34*$C$81,0) -> 0 | AW34: =AU34+AV34 -> 0 | AY34: =AP34 -> 0 | AZ34: =AQ34*(1+$C$75) -> 0 | BA34: =ROUND(AY34*AZ34,0) -> 0 | BB34: =AS34*(1+$C$75) -> 0.42336689 | BC34: =ROUND(BA34*BB34,0) -> 0 | BD34: =BA34+BC34 -> 0 | BE34: =ROUND(BD34*$C$81,0) -> 0 | BF34: =BD34+BE34 -> 0 | BH34: =H34+Q34+Z34+AI34+AR34+BA34 -> 0 | BI34: =J34+S34+AB34+AK34+AT34+BC34 -> 0 | BJ34: =K34+T34+AC34+AL34+AU34+BD34 -> 0 | BK34: =L34+U34+AD34+AM34+AV34+BE34 -> 0 | BL34: =M34+V34+AE34+AN34+AW34+BF34 -> 0
F35: =2080*D35 -> 0 | G35: =E35/2080 -> 0 | H35: =ROUND(F35*G35,0) -> 0 | I35: 0.3652 | J35: =ROUND(H35*I35,0) -> 0 | K35: =H35+J35 -> 0 | L35: =ROUND(K35*$C$81,0) -> 0 | M35: =K35+L35 -> 0 | O35: =F35 -> 0 | P35: =G35*(1+$C$75) -> 0 | Q35: =ROUND(O35*P35,0) -> 0 | R35: =I35*(1+$C$75) -> 0.376156 | S35: =ROUND(Q35*R35,0) -> 0 | T35: =Q35+S35 -> 0 | U35: =ROUND(T35*$C$81,0) -> 0 | V35: =T35+U35 -> 0 | X35: =O35 -> 0 | Y35: =P35*(1+$C$75) -> 0 | Z35: =ROUND(X35*Y35,0) -> 0 | AA35: =R35*(1+$C$75) -> 0.38744068 | AB35: =ROUND(Z35*AA35,0) -> 0 | AC35: =Z35+AB35 -> 0 | AD35: =ROUND(AC35*$C$81,0) -> 0 | AE35: =AC35+AD35 -> 0 | AG35: =X35 -> 0 | AH35: =Y35*(1+$C$75) -> 0 | AI35: =ROUND(AG35*AH35,0) -> 0 | AJ35: =AA35*(1+$C$75) -> 0.3990639 | AK35: =ROUND(AI35*AJ35,0) -> 0 | AL35: =AI35+AK35 -> 0 | AM35: =ROUND(AL35*$C$81,0) -> 0 | AN35: =AL35+AM35 -> 0 | AP35: =AG35 -> 0 | AQ35: =AH35*(1+$C$75) -> 0 | AR35: =ROUND(AP35*AQ35,0) -> 0 | AS35: =AJ35*(1+$C$75) -> 0.41103582 | AT35: =ROUND(AR35*AS35,0) -> 0 | AU35: =AR35+AT35 -> 0 | AV35: =ROUND(AU35*$C$81,0) -> 0 | AW35: =AU35+AV35 -> 0 | AY35: =AP35 -> 0 | AZ35: =AQ35*(1+$C$75) -> 0 | BA35: =ROUND(AY35*AZ35,0) -> 0 | BB35: =AS35*(1+$C$75) -> 0.42336689 | BC35: =ROUND(BA35*BB35,0) -> 0 | BD35: =BA35+BC35 -> 0 | BE35: =ROUND(BD35*$C$81,0) -> 0 | BF35: =BD35+BE35 -> 0 | BH35: =H35+Q35+Z35+AI35+AR35+BA35 -> 0 | BI35: =J35+S35+AB35+AK35+AT35+BC35 -> 0 | BJ35: =K35+T35+AC35+AL35+AU35+BD35 -> 0 | BK35: =L35+U35+AD35+AM35+AV35+BE35 -> 0 | BL35: =M35+V35+AE35+AN35+AW35+BF35 -> 0
F36: =2080*D36 -> 0 | G36: =E36/2080 -> 0 | H36: =ROUND(F36*G36,0) -> 0 | I36: 0.3652 | J36: =ROUND(H36*I36,0) -> 0 | K36: =H36+J36 -> 0 | L36: =ROUND(K36*$C$81,0) -> 0 | M36: =K36+L36 -> 0 | O36: =F36 -> 0 | P36: =G36*(1+$C$75) -> 0 | Q36: =ROUND(O36*P36,0) -> 0 | R36: =I36*(1+$C$75) -> 0.376156 | S36: =ROUND(Q36*R36,0) -> 0 | T36: =Q36+S36 -> 0 | U36: =ROUND(T36*$C$81,0) -> 0 | V36: =T36+U36 -> 0 | X36: =O36 -> 0 | Y36: =P36*(1+$C$75) -> 0 | Z36: =ROUND(X36*Y36,0) -> 0 | AA36: =R36*(1+$C$75) -> 0.38744068 | AB36: =ROUND(Z36*AA36,0) -> 0 | AC36: =Z36+AB36 -> 0 | AD36: =ROUND(AC36*$C$81,0) -> 0 | AE36: =AC36+AD36 -> 0 | AG36: =X36 -> 0 | AH36: =Y36*(1+$C$75) -> 0 | AI36: =ROUND(AG36*AH36,0) -> 0 | AJ36: =AA36*(1+$C$75) -> 0.3990639 | AK36: =ROUND(AI36*AJ36,0) -> 0 | AL36: =AI36+AK36 -> 0 | AM36: =ROUND(AL36*$C$81,0) -> 0 | AN36: =AL36+AM36 -> 0 | AP36: =AG36 -> 0 | AQ36: =AH36*(1+$C$75) -> 0 | AR36: =ROUND(AP36*AQ36,0) -> 0 | AS36: =AJ36*(1+$C$75) -> 0.41103582 | AT36: =ROUND(AR36*AS36,0) -> 0 | AU36: =AR36+AT36 -> 0 | AV36: =ROUND(AU36*$C$81,0) -> 0 | AW36: =AU36+AV36 -> 0 | AY36: =AP36 -> 0 | AZ36: =AQ36*(1+$C$75) -> 0 | BA36: =ROUND(AY36*AZ36,0) -> 0 | BB36: =AS36*(1+$C$75) -> 0.42336689 | BC36: =ROUND(BA36*BB36,0) -> 0 | BD36: =BA36+BC36 -> 0 | BE36: =ROUND(BD36*$C$81,0) -> 0 | BF36: =BD36+BE36 -> 0 | BH36: =H36+Q36+Z36+AI36+AR36+BA36 -> 0 | BI36: =J36+S36+AB36+AK36+AT36+BC36 -> 0 | BJ36: =K36+T36+AC36+AL36+AU36+BD36 -> 0 | BK36: =L36+U36+AD36+AM36+AV36+BE36 -> 0 | BL36: =M36+V36+AE36+AN36+AW36+BF36 -> 0
F37: =2080*D37 -> 0 | G37: =E37/2080 -> 0 | H37: =ROUND(F37*G37,0) -> 0 | I37: 0.3652 | J37: =ROUND(H37*I37,0) -> 0 | K37: =H37+J37 -> 0 | L37: =ROUND(K37*$C$81,0) -> 0 | M37: =K37+L37 -> 0 | O37: =F37 -> 0 | P37: =G37*(1+$C$75) -> 0 | Q37: =ROUND(O37*P37,0) -> 0 | R37: =I37*(1+$C$75) -> 0.376156 | S37: =ROUND(Q37*R37,0) -> 0 | T37: =Q37+S37 -> 0 | U37: =ROUND(T37*$C$81,0) -> 0 | V37: =T37+U37 -> 0 | X37: =O37 -> 0 | Y37: =P37*(1+$C$75) -> 0 | Z37: =ROUND(X37*Y37,0) -> 0 | AA37: =R37*(1+$C$75) -> 0.38744068 | AB37: =ROUND(Z37*AA37,0) -> 0 | AC37: =Z37+AB37 -> 0 | AD37: =ROUND(AC37*$C$81,0) -> 0 | AE37: =AC37+AD37 -> 0 | AG37: =X37 -> 0 | AH37: =Y37*(1+$C$75) -> 0 | AI37: =ROUND(AG37*AH37,0) -> 0 | AJ37: =AA37*(1+$C$75) -> 0.3990639 | AK37: =ROUND(AI37*AJ37,0) -> 0 | AL37: =AI37+AK37 -> 0 | AM37: =ROUND(AL37*$C$81,0) -> 0 | AN37: =AL37+AM37 -> 0 | AP37: =AG37 -> 0 | AQ37: =AH37*(1+$C$75) -> 0 | AR37: =ROUND(AP37*AQ37,0) -> 0 | AS37: =AJ37*(1+$C$75) -> 0.41103582 | AT37: =ROUND(AR37*AS37,0) -> 0 | AU37: =AR37+AT37 -> 0 | AV37: =ROUND(AU37*$C$81,0) -> 0 | AW37: =AU37+AV37 -> 0 | AY37: =AP37 -> 0 | AZ37: =AQ37*(1+$C$75) -> 0 | BA37: =ROUND(AY37*AZ37,0) -> 0 | BB37: =AS37*(1+$C$75) -> 0.42336689 | BC37: =ROUND(BA37*BB37,0) -> 0 | BD37: =BA37+BC37 -> 0 | BE37: =ROUND(BD37*$C$81,0) -> 0 | BF37: =BD37+BE37 -> 0 | BH37: =H37+Q37+Z37+AI37+AR37+BA37 -> 0 | BI37: =J37+S37+AB37+AK37+AT37+BC37 -> 0 | BJ37: =K37+T37+AC37+AL37+AU37+BD37 -> 0 | BK37: =L37+U37+AD37+AM37+AV37+BE37 -> 0 | BL37: =M37+V37+AE37+AN37+AW37+BF37 -> 0
F38: =2080*D38 -> 0 | G38: =E38/2080 -> 0 | H38: =ROUND(F38*G38,0) -> 0 | I38: 0.3652 | J38: =ROUND(H38*I38,0) -> 0 | K38: =H38+J38 -> 0 | L38: =ROUND(K38*$C$81,0) -> 0 | M38: =K38+L38 -> 0 | O38: =F38 -> 0 | P38: =G38*(1+$C$75) -> 0 | Q38: =ROUND(O38*P38,0) -> 0 | R38: =I38*(1+$C$75) -> 0.376156 | S38: =ROUND(Q38*R38,0) -> 0 | T38: =Q38+S38 -> 0 | U38: =ROUND(T38*$C$81,0) -> 0 | V38: =T38+U38 -> 0 | X38: =O38 -> 0 | Y38: =P38*(1+$C$75) -> 0 | Z38: =ROUND(X38*Y38,0) -> 0 | AA38: =R38*(1+$C$75) -> 0.38744068 | AB38: =ROUND(Z38*AA38,0) -> 0 | AC38: =Z38+AB38 -> 0 | AD38: =ROUND(AC38*$C$81,0) -> 0 | AE38: =AC38+AD38 -> 0 | AG38: =X38 -> 0 | AH38: =Y38*(1+$C$75) -> 0 | AI38: =ROUND(AG38*AH38,0) -> 0 | AJ38: =AA38*(1+$C$75) -> 0.3990639 | AK38: =ROUND(AI38*AJ38,0) -> 0 | AL38: =AI38+AK38 -> 0 | AM38: =ROUND(AL38*$C$81,0) -> 0 | AN38: =AL38+AM38 -> 0 | AP38: =AG38 -> 0 | AQ38: =AH38*(1+$C$75) -> 0 | AR38: =ROUND(AP38*AQ38,0) -> 0 | AS38: =AJ38*(1+$C$75) -> 0.41103582 | AT38: =ROUND(AR38*AS38,0) -> 0 | AU38: =AR38+AT38 -> 0 | AV38: =ROUND(AU38*$C$81,0) -> 0 | AW38: =AU38+AV38 -> 0 | AY38: =AP38 -> 0 | AZ38: =AQ38*(1+$C$75) -> 0 | BA38: =ROUND(AY38*AZ38,0) -> 0 | BB38: =AS38*(1+$C$75) -> 0.42336689 | BC38: =ROUND(BA38*BB38,0) -> 0 | BD38: =BA38+BC38 -> 0 | BE38: =ROUND(BD38*$C$81,0) -> 0 | BF38: =BD38+BE38 -> 0 | BH38: =H38+Q38+Z38+AI38+AR38+BA38 -> 0 | BI38: =J38+S38+AB38+AK38+AT38+BC38 -> 0 | BJ38: =K38+T38+AC38+AL38+AU38+BD38 -> 0 | BK38: =L38+U38+AD38+AM38+AV38+BE38 -> 0 | BL38: =M38+V38+AE38+AN38+AW38+BF38 -> 0
F39: =2080*D39 -> 0 | G39: =E39/2080 -> 0 | H39: =ROUND(F39*G39,0) -> 0 | I39: 0.3652 | J39: =ROUND(H39*I39,0) -> 0 | K39: =H39+J39 -> 0 | L39: =ROUND(K39*$C$81,0) -> 0 | M39: =K39+L39 -> 0 | O39: =F39 -> 0 | P39: =G39*(1+$C$75) -> 0 | Q39: =ROUND(O39*P39,0) -> 0 | R39: =I39*(1+$C$75) -> 0.376156 | S39: =ROUND(Q39*R39,0) -> 0 | T39: =Q39+S39 -> 0 | U39: =ROUND(T39*$C$81,0) -> 0 | V39: =T39+U39 -> 0 | X39: =O39 -> 0 | Y39: =P39*(1+$C$75) -> 0 | Z39: =ROUND(X39*Y39,0) -> 0 | AA39: =R39*(1+$C$75) -> 0.38744068 | AB39: =ROUND(Z39*AA39,0) -> 0 | AC39: =Z39+AB39 -> 0 | AD39: =ROUND(AC39*$C$81,0) -> 0 | AE39: =AC39+AD39 -> 0 | AG39: =X39 -> 0 | AH39: =Y39*(1+$C$75) -> 0 | AI39: =ROUND(AG39*AH39,0) -> 0 | AJ39: =AA39*(1+$C$75) -> 0.3990639 | AK39: =ROUND(AI39*AJ39,0) -> 0 | AL39: =AI39+AK39 -> 0 | AM39: =ROUND(AL39*$C$81,0) -> 0 | AN39: =AL39+AM39 -> 0 | AP39: =AG39 -> 0 | AQ39: =AH39*(1+$C$75) -> 0 | AR39: =ROUND(AP39*AQ39,0) -> 0 | AS39: =AJ39*(1+$C$75) -> 0.41103582 | AT39: =ROUND(AR39*AS39,0) -> 0 | AU39: =AR39+AT39 -> 0 | AV39: =ROUND(AU39*$C$81,0) -> 0 | AW39: =AU39+AV39 -> 0 | AY39: =AP39 -> 0 | AZ39: =AQ39*(1+$C$75) -> 0 | BA39: =ROUND(AY39*AZ39,0) -> 0 | BB39: =AS39*(1+$C$75) -> 0.42336689 | BC39: =ROUND(BA39*BB39,0) -> 0 | BD39: =BA39+BC39 -> 0 | BE39: =ROUND(BD39*$C$81,0) -> 0 | BF39: =BD39+BE39 -> 0 | BH39: =H39+Q39+Z39+AI39+AR39+BA39 -> 0 | BI39: =J39+S39+AB39+AK39+AT39+BC39 -> 0 | BJ39: =K39+T39+AC39+AL39+AU39+BD39 -> 0 | BK39: =L39+U39+AD39+AM39+AV39+BE39 -> 0 | BL39: =M39+V39+AE39+AN39+AW39+BF39 -> 0
F40: =2080*D40 -> 0 | G40: =E40/2080 -> 0 | H40: =ROUND(F40*G40,0) -> 0 | I40: 0.3652 | J40: =ROUND(H40*I40,0) -> 0 | K40: =H40+J40 -> 0 | L40: =ROUND(K40*$C$81,0) -> 0 | M40: =K40+L40 -> 0 | O40: =F40 -> 0 | P40: =G40*(1+$C$75) -> 0 | Q40: =ROUND(O40*P40,0) -> 0 | R40: =I40*(1+$C$75) -> 0.376156 | S40: =ROUND(Q40*R40,0) -> 0 | T40: =Q40+S40 -> 0 | U40: =ROUND(T40*$C$81,0) -> 0 | V40: =T40+U40 -> 0 | X40: =O40 -> 0 | Y40: =P40*(1+$C$75) -> 0 | Z40: =ROUND(X40*Y40,0) -> 0 | AA40: =R40*(1+$C$75) -> 0.38744068 | AB40: =ROUND(Z40*AA40,0) -> 0 | AC40: =Z40+AB40 -> 0 | AD40: =ROUND(AC40*$C$81,0) -> 0 | AE40: =AC40+AD40 -> 0 | AG40: =X40 -> 0 | AH40: =Y40*(1+$C$75) -> 0 | AI40: =ROUND(AG40*AH40,0) -> 0 | AJ40: =AA40*(1+$C$75) -> 0.3990639 | AK40: =ROUND(AI40*AJ40,0) -> 0 | AL40: =AI40+AK40 -> 0 | AM40: =ROUND(AL40*$C$81,0) -> 0 | AN40: =AL40+AM40 -> 0 | AP40: =AG40 -> 0 | AQ40: =AH40*(1+$C$75) -> 0 | AR40: =ROUND(AP40*AQ40,0) -> 0 | AS40: =AJ40*(1+$C$75) -> 0.41103582 | AT40: =ROUND(AR40*AS40,0) -> 0 | AU40: =AR40+AT40 -> 0 | AV40: =ROUND(AU40*$C$81,0) -> 0 | AW40: =AU40+AV40 -> 0 | AY40: =AP40 -> 0 | AZ40: =AQ40*(1+$C$75) -> 0 | BA40: =ROUND(AY40*AZ40,0) -> 0 | BB40: =AS40*(1+$C$75) -> 0.42336689 | BC40: =ROUND(BA40*BB40,0) -> 0 | BD40: =BA40+BC40 -> 0 | BE40: =ROUND(BD40*$C$81,0) -> 0 | BF40: =BD40+BE40 -> 0 | BH40: =H40+Q40+Z40+AI40+AR40+BA40 -> 0 | BI40: =J40+S40+AB40+AK40+AT40+BC40 -> 0 | BJ40: =K40+T40+AC40+AL40+AU40+BD40 -> 0 | BK40: =L40+U40+AD40+AM40+AV40+BE40 -> 0 | BL40: =M40+V40+AE40+AN40+AW40+BF40 -> 0
F41: =2080*D41 -> 0 | G41: =E41/2080 -> 0 | H41: =ROUND(F41*G41,0) -> 0 | I41: 0.3652 | J41: =ROUND(H41*I41,0) -> 0 | K41: =H41+J41 -> 0 | L41: =ROUND(K41*$C$81,0) -> 0 | M41: =K41+L41 -> 0 | O41: =F41 -> 0 | P41: =G41*(1+$C$75) -> 0 | Q41: =ROUND(O41*P41,0) -> 0 | R41: =I41*(1+$C$75) -> 0.376156 | S41: =ROUND(Q41*R41,0) -> 0 | T41: =Q41+S41 -> 0 | U41: =ROUND(T41*$C$81,0) -> 0 | V41: =T41+U41 -> 0 | X41: =O41 -> 0 | Y41: =P41*(1+$C$75) -> 0 | Z41: =ROUND(X41*Y41,0) -> 0 | AA41: =R41*(1+$C$75) -> 0.38744068 | AB41: =ROUND(Z41*AA41,0) -> 0 | AC41: =Z41+AB41 -> 0 | AD41: =ROUND(AC41*$C$81,0) -> 0 | AE41: =AC41+AD41 -> 0 | AG41: =X41 -> 0 | AH41: =Y41*(1+$C$75) -> 0 | AI41: =ROUND(AG41*AH41,0) -> 0 | AJ41: =AA41*(1+$C$75) -> 0.3990639 | AK41: =ROUND(AI41*AJ41,0) -> 0 | AL41: =AI41+AK41 -> 0 | AM41: =ROUND(AL41*$C$81,0) -> 0 | AN41: =AL41+AM41 -> 0 | AP41: =AG41 -> 0 | AQ41: =AH41*(1+$C$75) -> 0 | AR41: =ROUND(AP41*AQ41,0) -> 0 | AS41: =AJ41*(1+$C$75) -> 0.41103582 | AT41: =ROUND(AR41*AS41,0) -> 0 | AU41: =AR41+AT41 -> 0 | AV41: =ROUND(AU41*$C$81,0) -> 0 | AW41: =AU41+AV41 -> 0 | AY41: =AP41 -> 0 | AZ41: =AQ41*(1+$C$75) -> 0 | BA41: =ROUND(AY41*AZ41,0) -> 0 | BB41: =AS41*(1+$C$75) -> 0.42336689 | BC41: =ROUND(BA41*BB41,0) -> 0 | BD41: =BA41+BC41 -> 0 | BE41: =ROUND(BD41*$C$81,0) -> 0 | BF41: =BD41+BE41 -> 0 | BH41: =H41+Q41+Z41+AI41+AR41+BA41 -> 0 | BI41: =J41+S41+AB41+AK41+AT41+BC41 -> 0 | BJ41: =K41+T41+AC41+AL41+AU41+BD41 -> 0 | BK41: =L41+U41+AD41+AM41+AV41+BE41 -> 0 | BL41: =M41+V41+AE41+AN41+AW41+BF41 -> 0
F42: =2080*D42 -> 0 | G42: =E42/2080 -> 0 | H42: =ROUND(F42*G42,0) -> 0 | I42: 0.3652 | J42: =ROUND(H42*I42,0) -> 0 | K42: =H42+J42 -> 0 | L42: =ROUND(K42*$C$81,0) -> 0 | M42: =K42+L42 -> 0 | O42: =F42 -> 0 | P42: =G42*(1+$C$75) -> 0 | Q42: =ROUND(O42*P42,0) -> 0 | R42: =I42*(1+$C$75) -> 0.376156 | S42: =ROUND(Q42*R42,0) -> 0 | T42: =Q42+S42 -> 0 | U42: =ROUND(T42*$C$81,0) -> 0 | V42: =T42+U42 -> 0 | X42: =O42 -> 0 | Y42: =P42*(1+$C$75) -> 0 | Z42: =ROUND(X42*Y42,0) -> 0 | AA42: =R42*(1+$C$75) -> 0.38744068 | AB42: =ROUND(Z42*AA42,0) -> 0 | AC42: =Z42+AB42 -> 0 | AD42: =ROUND(AC42*$C$81,0) -> 0 | AE42: =AC42+AD42 -> 0 | AG42: =X42 -> 0 | AH42: =Y42*(1+$C$75) -> 0 | AI42: =ROUND(AG42*AH42,0) -> 0 | AJ42: =AA42*(1+$C$75) -> 0.3990639 | AK42: =ROUND(AI42*AJ42,0) -> 0 | AL42: =AI42+AK42 -> 0 | AM42: =ROUND(AL42*$C$81,0) -> 0 | AN42: =AL42+AM42 -> 0 | AP42: =AG42 -> 0 | AQ42: =AH42*(1+$C$75) -> 0 | AR42: =ROUND(AP42*AQ42,0) -> 0 | AS42: =AJ42*(1+$C$75) -> 0.41103582 | AT42: =ROUND(AR42*AS42,0) -> 0 | AU42: =AR42+AT42 -> 0 | AV42: =ROUND(AU42*$C$81,0) -> 0 | AW42: =AU42+AV42 -> 0 | AY42: =AP42 -> 0 | AZ42: =AQ42*(1+$C$75) -> 0 | BA42: =ROUND(AY42*AZ42,0) -> 0 | BB42: =AS42*(1+$C$75) -> 0.42336689 | BC42: =ROUND(BA42*BB42,0) -> 0 | BD42: =BA42+BC42 -> 0 | BE42: =ROUND(BD42*$C$81,0) -> 0 | BF42: =BD42+BE42 -> 0 | BH42: =H42+Q42+Z42+AI42+AR42+BA42 -> 0 | BI42: =J42+S42+AB42+AK42+AT42+BC42 -> 0 | BJ42: =K42+T42+AC42+AL42+AU42+BD42 -> 0 | BK42: =L42+U42+AD42+AM42+AV42+BE42 -> 0 | BL42: =M42+V42+AE42+AN42+AW42+BF42 -> 0
A43: TOTAL TA3 LABOR FOR ALL YEARS | H43: =SUM(H32:H42) -> 14355 | J43: =SUM(J32:J42) -> 5243 | K43: =SUM(K32:K42) -> 19598 | L43: =SUM(L32:L42) -> 11739 | M43: =SUM(M32:M42) -> 31337 | Q43: =SUM(Q32:Q42) -> 14786 | S43: =SUM(S32:S42) -> 5562 | T43: =SUM(T32:T42) -> 20348 | U43: =SUM(U32:U42) -> 12188 | V43: =SUM(V32:V42) -> 32536 | Z43: =SUM(Z32:Z42) -> 15229 | AB43: =SUM(AB32:AB42) -> 5900 | AC43: =SUM(AC32:AC42) -> 21129 | AD43: =SUM(AD32:AD42) -> 12656 | AE43: =SUM(AE32:AE42) -> 33785 | AI43: =SUM(AI32:AI42) -> 15686 | AK43: =SUM(AK32:AK42) -> 6259 | AL43: =SUM(AL32:AL42) -> 21945 | AM43: =SUM(AM32:AM42) -> 13145 | AN43: =SUM(AN32:AN42) -> 35090 | AR43: =SUM(AR32:AR42) -> 16157 | AT43: =SUM(AT32:AT42) -> 6641 | AU43: =SUM(AU32:AU42) -> 22798 | AV43: =SUM(AV32:AV42) -> 13656 | AW43: =SUM(AW32:AW42) -> 36454 | BA43: =SUM(BA32:BA42) -> 16641 | BC43: =SUM(BC32:BC42) -> 7045 | BD43: =SUM(BD32:BD42) -> 23686 | BE43: =SUM(BE32:BE42) -> 14188 | BF43: =SUM(BF32:BF42) -> 37874 | BH43: =SUM(BH32:BH42) -> 92854 | BI43: =SUM(BI32:BI42) -> 36650 | BJ43: =SUM(BJ32:BJ42) -> 129504 | BK43: =SUM(BK32:BK42) -> 77572 | BL43: =SUM(BL32:BL42) -> 207076 | BM43: TA3
A44: TA4 | B44: John Doe | C44: Principal Investigator | D44: 0.05 | E44: 212100 | F44: =2080*D44 -> 104 | G44: =E44/2080 -> 101.97115 | H44: =ROUND(F44*G44,0) -> 10605 | I44: 0.3652 | J44: =ROUND(H44*I44,0) -> 3873 | K44: =H44+J44 -> 14478 | L44: =ROUND(K44*$C$81,0) -> 8672 | M44: =K44+L44 -> 23150 | O44: =F44 -> 104 | P44: =G44*(1+$C$75) -> 105.03029 | Q44: =ROUND(O44*P44,0) -> 10923 | R44: =I44*(1+$C$75) -> 0.376156 | S44: =ROUND(Q44*R44,0) -> 4109 | T44: =Q44+S44 -> 15032 | U44: =ROUND(T44*$C$81,0) -> 9004 | V44: =T44+U44 -> 24036 | X44: =O44 -> 104 | Y44: =P44*(1+$C$75) -> 108.1812 | Z44: =ROUND(X44*Y44,0) -> 11251 | AA44: =R44*(1+$C$75) -> 0.38744068 | AB44: =ROUND(Z44*AA44,0) -> 4359 | AC44: =Z44+AB44 -> 15610 | AD44: =ROUND(AC44*$C$81,0) -> 9350 | AE44: =AC44+AD44 -> 24960 | AG44: =X44 -> 104 | AH44: =Y44*(1+$C$75) -> 111.42663 | AI44: =ROUND(AG44*AH44,0) -> 11588 | AJ44: =AA44*(1+$C$75) -> 0.3990639 | AK44: =ROUND(AI44*AJ44,0) -> 4624 | AL44: =AI44+AK44 -> 16212 | AM44: =ROUND(AL44*$C$81,0) -> 9711 | AN44: =AL44+AM44 -> 25923 | AP44: =AG44 -> 104 | AQ44: =AH44*(1+$C$75) -> 114.76943 | AR44: =ROUND(AP44*AQ44,0) -> 11936 | AS44: =AJ44*(1+$C$75) -> 0.41103582 | AT44: =ROUND(AR44*AS44,0) -> 4906 | AU44: =AR44+AT44 -> 16842 | AV44: =ROUND(AU44*$C$81,0) -> 10088 | AW44: =AU44+AV44 -> 26930 | AY44: =AP44 -> 104 | AZ44: =AQ44*(1+$C$75) -> 118.21251 | BA44: =ROUND(AY44*AZ44,0) -> 12294 | BB44: =AS44*(1+$C$75) -> 0.42336689 | BC44: =ROUND(BA44*BB44,0) -> 5205 | BD44: =BA44+BC44 -> 17499 | BE44: =ROUND(BD44*$C$81,0) -> 10482 | BF44: =BD44+BE44 -> 27981 | BH44: =H44+Q44+Z44+AI44+AR44+BA44 -> 68597 | BI44: =J44+S44+AB44+AK44+AT44+BC44 -> 27076 | BJ44: =K44+T44+AC44+AL44+AU44+BD44 -> 95673 | BK44: =L44+U44+AD44+AM44+AV44+BE44 -> 57307 | BL44: =M44+V44+AE44+AN44+AW44+BF44 -> 152980
B45: Jane Doe | C45: Co-Investigator | D45: 0.025 | E45: 150000 | F45: =2080*D45 -> 52 | G45: =E45/2080 -> 72.115385 | H45: =ROUND(F45*G45,0) -> 3750 | I45: 0.3652 | J45: =ROUND(H45*I45,0) -> 1370 | K45: =H45+J45 -> 5120 | L45: =ROUND(K45*$C$81,0) -> 3067 | M45: =K45+L45 -> 8187 | O45: =F45 -> 52 | P45: =G45*(1+$C$75) -> 74.278846 | Q45: =ROUND(O45*P45,0) -> 3863 | R45: =I45*(1+$C$75) -> 0.376156 | S45: =ROUND(Q45*R45,0) -> 1453 | T45: =Q45+S45 -> 5316 | U45: =ROUND(T45*$C$81,0) -> 3184 | V45: =T45+U45 -> 8500 | X45: =O45 -> 52 | Y45: =P45*(1+$C$75) -> 76.507212 | Z45: =ROUND(X45*Y45,0) -> 3978 | AA45: =R45*(1+$C$75) -> 0.38744068 | AB45: =ROUND(Z45*AA45,0) -> 1541 | AC45: =Z45+AB45 -> 5519 | AD45: =ROUND(AC45*$C$81,0) -> 3306 | AE45: =AC45+AD45 -> 8825 | AG45: =X45 -> 52 | AH45: =Y45*(1+$C$75) -> 78.802428 | AI45: =ROUND(AG45*AH45,0) -> 4098 | AJ45: =AA45*(1+$C$75) -> 0.3990639 | AK45: =ROUND(AI45*AJ45,0) -> 1635 | AL45: =AI45+AK45 -> 5733 | AM45: =ROUND(AL45*$C$81,0) -> 3434 | AN45: =AL45+AM45 -> 9167 | AP45: =AG45 -> 52 | AQ45: =AH45*(1+$C$75) -> 81.166501 | AR45: =ROUND(AP45*AQ45,0) -> 4221 | AS45: =AJ45*(1+$C$75) -> 0.41103582 | AT45: =ROUND(AR45*AS45,0) -> 1735 | AU45: =AR45+AT45 -> 5956 | AV45: =ROUND(AU45*$C$81,0) -> 3568 | AW45: =AU45+AV45 -> 9524 | AY45: =AP45 -> 52 | AZ45: =AQ45*(1+$C$75) -> 83.601496 | BA45: =ROUND(AY45*AZ45,0) -> 4347 | BB45: =AS45*(1+$C$75) -> 0.42336689 | BC45: =ROUND(BA45*BB45,0) -> 1840 | BD45: =BA45+BC45 -> 6187 | BE45: =ROUND(BD45*$C$81,0) -> 3706 | BF45: =BD45+BE45 -> 9893 | BH45: =H45+Q45+Z45+AI45+AR45+BA45 -> 24257 | BI45: =J45+S45+AB45+AK45+AT45+BC45 -> 9574 | BJ45: =K45+T45+AC45+AL45+AU45+BD45 -> 33831 | BK45: =L45+U45+AD45+AM45+AV45+BE45 -> 20265 | BL45: =M45+V45+AE45+AN45+AW45+BF45 -> 54096
F46: =2080*D46 -> 0 | G46: =E46/2080 -> 0 | H46: =ROUND(F46*G46,0) -> 0 | I46: 0.3652 | J46: =ROUND(H46*I46,0) -> 0 | K46: =H46+J46 -> 0 | L46: =ROUND(K46*$C$81,0) -> 0 | M46: =K46+L46 -> 0 | O46: =F46 -> 0 | P46: =G46*(1+$C$75) -> 0 | Q46: =ROUND(O46*P46,0) -> 0 | R46: =I46*(1+$C$75) -> 0.376156 | S46: =ROUND(Q46*R46,0) -> 0 | T46: =Q46+S46 -> 0 | U46: =ROUND(T46*$C$81,0) -> 0 | V46: =T46+U46 -> 0 | X46: =O46 -> 0 | Y46: =P46*(1+$C$75) -> 0 | Z46: =ROUND(X46*Y46,0) -> 0 | AA46: =R46*(1+$C$75) -> 0.38744068 | AB46: =ROUND(Z46*AA46,0) -> 0 | AC46: =Z46+AB46 -> 0 | AD46: =ROUND(AC46*$C$81,0) -> 0 | AE46: =AC46+AD46 -> 0 | AG46: =X46 -> 0 | AH46: =Y46*(1+$C$75) -> 0 | AI46: =ROUND(AG46*AH46,0) -> 0 | AJ46: =AA46*(1+$C$75) -> 0.3990639 | AK46: =ROUND(AI46*AJ46,0) -> 0 | AL46: =AI46+AK46 -> 0 | AM46: =ROUND(AL46*$C$81,0) -> 0 | AN46: =AL46+AM46 -> 0 | AP46: =AG46 -> 0 | AQ46: =AH46*(1+$C$75) -> 0 | AR46: =ROUND(AP46*AQ46,0) -> 0 | AS46: =AJ46*(1+$C$75) -> 0.41103582 | AT46: =ROUND(AR46*AS46,0) -> 0 | AU46: =AR46+AT46 -> 0 | AV46: =ROUND(AU46*$C$81,0) -> 0 | AW46: =AU46+AV46 -> 0 | AY46: =AP46 -> 0 | AZ46: =AQ46*(1+$C$75) -> 0 | BA46: =ROUND(AY46*AZ46,0) -> 0 | BB46: =AS46*(1+$C$75) -> 0.42336689 | BC46: =ROUND(BA46*BB46,0) -> 0 | BD46: =BA46+BC46 -> 0 | BE46: =ROUND(BD46*$C$81,0) -> 0 | BF46: =BD46+BE46 -> 0 | BH46: =H46+Q46+Z46+AI46+AR46+BA46 -> 0 | BI46: =J46+S46+AB46+AK46+AT46+BC46 -> 0 | BJ46: =K46+T46+AC46+AL46+AU46+BD46 -> 0 | BK46: =L46+U46+AD46+AM46+AV46+BE46 -> 0 | BL46: =M46+V46+AE46+AN46+AW46+BF46 -> 0
F47: =2080*D47 -> 0 | G47: =E47/2080 -> 0 | H47: =ROUND(F47*G47,0) -> 0 | I47: 0.3652 | J47: =ROUND(H47*I47,0) -> 0 | K47: =H47+J47 -> 0 | L47: =ROUND(K47*$C$81,0) -> 0 | M47: =K47+L47 -> 0 | O47: =F47 -> 0 | P47: =G47*(1+$C$75) -> 0 | Q47: =ROUND(O47*P47,0) -> 0 | R47: =I47*(1+$C$75) -> 0.376156 | S47: =ROUND(Q47*R47,0) -> 0 | T47: =Q47+S47 -> 0 | U47: =ROUND(T47*$C$81,0) -> 0 | V47: =T47+U47 -> 0 | X47: =O47 -> 0 | Y47: =P47*(1+$C$75) -> 0 | Z47: =ROUND(X47*Y47,0) -> 0 | AA47: =R47*(1+$C$75) -> 0.38744068 | AB47: =ROUND(Z47*AA47,0) -> 0 | AC47: =Z47+AB47 -> 0 | AD47: =ROUND(AC47*$C$81,0) -> 0 | AE47: =AC47+AD47 -> 0 | AG47: =X47 -> 0 | AH47: =Y47*(1+$C$75) -> 0 | AI47: =ROUND(AG47*AH47,0) -> 0 | AJ47: =AA47*(1+$C$75) -> 0.3990639 | AK47: =ROUND(AI47*AJ47,0) -> 0 | AL47: =AI47+AK47 -> 0 | AM47: =ROUND(AL47*$C$81,0) -> 0 | AN47: =AL47+AM47 -> 0 | AP47: =AG47 -> 0 | AQ47: =AH47*(1+$C$75) -> 0 | AR47: =ROUND(AP47*AQ47,0) -> 0 | AS47: =AJ47*(1+$C$75) -> 0.41103582 | AT47: =ROUND(AR47*AS47,0) -> 0 | AU47: =AR47+AT47 -> 0 | AV47: =ROUND(AU47*$C$81,0) -> 0 | AW47: =AU47+AV47 -> 0 | AY47: =AP47 -> 0 | AZ47: =AQ47*(1+$C$75) -> 0 | BA47: =ROUND(AY47*AZ47,0) -> 0 | BB47: =AS47*(1+$C$75) -> 0.42336689 | BC47: =ROUND(BA47*BB47,0) -> 0 | BD47: =BA47+BC47 -> 0 | BE47: =ROUND(BD47*$C$81,0) -> 0 | BF47: =BD47+BE47 -> 0 | BH47: =H47+Q47+Z47+AI47+AR47+BA47 -> 0 | BI47: =J47+S47+AB47+AK47+AT47+BC47 -> 0 | BJ47: =K47+T47+AC47+AL47+AU47+BD47 -> 0 | BK47: =L47+U47+AD47+AM47+AV47+BE47 -> 0 | BL47: =M47+V47+AE47+AN47+AW47+BF47 -> 0
F48: =2080*D48 -> 0 | G48: =E48/2080 -> 0 | H48: =ROUND(F48*G48,0) -> 0 | I48: 0.3652 | J48: =ROUND(H48*I48,0) -> 0 | K48: =H48+J48 -> 0 | L48: =ROUND(K48*$C$81,0) -> 0 | M48: =K48+L48 -> 0 | O48: =F48 -> 0 | P48: =G48*(1+$C$75) -> 0 | Q48: =ROUND(O48*P48,0) -> 0 | R48: =I48*(1+$C$75) -> 0.376156 | S48: =ROUND(Q48*R48,0) -> 0 | T48: =Q48+S48 -> 0 | U48: =ROUND(T48*$C$81,0) -> 0 | V48: =T48+U48 -> 0 | X48: =O48 -> 0 | Y48: =P48*(1+$C$75) -> 0 | Z48: =ROUND(X48*Y48,0) -> 0 | AA48: =R48*(1+$C$75) -> 0.38744068 | AB48: =ROUND(Z48*AA48,0) -> 0 | AC48: =Z48+AB48 -> 0 | AD48: =ROUND(AC48*$C$81,0) -> 0 | AE48: =AC48+AD48 -> 0 | AG48: =X48 -> 0 | AH48: =Y48*(1+$C$75) -> 0 | AI48: =ROUND(AG48*AH48,0) -> 0 | AJ48: =AA48*(1+$C$75) -> 0.3990639 | AK48: =ROUND(AI48*AJ48,0) -> 0 | AL48: =AI48+AK48 -> 0 | AM48: =ROUND(AL48*$C$81,0) -> 0 | AN48: =AL48+AM48 -> 0 | AP48: =AG48 -> 0 | AQ48: =AH48*(1+$C$75) -> 0 | AR48: =ROUND(AP48*AQ48,0) -> 0 | AS48: =AJ48*(1+$C$75) -> 0.41103582 | AT48: =ROUND(AR48*AS48,0) -> 0 | AU48: =AR48+AT48 -> 0 | AV48: =ROUND(AU48*$C$81,0) -> 0 | AW48: =AU48+AV48 -> 0 | AY48: =AP48 -> 0 | AZ48: =AQ48*(1+$C$75) -> 0 | BA48: =ROUND(AY48*AZ48,0) -> 0 | BB48: =AS48*(1+$C$75) -> 0.42336689 | BC48: =ROUND(BA48*BB48,0) -> 0 | BD48: =BA48+BC48 -> 0 | BE48: =ROUND(BD48*$C$81,0) -> 0 | BF48: =BD48+BE48 -> 0 | BH48: =H48+Q48+Z48+AI48+AR48+BA48 -> 0 | BI48: =J48+S48+AB48+AK48+AT48+BC48 -> 0 | BJ48: =K48+T48+AC48+AL48+AU48+BD48 -> 0 | BK48: =L48+U48+AD48+AM48+AV48+BE48 -> 0 | BL48: =M48+V48+AE48+AN48+AW48+BF48 -> 0
F49: =2080*D49 -> 0 | G49: =E49/2080 -> 0 | H49: =ROUND(F49*G49,0) -> 0 | I49: 0.3652 | J49: =ROUND(H49*I49,0) -> 0 | K49: =H49+J49 -> 0 | L49: =ROUND(K49*$C$81,0) -> 0 | M49: =K49+L49 -> 0 | O49: =F49 -> 0 | P49: =G49*(1+$C$75) -> 0 | Q49: =ROUND(O49*P49,0) -> 0 | R49: =I49*(1+$C$75) -> 0.376156 | S49: =ROUND(Q49*R49,0) -> 0 | T49: =Q49+S49 -> 0 | U49: =ROUND(T49*$C$81,0) -> 0 | V49: =T49+U49 -> 0 | X49: =O49 -> 0 | Y49: =P49*(1+$C$75) -> 0 | Z49: =ROUND(X49*Y49,0) -> 0 | AA49: =R49*(1+$C$75) -> 0.38744068 | AB49: =ROUND(Z49*AA49,0) -> 0 | AC49: =Z49+AB49 -> 0 | AD49: =ROUND(AC49*$C$81,0) -> 0 | AE49: =AC49+AD49 -> 0 | AG49: =X49 -> 0 | AH49: =Y49*(1+$C$75) -> 0 | AI49: =ROUND(AG49*AH49,0) -> 0 | AJ49: =AA49*(1+$C$75) -> 0.3990639 | AK49: =ROUND(AI49*AJ49,0) -> 0 | AL49: =AI49+AK49 -> 0 | AM49: =ROUND(AL49*$C$81,0) -> 0 | AN49: =AL49+AM49 -> 0 | AP49: =AG49 -> 0 | AQ49: =AH49*(1+$C$75) -> 0 | AR49: =ROUND(AP49*AQ49,0) -> 0 | AS49: =AJ49*(1+$C$75) -> 0.41103582 | AT49: =ROUND(AR49*AS49,0) -> 0 | AU49: =AR49+AT49 -> 0 | AV49: =ROUND(AU49*$C$81,0) -> 0 | AW49: =AU49+AV49 -> 0 | AY49: =AP49 -> 0 | AZ49: =AQ49*(1+$C$75) -> 0 | BA49: =ROUND(AY49*AZ49,0) -> 0 | BB49: =AS49*(1+$C$75) -> 0.42336689 | BC49: =ROUND(BA49*BB49,0) -> 0 | BD49: =BA49+BC49 -> 0 | BE49: =ROUND(BD49*$C$81,0) -> 0 | BF49: =BD49+BE49 -> 0 | BH49: =H49+Q49+Z49+AI49+AR49+BA49 -> 0 | BI49: =J49+S49+AB49+AK49+AT49+BC49 -> 0 | BJ49: =K49+T49+AC49+AL49+AU49+BD49 -> 0 | BK49: =L49+U49+AD49+AM49+AV49+BE49 -> 0 | BL49: =M49+V49+AE49+AN49+AW49+BF49 -> 0
F50: =2080*D50 -> 0 | G50: =E50/2080 -> 0 | H50: =ROUND(F50*G50,0) -> 0 | I50: 0.3652 | J50: =ROUND(H50*I50,0) -> 0 | K50: =H50+J50 -> 0 | L50: =ROUND(K50*$C$81,0) -> 0 | M50: =K50+L50 -> 0 | O50: =F50 -> 0 | P50: =G50*(1+$C$75) -> 0 | Q50: =ROUND(O50*P50,0) -> 0 | R50: =I50*(1+$C$75) -> 0.376156 | S50: =ROUND(Q50*R50,0) -> 0 | T50: =Q50+S50 -> 0 | U50: =ROUND(T50*$C$81,0) -> 0 | V50: =T50+U50 -> 0 | X50: =O50 -> 0 | Y50: =P50*(1+$C$75) -> 0 | Z50: =ROUND(X50*Y50,0) -> 0 | AA50: =R50*(1+$C$75) -> 0.38744068 | AB50: =ROUND(Z50*AA50,0) -> 0 | AC50: =Z50+AB50 -> 0 | AD50: =ROUND(AC50*$C$81,0) -> 0 | AE50: =AC50+AD50 -> 0 | AG50: =X50 -> 0 | AH50: =Y50*(1+$C$75) -> 0 | AI50: =ROUND(AG50*AH50,0) -> 0 | AJ50: =AA50*(1+$C$75) -> 0.3990639 | AK50: =ROUND(AI50*AJ50,0) -> 0 | AL50: =AI50+AK50 -> 0 | AM50: =ROUND(AL50*$C$81,0) -> 0 | AN50: =AL50+AM50 -> 0 | AP50: =AG50 -> 0 | AQ50: =AH50*(1+$C$75) -> 0 | AR50: =ROUND(AP50*AQ50,0) -> 0 | AS50: =AJ50*(1+$C$75) -> 0.41103582 | AT50: =ROUND(AR50*AS50,0) -> 0 | AU50: =AR50+AT50 -> 0 | AV50: =ROUND(AU50*$C$81,0) -> 0 | AW50: =AU50+AV50 -> 0 | AY50: =AP50 -> 0 | AZ50: =AQ50*(1+$C$75) -> 0 | BA50: =ROUND(AY50*AZ50,0) -> 0 | BB50: =AS50*(1+$C$75) -> 0.42336689 | BC50: =ROUND(BA50*BB50,0) -> 0 | BD50: =BA50+BC50 -> 0 | BE50: =ROUND(BD50*$C$81,0) -> 0 | BF50: =BD50+BE50 -> 0 | BH50: =H50+Q50+Z50+AI50+AR50+BA50 -> 0 | BI50: =J50+S50+AB50+AK50+AT50+BC50 -> 0 | BJ50: =K50+T50+AC50+AL50+AU50+BD50 -> 0 | BK50: =L50+U50+AD50+AM50+AV50+BE50 -> 0 | BL50: =M50+V50+AE50+AN50+AW50+BF50 -> 0
F51: =2080*D51 -> 0 | G51: =E51/2080 -> 0 | H51: =ROUND(F51*G51,0) -> 0 | I51: 0.3652 | J51: =ROUND(H51*I51,0) -> 0 | K51: =H51+J51 -> 0 | L51: =ROUND(K51*$C$81,0) -> 0 | M51: =K51+L51 -> 0 | O51: =F51 -> 0 | P51: =G51*(1+$C$75) -> 0 | Q51: =ROUND(O51*P51,0) -> 0 | R51: =I51*(1+$C$75) -> 0.376156 | S51: =ROUND(Q51*R51,0) -> 0 | T51: =Q51+S51 -> 0 | U51: =ROUND(T51*$C$81,0) -> 0 | V51: =T51+U51 -> 0 | X51: =O51 -> 0 | Y51: =P51*(1+$C$75) -> 0 | Z51: =ROUND(X51*Y51,0) -> 0 | AA51: =R51*(1+$C$75) -> 0.38744068 | AB51: =ROUND(Z51*AA51,0) -> 0 | AC51: =Z51+AB51 -> 0 | AD51: =ROUND(AC51*$C$81,0) -> 0 | AE51: =AC51+AD51 -> 0 | AG51: =X51 -> 0 | AH51: =Y51*(1+$C$75) -> 0 | AI51: =ROUND(AG51*AH51,0) -> 0 | AJ51: =AA51*(1+$C$75) -> 0.3990639 | AK51: =ROUND(AI51*AJ51,0) -> 0 | AL51: =AI51+AK51 -> 0 | AM51: =ROUND(AL51*$C$81,0) -> 0 | AN51: =AL51+AM51 -> 0 | AP51: =AG51 -> 0 | AQ51: =AH51*(1+$C$75) -> 0 | AR51: =ROUND(AP51*AQ51,0) -> 0 | AS51: =AJ51*(1+$C$75) -> 0.41103582 | AT51: =ROUND(AR51*AS51,0) -> 0 | AU51: =AR51+AT51 -> 0 | AV51: =ROUND(AU51*$C$81,0) -> 0 | AW51: =AU51+AV51 -> 0 | AY51: =AP51 -> 0 | AZ51: =AQ51*(1+$C$75) -> 0 | BA51: =ROUND(AY51*AZ51,0) -> 0 | BB51: =AS51*(1+$C$75) -> 0.42336689 | BC51: =ROUND(BA51*BB51,0) -> 0 | BD51: =BA51+BC51 -> 0 | BE51: =ROUND(BD51*$C$81,0) -> 0 | BF51: =BD51+BE51 -> 0 | BH51: =H51+Q51+Z51+AI51+AR51+BA51 -> 0 | BI51: =J51+S51+AB51+AK51+AT51+BC51 -> 0 | BJ51: =K51+T51+AC51+AL51+AU51+BD51 -> 0 | BK51: =L51+U51+AD51+AM51+AV51+BE51 -> 0 | BL51: =M51+V51+AE51+AN51+AW51+BF51 -> 0
F52: =2080*D52 -> 0 | G52: =E52/2080 -> 0 | H52: =ROUND(F52*G52,0) -> 0 | I52: 0.3652 | J52: =ROUND(H52*I52,0) -> 0 | K52: =H52+J52 -> 0 | L52: =ROUND(K52*$C$81,0) -> 0 | M52: =K52+L52 -> 0 | O52: =F52 -> 0 | P52: =G52*(1+$C$75) -> 0 | Q52: =ROUND(O52*P52,0) -> 0 | R52: =I52*(1+$C$75) -> 0.376156 | S52: =ROUND(Q52*R52,0) -> 0 | T52: =Q52+S52 -> 0 | U52: =ROUND(T52*$C$81,0) -> 0 | V52: =T52+U52 -> 0 | X52: =O52 -> 0 | Y52: =P52*(1+$C$75) -> 0 | Z52: =ROUND(X52*Y52,0) -> 0 | AA52: =R52*(1+$C$75) -> 0.38744068 | AB52: =ROUND(Z52*AA52,0) -> 0 | AC52: =Z52+AB52 -> 0 | AD52: =ROUND(AC52*$C$81,0) -> 0 | AE52: =AC52+AD52 -> 0 | AG52: =X52 -> 0 | AH52: =Y52*(1+$C$75) -> 0 | AI52: =ROUND(AG52*AH52,0) -> 0 | AJ52: =AA52*(1+$C$75) -> 0.3990639 | AK52: =ROUND(AI52*AJ52,0) -> 0 | AL52: =AI52+AK52 -> 0 | AM52: =ROUND(AL52*$C$81,0) -> 0 | AN52: =AL52+AM52 -> 0 | AP52: =AG52 -> 0 | AQ52: =AH52*(1+$C$75) -> 0 | AR52: =ROUND(AP52*AQ52,0) -> 0 | AS52: =AJ52*(1+$C$75) -> 0.41103582 | AT52: =ROUND(AR52*AS52,0) -> 0 | AU52: =AR52+AT52 -> 0 | AV52: =ROUND(AU52*$C$81,0) -> 0 | AW52: =AU52+AV52 -> 0 | AY52: =AP52 -> 0 | AZ52: =AQ52*(1+$C$75) -> 0 | BA52: =ROUND(AY52*AZ52,0) -> 0 | BB52: =AS52*(1+$C$75) -> 0.42336689 | BC52: =ROUND(BA52*BB52,0) -> 0 | BD52: =BA52+BC52 -> 0 | BE52: =ROUND(BD52*$C$81,0) -> 0 | BF52: =BD52+BE52 -> 0 | BH52: =H52+Q52+Z52+AI52+AR52+BA52 -> 0 | BI52: =J52+S52+AB52+AK52+AT52+BC52 -> 0 | BJ52: =K52+T52+AC52+AL52+AU52+BD52 -> 0 | BK52: =L52+U52+AD52+AM52+AV52+BE52 -> 0 | BL52: =M52+V52+AE52+AN52+AW52+BF52 -> 0
F53: =2080*D53 -> 0 | G53: =E53/2080 -> 0 | H53: =ROUND(F53*G53,0) -> 0 | I53: 0.3652 | J53: =ROUND(H53*I53,0) -> 0 | K53: =H53+J53 -> 0 | L53: =ROUND(K53*$C$81,0) -> 0 | M53: =K53+L53 -> 0 | O53: =F53 -> 0 | P53: =G53*(1+$C$75) -> 0 | Q53: =ROUND(O53*P53,0) -> 0 | R53: =I53*(1+$C$75) -> 0.376156 | S53: =ROUND(Q53*R53,0) -> 0 | T53: =Q53+S53 -> 0 | U53: =ROUND(T53*$C$81,0) -> 0 | V53: =T53+U53 -> 0 | X53: =O53 -> 0 | Y53: =P53*(1+$C$75) -> 0 | Z53: =ROUND(X53*Y53,0) -> 0 | AA53: =R53*(1+$C$75) -> 0.38744068 | AB53: =ROUND(Z53*AA53,0) -> 0 | AC53: =Z53+AB53 -> 0 | AD53: =ROUND(AC53*$C$81,0) -> 0 | AE53: =AC53+AD53 -> 0 | AG53: =X53 -> 0 | AH53: =Y53*(1+$C$75) -> 0 | AI53: =ROUND(AG53*AH53,0) -> 0 | AJ53: =AA53*(1+$C$75) -> 0.3990639 | AK53: =ROUND(AI53*AJ53,0) -> 0 | AL53: =AI53+AK53 -> 0 | AM53: =ROUND(AL53*$C$81,0) -> 0 | AN53: =AL53+AM53 -> 0 | AP53: =AG53 -> 0 | AQ53: =AH53*(1+$C$75) -> 0 | AR53: =ROUND(AP53*AQ53,0) -> 0 | AS53: =AJ53*(1+$C$75) -> 0.41103582 | AT53: =ROUND(AR53*AS53,0) -> 0 | AU53: =AR53+AT53 -> 0 | AV53: =ROUND(AU53*$C$81,0) -> 0 | AW53: =AU53+AV53 -> 0 | AY53: =AP53 -> 0 | AZ53: =AQ53*(1+$C$75) -> 0 | BA53: =ROUND(AY53*AZ53,0) -> 0 | BB53: =AS53*(1+$C$75) -> 0.42336689 | BC53: =ROUND(BA53*BB53,0) -> 0 | BD53: =BA53+BC53 -> 0 | BE53: =ROUND(BD53*$C$81,0) -> 0 | BF53: =BD53+BE53 -> 0 | BH53: =H53+Q53+Z53+AI53+AR53+BA53 -> 0 | BI53: =J53+S53+AB53+AK53+AT53+BC53 -> 0 | BJ53: =K53+T53+AC53+AL53+AU53+BD53 -> 0 | BK53: =L53+U53+AD53+AM53+AV53+BE53 -> 0 | BL53: =M53+V53+AE53+AN53+AW53+BF53 -> 0
F54: =2080*D54 -> 0 | G54: =E54/2080 -> 0 | H54: =ROUND(F54*G54,0) -> 0 | I54: 0.3652 | J54: =ROUND(H54*I54,0) -> 0 | K54: =H54+J54 -> 0 | L54: =ROUND(K54*$C$81,0) -> 0 | M54: =K54+L54 -> 0 | O54: =F54 -> 0 | P54: =G54*(1+$C$75) -> 0 | Q54: =ROUND(O54*P54,0) -> 0 | R54: =I54*(1+$C$75) -> 0.376156 | S54: =ROUND(Q54*R54,0) -> 0 | T54: =Q54+S54 -> 0 | U54: =ROUND(T54*$C$81,0) -> 0 | V54: =T54+U54 -> 0 | X54: =O54 -> 0 | Y54: =P54*(1+$C$75) -> 0 | Z54: =ROUND(X54*Y54,0) -> 0 | AA54: =R54*(1+$C$75) -> 0.38744068 | AB54: =ROUND(Z54*AA54,0) -> 0 | AC54: =Z54+AB54 -> 0 | AD54: =ROUND(AC54*$C$81,0) -> 0 | AE54: =AC54+AD54 -> 0 | AG54: =X54 -> 0 | AH54: =Y54*(1+$C$75) -> 0 | AI54: =ROUND(AG54*AH54,0) -> 0 | AJ54: =AA54*(1+$C$75) -> 0.3990639 | AK54: =ROUND(AI54*AJ54,0) -> 0 | AL54: =AI54+AK54 -> 0 | AM54: =ROUND(AL54*$C$81,0) -> 0 | AN54: =AL54+AM54 -> 0 | AP54: =AG54 -> 0 | AQ54: =AH54*(1+$C$75) -> 0 | AR54: =ROUND(AP54*AQ54,0) -> 0 | AS54: =AJ54*(1+$C$75) -> 0.41103582 | AT54: =ROUND(AR54*AS54,0) -> 0 | AU54: =AR54+AT54 -> 0 | AV54: =ROUND(AU54*$C$81,0) -> 0 | AW54: =AU54+AV54 -> 0 | AY54: =AP54 -> 0 | AZ54: =AQ54*(1+$C$75) -> 0 | BA54: =ROUND(AY54*AZ54,0) -> 0 | BB54: =AS54*(1+$C$75) -> 0.42336689 | BC54: =ROUND(BA54*BB54,0) -> 0 | BD54: =BA54+BC54 -> 0 | BE54: =ROUND(BD54*$C$81,0) -> 0 | BF54: =BD54+BE54 -> 0 | BH54: =H54+Q54+Z54+AI54+AR54+BA54 -> 0 | BI54: =J54+S54+AB54+AK54+AT54+BC54 -> 0 | BJ54: =K54+T54+AC54+AL54+AU54+BD54 -> 0 | BK54: =L54+U54+AD54+AM54+AV54+BE54 -> 0 | BL54: =M54+V54+AE54+AN54+AW54+BF54 -> 0
A55: TOTAL TA4 LABOR FOR ALL YEARS | H55: =SUM(H44:H54) -> 14355 | J55: =SUM(J44:J54) -> 5243 | K55: =SUM(K44:K54) -> 19598 | L55: =SUM(L44:L54) -> 11739 | M55: =SUM(M44:M54) -> 31337 | Q55: =SUM(Q44:Q54) -> 14786 | S55: =SUM(S44:S54) -> 5562 | T55: =SUM(T44:T54) -> 20348 | U55: =SUM(U44:U54) -> 12188 | V55: =SUM(V44:V54) -> 32536 | Z55: =SUM(Z44:Z54) -> 15229 | AB55: =SUM(AB44:AB54) -> 5900 | AC55: =SUM(AC44:AC54) -> 21129 | AD55: =SUM(AD44:AD54) -> 12656 | AE55: =SUM(AE44:AE54) -> 33785 | AI55: =SUM(AI44:AI54) -> 15686 | AK55: =SUM(AK44:AK54) -> 6259 | AL55: =SUM(AL44:AL54) -> 21945 | AM55: =SUM(AM44:AM54) -> 13145 | AN55: =SUM(AN44:AN54) -> 35090 | AR55: =SUM(AR44:AR54) -> 16157 | AT55: =SUM(AT44:AT54) -> 6641 | AU55: =SUM(AU44:AU54) -> 22798 | AV55: =SUM(AV44:AV54) -> 13656 | AW55: =SUM(AW44:AW54) -> 36454 | BA55: =SUM(BA44:BA54) -> 16641 | BC55: =SUM(BC44:BC54) -> 7045 | BD55: =SUM(BD44:BD54) -> 23686 | BE55: =SUM(BE44:BE54) -> 14188 | BF55: =SUM(BF44:BF54) -> 37874 | BH55: =SUM(BH44:BH54) -> 92854 | BI55: =SUM(BI44:BI54) -> 36650 | BJ55: =SUM(BJ44:BJ54) -> 129504 | BK55: =SUM(BK44:BK54) -> 77572 | BL55: =SUM(BL44:BL54) -> 207076 | BM55: TA4
A56: TA5 | B56: John Doe | C56: Principal Investigator | D56: 0.05 | E56: 212100 | F56: =2080*D56 -> 104 | G56: =E56/2080 -> 101.97115 | H56: =ROUND(F56*G56,0) -> 10605 | I56: 0.3652 | J56: =ROUND(H56*I56,0) -> 3873 | K56: =H56+J56 -> 14478 | L56: =ROUND(K56*$C$81,0) -> 8672 | M56: =K56+L56 -> 23150 | O56: =F56 -> 104 | P56: =G56*(1+$C$75) -> 105.03029 | Q56: =ROUND(O56*P56,0) -> 10923 | R56: =I56*(1+$C$75) -> 0.376156 | S56: =ROUND(Q56*R56,0) -> 4109 | T56: =Q56+S56 -> 15032 | U56: =ROUND(T56*$C$81,0) -> 9004 | V56: =T56+U56 -> 24036 | X56: =O56 -> 104 | Y56: =P56*(1+$C$75) -> 108.1812 | Z56: =ROUND(X56*Y56,0) -> 11251 | AA56: =R56*(1+$C$75) -> 0.38744068 | AB56: =ROUND(Z56*AA56,0) -> 4359 | AC56: =Z56+AB56 -> 15610 | AD56: =ROUND(AC56*$C$81,0) -> 9350 | AE56: =AC56+AD56 -> 24960 | AG56: =X56 -> 104 | AH56: =Y56*(1+$C$75) -> 111.42663 | AI56: =ROUND(AG56*AH56,0) -> 11588 | AJ56: =AA56*(1+$C$75) -> 0.3990639 | AK56: =ROUND(AI56*AJ56,0) -> 4624 | AL56: =AI56+AK56 -> 16212 | AM56: =ROUND(AL56*$C$81,0) -> 9711 | AN56: =AL56+AM56 -> 25923 | AP56: =AG56 -> 104 | AQ56: =AH56*(1+$C$75) -> 114.76943 | AR56: =ROUND(AP56*AQ56,0) -> 11936 | AS56: =AJ56*(1+$C$75) -> 0.41103582 | AT56: =ROUND(AR56*AS56,0) -> 4906 | AU56: =AR56+AT56 -> 16842 | AV56: =ROUND(AU56*$C$81,0) -> 10088 | AW56: =AU56+AV56 -> 26930 | AY56: =AP56 -> 104 | AZ56: =AQ56*(1+$C$75) -> 118.21251 | BA56: =ROUND(AY56*AZ56,0) -> 12294 | BB56: =AS56*(1+$C$75) -> 0.42336689 | BC56: =ROUND(BA56*BB56,0) -> 5205 | BD56: =BA56+BC56 -> 17499 | BE56: =ROUND(BD56*$C$81,0) -> 10482 | BF56: =BD56+BE56 -> 27981 | BH56: =H56+Q56+Z56+AI56+AR56+BA56 -> 68597 | BI56: =J56+S56+AB56+AK56+AT56+BC56 -> 27076 | BJ56: =K56+T56+AC56+AL56+AU56+BD56 -> 95673 | BK56: =L56+U56+AD56+AM56+AV56+BE56 -> 57307 | BL56: =M56+V56+AE56+AN56+AW56+BF56 -> 152980
B57: Jane Doe | C57: Co-Investigator | D57: 0.025 | E57: 150000 | F57: =2080*D57 -> 52 | G57: =E57/2080 -> 72.115385 | H57: =ROUND(F57*G57,0) -> 3750 | I57: 0.3652 | J57: =ROUND(H57*I57,0) -> 1370 | K57: =H57+J57 -> 5120 | L57: =ROUND(K57*$C$81,0) -> 3067 | M57: =K57+L57 -> 8187 | O57: =F57 -> 52 | P57: =G57*(1+$C$75) -> 74.278846 | Q57: =ROUND(O57*P57,0) -> 3863 | R57: =I57*(1+$C$75) -> 0.376156 | S57: =ROUND(Q57*R57,0) -> 1453 | T57: =Q57+S57 -> 5316 | U57: =ROUND(T57*$C$81,0) -> 3184 | V57: =T57+U57 -> 8500 | X57: =O57 -> 52 | Y57: =P57*(1+$C$75) -> 76.507212 | Z57: =ROUND(X57*Y57,0) -> 3978 | AA57: =R57*(1+$C$75) -> 0.38744068 | AB57: =ROUND(Z57*AA57,0) -> 1541 | AC57: =Z57+AB57 -> 5519 | AD57: =ROUND(AC57*$C$81,0) -> 3306 | AE57: =AC57+AD57 -> 8825 | AG57: =X57 -> 52 | AH57: =Y57*(1+$C$75) -> 78.802428 | AI57: =ROUND(AG57*AH57,0) -> 4098 | AJ57: =AA57*(1+$C$75) -> 0.3990639 | AK57: =ROUND(AI57*AJ57,0) -> 1635 | AL57: =AI57+AK57 -> 5733 | AM57: =ROUND(AL57*$C$81,0) -> 3434 | AN57: =AL57+AM57 -> 9167 | AP57: =AG57 -> 52 | AQ57: =AH57*(1+$C$75) -> 81.166501 | AR57: =ROUND(AP57*AQ57,0) -> 4221 | AS57: =AJ57*(1+$C$75) -> 0.41103582 | AT57: =ROUND(AR57*AS57,0) -> 1735 | AU57: =AR57+AT57 -> 5956 | AV57: =ROUND(AU57*$C$81,0) -> 3568 | AW57: =AU57+AV57 -> 9524 | AY57: =AP57 -> 52 | AZ57: =AQ57*(1+$C$75) -> 83.601496 | BA57: =ROUND(AY57*AZ57,0) -> 4347 | BB57: =AS57*(1+$C$75) -> 0.42336689 | BC57: =ROUND(BA57*BB57,0) -> 1840 | BD57: =BA57+BC57 -> 6187 | BE57: =ROUND(BD57*$C$81,0) -> 3706 | BF57: =BD57+BE57 -> 9893 | BH57: =H57+Q57+Z57+AI57+AR57+BA57 -> 24257 | BI57: =J57+S57+AB57+AK57+AT57+BC57 -> 9574 | BJ57: =K57+T57+AC57+AL57+AU57+BD57 -> 33831 | BK57: =L57+U57+AD57+AM57+AV57+BE57 -> 20265 | BL57: =M57+V57+AE57+AN57+AW57+BF57 -> 54096
F58: =2080*D58 -> 0 | G58: =E58/2080 -> 0 | H58: =ROUND(F58*G58,0) -> 0 | I58: 0.3652 | J58: =ROUND(H58*I58,0) -> 0 | K58: =H58+J58 -> 0 | L58: =ROUND(K58*$C$81,0) -> 0 | M58: =K58+L58 -> 0 | O58: =F58 -> 0 | P58: =G58*(1+$C$75) -> 0 | Q58: =ROUND(O58*P58,0) -> 0 | R58: =I58*(1+$C$75) -> 0.376156 | S58: =ROUND(Q58*R58,0) -> 0 | T58: =Q58+S58 -> 0 | U58: =ROUND(T58*$C$81,0) -> 0 | V58: =T58+U58 -> 0 | X58: =O58 -> 0 | Y58: =P58*(1+$C$75) -> 0 | Z58: =ROUND(X58*Y58,0) -> 0 | AA58: =R58*(1+$C$75) -> 0.38744068 | AB58: =ROUND(Z58*AA58,0) -> 0 | AC58: =Z58+AB58 -> 0 | AD58: =ROUND(AC58*$C$81,0) -> 0 | AE58: =AC58+AD58 -> 0 | AG58: =X58 -> 0 | AH58: =Y58*(1+$C$75) -> 0 | AI58: =ROUND(AG58*AH58,0) -> 0 | AJ58: =AA58*(1+$C$75) -> 0.3990639 | AK58: =ROUND(AI58*AJ58,0) -> 0 | AL58: =AI58+AK58 -> 0 | AM58: =ROUND(AL58*$C$81,0) -> 0 | AN58: =AL58+AM58 -> 0 | AP58: =AG58 -> 0 | AQ58: =AH58*(1+$C$75) -> 0 | AR58: =ROUND(AP58*AQ58,0) -> 0 | AS58: =AJ58*(1+$C$75) -> 0.41103582 | AT58: =ROUND(AR58*AS58,0) -> 0 | AU58: =AR58+AT58 -> 0 | AV58: =ROUND(AU58*$C$81,0) -> 0 | AW58: =AU58+AV58 -> 0 | AY58: =AP58 -> 0 | AZ58: =AQ58*(1+$C$75) -> 0 | BA58: =ROUND(AY58*AZ58,0) -> 0 | BB58: =AS58*(1+$C$75) -> 0.42336689 | BC58: =ROUND(BA58*BB58,0) -> 0 | BD58: =BA58+BC58 -> 0 | BE58: =ROUND(BD58*$C$81,0) -> 0 | BF58: =BD58+BE58 -> 0 | BH58: =H58+Q58+Z58+AI58+AR58+BA58 -> 0 | BI58: =J58+S58+AB58+AK58+AT58+BC58 -> 0 | BJ58: =K58+T58+AC58+AL58+AU58+BD58 -> 0 | BK58: =L58+U58+AD58+AM58+AV58+BE58 -> 0 | BL58: =M58+V58+AE58+AN58+AW58+BF58 -> 0
F59: =2080*D59 -> 0 | G59: =E59/2080 -> 0 | H59: =ROUND(F59*G59,0) -> 0 | I59: 0.3652 | J59: =ROUND(H59*I59,0) -> 0 | K59: =H59+J59 -> 0 | L59: =ROUND(K59*$C$81,0) -> 0 | M59: =K59+L59 -> 0 | O59: =F59 -> 0 | P59: =G59*(1+$C$75) -> 0 | Q59: =ROUND(O59*P59,0) -> 0 | R59: =I59*(1+$C$75) -> 0.376156 | S59: =ROUND(Q59*R59,0) -> 0 | T59: =Q59+S59 -> 0 | U59: =ROUND(T59*$C$81,0) -> 0 | V59: =T59+U59 -> 0 | X59: =O59 -> 0 | Y59: =P59*(1+$C$75) -> 0 | Z59: =ROUND(X59*Y59,0) -> 0 | AA59: =R59*(1+$C$75) -> 0.38744068 | AB59: =ROUND(Z59*AA59,0) -> 0 | AC59: =Z59+AB59 -> 0 | AD59: =ROUND(AC59*$C$81,0) -> 0 | AE59: =AC59+AD59 -> 0 | AG59: =X59 -> 0 | AH59: =Y59*(1+$C$75) -> 0 | AI59: =ROUND(AG59*AH59,0) -> 0 | AJ59: =AA59*(1+$C$75) -> 0.3990639 | AK59: =ROUND(AI59*AJ59,0) -> 0 | AL59: =AI59+AK59 -> 0 | AM59: =ROUND(AL59*$C$81,0) -> 0 | AN59: =AL59+AM59 -> 0 | AP59: =AG59 -> 0 | AQ59: =AH59*(1+$C$75) -> 0 | AR59: =ROUND(AP59*AQ59,0) -> 0 | AS59: =AJ59*(1+$C$75) -> 0.41103582 | AT59: =ROUND(AR59*AS59,0) -> 0 | AU59: =AR59+AT59 -> 0 | AV59: =ROUND(AU59*$C$81,0) -> 0 | AW59: =AU59+AV59 -> 0 | AY59: =AP59 -> 0 | AZ59: =AQ59*(1+$C$75) -> 0 | BA59: =ROUND(AY59*AZ59,0) -> 0 | BB59: =AS59*(1+$C$75) -> 0.42336689 | BC59: =ROUND(BA59*BB59,0) -> 0 | BD59: =BA59+BC59 -> 0 | BE59: =ROUND(BD59*$C$81,0) -> 0 | BF59: =BD59+BE59 -> 0 | BH59: =H59+Q59+Z59+AI59+AR59+BA59 -> 0 | BI59: =J59+S59+AB59+AK59+AT59+BC59 -> 0 | BJ59: =K59+T59+AC59+AL59+AU59+BD59 -> 0 | BK59: =L59+U59+AD59+AM59+AV59+BE59 -> 0 | BL59: =M59+V59+AE59+AN59+AW59+BF59 -> 0
F60: =2080*D60 -> 0 | G60: =E60/2080 -> 0 | H60: =ROUND(F60*G60,0) -> 0 | I60: 0.3652 | J60: =ROUND(H60*I60,0) -> 0 | K60: =H60+J60 -> 0 | L60: =ROUND(K60*$C$81,0) -> 0 | M60: =K60+L60 -> 0 | O60: =F60 -> 0 | P60: =G60*(1+$C$75) -> 0 | Q60: =ROUND(O60*P60,0) -> 0 | R60: =I60*(1+$C$75) -> 0.376156 | S60: =ROUND(Q60*R60,0) -> 0 | T60: =Q60+S60 -> 0 | U60: =ROUND(T60*$C$81,0) -> 0 | V60: =T60+U60 -> 0 | X60: =O60 -> 0 | Y60: =P60*(1+$C$75) -> 0 | Z60: =ROUND(X60*Y60,0) -> 0 | AA60: =R60*(1+$C$75) -> 0.38744068 | AB60: =ROUND(Z60*AA60,0) -> 0 | AC60: =Z60+AB60 -> 0 | AD60: =ROUND(AC60*$C$81,0) -> 0 | AE60: =AC60+AD60 -> 0 | AG60: =X60 -> 0 | AH60: =Y60*(1+$C$75) -> 0 | AI60: =ROUND(AG60*AH60,0) -> 0 | AJ60: =AA60*(1+$C$75) -> 0.3990639 | AK60: =ROUND(AI60*AJ60,0) -> 0 | AL60: =AI60+AK60 -> 0 | AM60: =ROUND(AL60*$C$81,0) -> 0 | AN60: =AL60+AM60 -> 0 | AP60: =AG60 -> 0 | AQ60: =AH60*(1+$C$75) -> 0 | AR60: =ROUND(AP60*AQ60,0) -> 0 | AS60: =AJ60*(1+$C$75) -> 0.41103582 | AT60: =ROUND(AR60*AS60,0) -> 0 | AU60: =AR60+AT60 -> 0 | AV60: =ROUND(AU60*$C$81,0) -> 0 | AW60: =AU60+AV60 -> 0 | AY60: =AP60 -> 0 | AZ60: =AQ60*(1+$C$75) -> 0 | BA60: =ROUND(AY60*AZ60,0) -> 0 | BB60: =AS60*(1+$C$75) -> 0.42336689 | BC60: =ROUND(BA60*BB60,0) -> 0 | BD60: =BA60+BC60 -> 0 | BE60: =ROUND(BD60*$C$81,0) -> 0 | BF60: =BD60+BE60 -> 0 | BH60: =H60+Q60+Z60+AI60+AR60+BA60 -> 0 | BI60: =J60+S60+AB60+AK60+AT60+BC60 -> 0 | BJ60: =K60+T60+AC60+AL60+AU60+BD60 -> 0 | BK60: =L60+U60+AD60+AM60+AV60+BE60 -> 0 | BL60: =M60+V60+AE60+AN60+AW60+BF60 -> 0
F61: =2080*D61 -> 0 | G61: =E61/2080 -> 0 | H61: =ROUND(F61*G61,0) -> 0 | I61: 0.3652 | J61: =ROUND(H61*I61,0) -> 0 | K61: =H61+J61 -> 0 | L61: =ROUND(K61*$C$81,0) -> 0 | M61: =K61+L61 -> 0 | O61: =F61 -> 0 | P61: =G61*(1+$C$75) -> 0 | Q61: =ROUND(O61*P61,0) -> 0 | R61: =I61*(1+$C$75) -> 0.376156 | S61: =ROUND(Q61*R61,0) -> 0 | T61: =Q61+S61 -> 0 | U61: =ROUND(T61*$C$81,0) -> 0 | V61: =T61+U61 -> 0 | X61: =O61 -> 0 | Y61: =P61*(1+$C$75) -> 0 | Z61: =ROUND(X61*Y61,0) -> 0 | AA61: =R61*(1+$C$75) -> 0.38744068 | AB61: =ROUND(Z61*AA61,0) -> 0 | AC61: =Z61+AB61 -> 0 | AD61: =ROUND(AC61*$C$81,0) -> 0 | AE61: =AC61+AD61 -> 0 | AG61: =X61 -> 0 | AH61: =Y61*(1+$C$75) -> 0 | AI61: =ROUND(AG61*AH61,0) -> 0 | AJ61: =AA61*(1+$C$75) -> 0.3990639 | AK61: =ROUND(AI61*AJ61,0) -> 0 | AL61: =AI61+AK61 -> 0 | AM61: =ROUND(AL61*$C$81,0) -> 0 | AN61: =AL61+AM61 -> 0 | AP61: =AG61 -> 0 | AQ61: =AH61*(1+$C$75) -> 0 | AR61: =ROUND(AP61*AQ61,0) -> 0 | AS61: =AJ61*(1+$C$75) -> 0.41103582 | AT61: =ROUND(AR61*AS61,0) -> 0 | AU61: =AR61+AT61 -> 0 | AV61: =ROUND(AU61*$C$81,0) -> 0 | AW61: =AU61+AV61 -> 0 | AY61: =AP61 -> 0 | AZ61: =AQ61*(1+$C$75) -> 0 | BA61: =ROUND(AY61*AZ61,0) -> 0 | BB61: =AS61*(1+$C$75) -> 0.42336689 | BC61: =ROUND(BA61*BB61,0) -> 0 | BD61: =BA61+BC61 -> 0 | BE61: =ROUND(BD61*$C$81,0) -> 0 | BF61: =BD61+BE61 -> 0 | BH61: =H61+Q61+Z61+AI61+AR61+BA61 -> 0 | BI61: =J61+S61+AB61+AK61+AT61+BC61 -> 0 | BJ61: =K61+T61+AC61+AL61+AU61+BD61 -> 0 | BK61: =L61+U61+AD61+AM61+AV61+BE61 -> 0 | BL61: =M61+V61+AE61+AN61+AW61+BF61 -> 0
F62: =2080*D62 -> 0 | G62: =E62/2080 -> 0 | H62: =ROUND(F62*G62,0) -> 0 | I62: 0.3652 | J62: =ROUND(H62*I62,0) -> 0 | K62: =H62+J62 -> 0 | L62: =ROUND(K62*$C$81,0) -> 0 | M62: =K62+L62 -> 0 | O62: =F62 -> 0 | P62: =G62*(1+$C$75) -> 0 | Q62: =ROUND(O62*P62,0) -> 0 | R62: =I62*(1+$C$75) -> 0.376156 | S62: =ROUND(Q62*R62,0) -> 0 | T62: =Q62+S62 -> 0 | U62: =ROUND(T62*$C$81,0) -> 0 | V62: =T62+U62 -> 0 | X62: =O62 -> 0 | Y62: =P62*(1+$C$75) -> 0 | Z62: =ROUND(X62*Y62,0) -> 0 | AA62: =R62*(1+$C$75) -> 0.38744068 | AB62: =ROUND(Z62*AA62,0) -> 0 | AC62: =Z62+AB62 -> 0 | AD62: =ROUND(AC62*$C$81,0) -> 0 | AE62: =AC62+AD62 -> 0 | AG62: =X62 -> 0 | AH62: =Y62*(1+$C$75) -> 0 | AI62: =ROUND(AG62*AH62,0) -> 0 | AJ62: =AA62*(1+$C$75) -> 0.3990639 | AK62: =ROUND(AI62*AJ62,0) -> 0 | AL62: =AI62+AK62 -> 0 | AM62: =ROUND(AL62*$C$81,0) -> 0 | AN62: =AL62+AM62 -> 0 | AP62: =AG62 -> 0 | AQ62: =AH62*(1+$C$75) -> 0 | AR62: =ROUND(AP62*AQ62,0) -> 0 | AS62: =AJ62*(1+$C$75) -> 0.41103582 | AT62: =ROUND(AR62*AS62,0) -> 0 | AU62: =AR62+AT62 -> 0 | AV62: =ROUND(AU62*$C$81,0) -> 0 | AW62: =AU62+AV62 -> 0 | AY62: =AP62 -> 0 | AZ62: =AQ62*(1+$C$75) -> 0 | BA62: =ROUND(AY62*AZ62,0) -> 0 | BB62: =AS62*(1+$C$75) -> 0.42336689 | BC62: =ROUND(BA62*BB62,0) -> 0 | BD62: =BA62+BC62 -> 0 | BE62: =ROUND(BD62*$C$81,0) -> 0 | BF62: =BD62+BE62 -> 0 | BH62: =H62+Q62+Z62+AI62+AR62+BA62 -> 0 | BI62: =J62+S62+AB62+AK62+AT62+BC62 -> 0 | BJ62: =K62+T62+AC62+AL62+AU62+BD62 -> 0 | BK62: =L62+U62+AD62+AM62+AV62+BE62 -> 0 | BL62: =M62+V62+AE62+AN62+AW62+BF62 -> 0
F63: =2080*D63 -> 0 | G63: =E63/2080 -> 0 | H63: =ROUND(F63*G63,0) -> 0 | I63: 0.3652 | J63: =ROUND(H63*I63,0) -> 0 | K63: =H63+J63 -> 0 | L63: =ROUND(K63*$C$81,0) -> 0 | M63: =K63+L63 -> 0 | O63: =F63 -> 0 | P63: =G63*(1+$C$75) -> 0 | Q63: =ROUND(O63*P63,0) -> 0 | R63: =I63*(1+$C$75) -> 0.376156 | S63: =ROUND(Q63*R63,0) -> 0 | T63: =Q63+S63 -> 0 | U63: =ROUND(T63*$C$81,0) -> 0 | V63: =T63+U63 -> 0 | X63: =O63 -> 0 | Y63: =P63*(1+$C$75) -> 0 | Z63: =ROUND(X63*Y63,0) -> 0 | AA63: =R63*(1+$C$75) -> 0.38744068 | AB63: =ROUND(Z63*AA63,0) -> 0 | AC63: =Z63+AB63 -> 0 | AD63: =ROUND(AC63*$C$81,0) -> 0 | AE63: =AC63+AD63 -> 0 | AG63: =X63 -> 0 | AH63: =Y63*(1+$C$75) -> 0 | AI63: =ROUND(AG63*AH63,0) -> 0 | AJ63: =AA63*(1+$C$75) -> 0.3990639 | AK63: =ROUND(AI63*AJ63,0) -> 0 | AL63: =AI63+AK63 -> 0 | AM63: =ROUND(AL63*$C$81,0) -> 0 | AN63: =AL63+AM63 -> 0 | AP63: =AG63 -> 0 | AQ63: =AH63*(1+$C$75) -> 0 | AR63: =ROUND(AP63*AQ63,0) -> 0 | AS63: =AJ63*(1+$C$75) -> 0.41103582 | AT63: =ROUND(AR63*AS63,0) -> 0 | AU63: =AR63+AT63 -> 0 | AV63: =ROUND(AU63*$C$81,0) -> 0 | AW63: =AU63+AV63 -> 0 | AY63: =AP63 -> 0 | AZ63: =AQ63*(1+$C$75) -> 0 | BA63: =ROUND(AY63*AZ63,0) -> 0 | BB63: =AS63*(1+$C$75) -> 0.42336689 | BC63: =ROUND(BA63*BB63,0) -> 0 | BD63: =BA63+BC63 -> 0 | BE63: =ROUND(BD63*$C$81,0) -> 0 | BF63: =BD63+BE63 -> 0 | BH63: =H63+Q63+Z63+AI63+AR63+BA63 -> 0 | BI63: =J63+S63+AB63+AK63+AT63+BC63 -> 0 | BJ63: =K63+T63+AC63+AL63+AU63+BD63 -> 0 | BK63: =L63+U63+AD63+AM63+AV63+BE63 -> 0 | BL63: =M63+V63+AE63+AN63+AW63+BF63 -> 0
F64: =2080*D64 -> 0 | G64: =E64/2080 -> 0 | H64: =ROUND(F64*G64,0) -> 0 | I64: 0.3652 | J64: =ROUND(H64*I64,0) -> 0 | K64: =H64+J64 -> 0 | L64: =ROUND(K64*$C$81,0) -> 0 | M64: =K64+L64 -> 0 | O64: =F64 -> 0 | P64: =G64*(1+$C$75) -> 0 | Q64: =ROUND(O64*P64,0) -> 0 | R64: =I64*(1+$C$75) -> 0.376156 | S64: =ROUND(Q64*R64,0) -> 0 | T64: =Q64+S64 -> 0 | U64: =ROUND(T64*$C$81,0) -> 0 | V64: =T64+U64 -> 0 | X64: =O64 -> 0 | Y64: =P64*(1+$C$75) -> 0 | Z64: =ROUND(X64*Y64,0) -> 0 | AA64: =R64*(1+$C$75) -> 0.38744068 | AB64: =ROUND(Z64*AA64,0) -> 0 | AC64: =Z64+AB64 -> 0 | AD64: =ROUND(AC64*$C$81,0) -> 0 | AE64: =AC64+AD64 -> 0 | AG64: =X64 -> 0 | AH64: =Y64*(1+$C$75) -> 0 | AI64: =ROUND(AG64*AH64,0) -> 0 | AJ64: =AA64*(1+$C$75) -> 0.3990639 | AK64: =ROUND(AI64*AJ64,0) -> 0 | AL64: =AI64+AK64 -> 0 | AM64: =ROUND(AL64*$C$81,0) -> 0 | AN64: =AL64+AM64 -> 0 | AP64: =AG64 -> 0 | AQ64: =AH64*(1+$C$75) -> 0 | AR64: =ROUND(AP64*AQ64,0) -> 0 | AS64: =AJ64*(1+$C$75) -> 0.41103582 | AT64: =ROUND(AR64*AS64,0) -> 0 | AU64: =AR64+AT64 -> 0 | AV64: =ROUND(AU64*$C$81,0) -> 0 | AW64: =AU64+AV64 -> 0 | AY64: =AP64 -> 0 | AZ64: =AQ64*(1+$C$75) -> 0 | BA64: =ROUND(AY64*AZ64,0) -> 0 | BB64: =AS64*(1+$C$75) -> 0.42336689 | BC64: =ROUND(BA64*BB64,0) -> 0 | BD64: =BA64+BC64 -> 0 | BE64: =ROUND(BD64*$C$81,0) -> 0 | BF64: =BD64+BE64 -> 0 | BH64: =H64+Q64+Z64+AI64+AR64+BA64 -> 0 | BI64: =J64+S64+AB64+AK64+AT64+BC64 -> 0 | BJ64: =K64+T64+AC64+AL64+AU64+BD64 -> 0 | BK64: =L64+U64+AD64+AM64+AV64+BE64 -> 0 | BL64: =M64+V64+AE64+AN64+AW64+BF64 -> 0
F65: =2080*D65 -> 0 | G65: =E65/2080 -> 0 | H65: =ROUND(F65*G65,0) -> 0 | I65: 0.3652 | J65: =ROUND(H65*I65,0) -> 0 | K65: =H65+J65 -> 0 | L65: =ROUND(K65*$C$81,0) -> 0 | M65: =K65+L65 -> 0 | O65: =F65 -> 0 | P65: =G65*(1+$C$75) -> 0 | Q65: =ROUND(O65*P65,0) -> 0 | R65: =I65*(1+$C$75) -> 0.376156 | S65: =ROUND(Q65*R65,0) -> 0 | T65: =Q65+S65 -> 0 | U65: =ROUND(T65*$C$81,0) -> 0 | V65: =T65+U65 -> 0 | X65: =O65 -> 0 | Y65: =P65*(1+$C$75) -> 0 | Z65: =ROUND(X65*Y65,0) -> 0 | AA65: =R65*(1+$C$75) -> 0.38744068 | AB65: =ROUND(Z65*AA65,0) -> 0 | AC65: =Z65+AB65 -> 0 | AD65: =ROUND(AC65*$C$81,0) -> 0 | AE65: =AC65+AD65 -> 0 | AG65: =X65 -> 0 | AH65: =Y65*(1+$C$75) -> 0 | AI65: =ROUND(AG65*AH65,0) -> 0 | AJ65: =AA65*(1+$C$75) -> 0.3990639 | AK65: =ROUND(AI65*AJ65,0) -> 0 | AL65: =AI65+AK65 -> 0 | AM65: =ROUND(AL65*$C$81,0) -> 0 | AN65: =AL65+AM65 -> 0 | AP65: =AG65 -> 0 | AQ65: =AH65*(1+$C$75) -> 0 | AR65: =ROUND(AP65*AQ65,0) -> 0 | AS65: =AJ65*(1+$C$75) -> 0.41103582 | AT65: =ROUND(AR65*AS65,0) -> 0 | AU65: =AR65+AT65 -> 0 | AV65: =ROUND(AU65*$C$81,0) -> 0 | AW65: =AU65+AV65 -> 0 | AY65: =AP65 -> 0 | AZ65: =AQ65*(1+$C$75) -> 0 | BA65: =ROUND(AY65*AZ65,0) -> 0 | BB65: =AS65*(1+$C$75) -> 0.42336689 | BC65: =ROUND(BA65*BB65,0) -> 0 | BD65: =BA65+BC65 -> 0 | BE65: =ROUND(BD65*$C$81,0) -> 0 | BF65: =BD65+BE65 -> 0 | BH65: =H65+Q65+Z65+AI65+AR65+BA65 -> 0 | BI65: =J65+S65+AB65+AK65+AT65+BC65 -> 0 | BJ65: =K65+T65+AC65+AL65+AU65+BD65 -> 0 | BK65: =L65+U65+AD65+AM65+AV65+BE65 -> 0 | BL65: =M65+V65+AE65+AN65+AW65+BF65 -> 0
F66: =2080*D66 -> 0 | G66: =E66/2080 -> 0 | H66: =ROUND(F66*G66,0) -> 0 | I66: 0.3652 | J66: =ROUND(H66*I66,0) -> 0 | K66: =H66+J66 -> 0 | L66: =ROUND(K66*$C$81,0) -> 0 | M66: =K66+L66 -> 0 | O66: =F66 -> 0 | P66: =G66*(1+$C$75) -> 0 | Q66: =ROUND(O66*P66,0) -> 0 | R66: =I66*(1+$C$75) -> 0.376156 | S66: =ROUND(Q66*R66,0) -> 0 | T66: =Q66+S66 -> 0 | U66: =ROUND(T66*$C$81,0) -> 0 | V66: =T66+U66 -> 0 | X66: =O66 -> 0 | Y66: =P66*(1+$C$75) -> 0 | Z66: =ROUND(X66*Y66,0) -> 0 | AA66: =R66*(1+$C$75) -> 0.38744068 | AB66: =ROUND(Z66*AA66,0) -> 0 | AC66: =Z66+AB66 -> 0 | AD66: =ROUND(AC66*$C$81,0) -> 0 | AE66: =AC66+AD66 -> 0 | AG66: =X66 -> 0 | AH66: =Y66*(1+$C$75) -> 0 | AI66: =ROUND(AG66*AH66,0) -> 0 | AJ66: =AA66*(1+$C$75) -> 0.3990639 | AK66: =ROUND(AI66*AJ66,0) -> 0 | AL66: =AI66+AK66 -> 0 | AM66: =ROUND(AL66*$C$81,0) -> 0 | AN66: =AL66+AM66 -> 0 | AP66: =AG66 -> 0 | AQ66: =AH66*(1+$C$75) -> 0 | AR66: =ROUND(AP66*AQ66,0) -> 0 | AS66: =AJ66*(1+$C$75) -> 0.41103582 | AT66: =ROUND(AR66*AS66,0) -> 0 | AU66: =AR66+AT66 -> 0 | AV66: =ROUND(AU66*$C$81,0) -> 0 | AW66: =AU66+AV66 -> 0 | AY66: =AP66 -> 0 | AZ66: =AQ66*(1+$C$75) -> 0 | BA66: =ROUND(AY66*AZ66,0) -> 0 | BB66: =AS66*(1+$C$75) -> 0.42336689 | BC66: =ROUND(BA66*BB66,0) -> 0 | BD66: =BA66+BC66 -> 0 | BE66: =ROUND(BD66*$C$81,0) -> 0 | BF66: =BD66+BE66 -> 0 | BH66: =H66+Q66+Z66+AI66+AR66+BA66 -> 0 | BI66: =J66+S66+AB66+AK66+AT66+BC66 -> 0 | BJ66: =K66+T66+AC66+AL66+AU66+BD66 -> 0 | BK66: =L66+U66+AD66+AM66+AV66+BE66 -> 0 | BL66: =M66+V66+AE66+AN66+AW66+BF66 -> 0
A67: TOTAL TA5 LABOR FOR ALL YEARS | H67: =SUM(H56:H66) -> 14355 | J67: =SUM(J56:J66) -> 5243 | K67: =SUM(K56:K66) -> 19598 | L67: =SUM(L56:L66) -> 11739 | M67: =SUM(M56:M66) -> 31337 | Q67: =SUM(Q56:Q66) -> 14786 | S67: =SUM(S56:S66) -> 5562 | T67: =SUM(T56:T66) -> 20348 | U67: =SUM(U56:U66) -> 12188 | V67: =SUM(V56:V66) -> 32536 | Z67: =SUM(Z56:Z66) -> 15229 | AB67: =SUM(AB56:AB66) -> 5900 | AC67: =SUM(AC56:AC66) -> 21129 | AD67: =SUM(AD56:AD66) -> 12656 | AE67: =SUM(AE56:AE66) -> 33785 | AI67: =SUM(AI56:AI66) -> 15686 | AK67: =SUM(AK56:AK66) -> 6259 | AL67: =SUM(AL56:AL66) -> 21945 | AM67: =SUM(AM56:AM66) -> 13145 | AN67: =SUM(AN56:AN66) -> 35090 | AR67: =SUM(AR56:AR66) -> 16157 | AT67: =SUM(AT56:AT66) -> 6641 | AU67: =SUM(AU56:AU66) -> 22798 | AV67: =SUM(AV56:AV66) -> 13656 | AW67: =SUM(AW56:AW66) -> 36454 | BA67: =SUM(BA56:BA66) -> 16641 | BC67: =SUM(BC56:BC66) -> 7045 | BD67: =SUM(BD56:BD66) -> 23686 | BE67: =SUM(BE56:BE66) -> 14188 | BF67: =SUM(BF56:BF66) -> 37874 | BH67: =SUM(BH56:BH66) -> 92854 | BI67: =SUM(BI56:BI66) -> 36650 | BJ67: =SUM(BJ56:BJ66) -> 129504 | BK67: =SUM(BK56:BK66) -> 77572 | BL67: =SUM(BL56:BL66) -> 207076 | BM67: TA5
B68: TOTAL LABOR FOR ALL YEARS | H68: =H19+H31+H43+H55+H67 -> 71775 | J68: =J19+J31+J43+J55+J67 -> 26215 | K68: =K19+K31+K43+K55+K67 -> 97990 | L68: =L19+L31+L43+L55+L67 -> 58695 | M68: =M19+M31+M43+M55+M67 -> 156685 | Q68: =Q19+Q31+Q43+Q55+Q67 -> 73930 | S68: =S19+S31+S43+S55+S67 -> 27810 | T68: =T19+T31+T43+T55+T67 -> 101740 | U68: =U19+U31+U43+U55+U67 -> 60940 | V68: =V19+V31+V43+V55+V67 -> 162680 | Z68: =Z19+Z31+Z43+Z55+Z67 -> 76145 | AB68: =AB19+AB31+AB43+AB55+AB67 -> 29500 | AC68: =AC19+AC31+AC43+AC55+AC67 -> 105645 | AD68: =AD19+AD31+AD43+AD55+AD67 -> 63280 | AE68: =AE19+AE31+AE43+AE55+AE67 -> 168925 | AI68: =AI19+AI31+AI43+AI55+AI67 -> 78430 | AK68: =AK19+AK31+AK43+AK55+AK67 -> 31295 | AL68: =AL19+AL31+AL43+AL55+AL67 -> 109725 | AM68: =AM19+AM31+AM43+AM55+AM67 -> 65725 | AN68: =AN19+AN31+AN43+AN55+AN67 -> 175450 | AR68: =AR19+AR31+AR43+AR55+AR67 -> 80785 | AT68: =AT19+AT31+AT43+AT55+AT67 -> 33205 | AU68: =AU19+AU31+AU43+AU55+AU67 -> 113990 | AV68: =AV19+AV31+AV43+AV55+AV67 -> 68280 | AW68: =AW19+AW31+AW43+AW55+AW67 -> 182270 | BA68: =BA19+BA31+BA43+BA55+BA67 -> 83205 | BC68: =BC19+BC31+BC43+BC55+BC67 -> 35225 | BD68: =BD19+BD31+BD43+BD55+BD67 -> 118430 | BE68: =BE19+BE31+BE43+BE55+BE67 -> 70940 | BF68: =BF19+BF31+BF43+BF55+BF67 -> 189370 | BH68: =BH19+BH31+BH43+BH55+BH67 -> 464270 | BI68: =BI19+BI31+BI43+BI55+BI67 -> 183250 | BJ68: =BJ19+BJ31+BJ43+BJ55+BJ67 -> 647520 | BK68: =BK19+BK31+BK43+BK55+BK67 -> 387860 | BL68: =BL19+BL31+BL43+BL55+BL67 -> 1035380
M69: =K68+L68 -> 156685 | V69: =T68+U68 -> 162680 | AE69: =AC68+AD68 -> 168925 | AN69: =AL68+AM68 -> 175450 | AW69: =AU68+AV68 -> 182270 | BF69: =BD68+BE68 -> 189370 | BL69: =BJ68+BK68 -> 1035380
B74: ANNUAL INCREASE FACTOR:
C75: 0.03
B77: ANNUAL INCREASE DATE:
C78: 45474
B80: INDIRECT COST RATE:
C81: 0.599
B83: *can be hidden

Sheet Subcontracts
A1: SUMMARY OF PROPOSED COSTS | E1: Instructions:
A2: UNIVERSITY OF | E2: 1. This is the default format to submit for Volume I Basis of Estimate.
A3: PI: | E3: 2. Any supporting documents provided with Volume I BOE submission will be included with Volume I application.
A4: PROJECT PERIOD: | E4: 3. Remove empty rows and copy paste the table below to the Volume I BOE document.
A6: SUBCONTRACTOR COSTS
A7: Techinical Area | B7: Subcontractor Institution | C7: Cost Category | D7: Year 1 | E7: Year 2 | F7: Year 3 | G7: Year 4 | H7: Year 5 | I7: Year 6 | J7: TOTAL
A8: 1 | B8: Uni A | C8: Directs | D8: 26000 | E8: 30000 | F8: 34000 | G8: 38000 | H8: 40000 | I8: 42000 | J8: =SUM(D8:I8) -> 210000
C9: Indirects | D9: 13000 | E9: 15000 | F9: 17000 | G9: 19000 | H9: 20000 | I9: 21000 | J9: =SUM(D9:I9) -> 105000
B10: TOTAL UNI A | D10: =D8+D9 -> 39000 | E10: =E8+E9 -> 45000 | F10: =F8+F9 -> 51000 | G10: =G8+G9 -> 57000 | H10: =H8+H9 -> 60000 | I10: =I8+I9 -> 63000 | J10: =J8+J9 -> 315000
A11: 1 | B11: Uni B | C11: Directs | D11: 27000 | J11: =SUM(D11:I11) -> 27000
C12: Indirects | D12: 13500 | J12: =SUM(D12:I12) -> 13500
B13: TOTAL UNI B | D13: =D11+D12 -> 40500 | E13: =E11+E12 -> 0 | F13: =F11+F12 -> 0 | G13: =G11+G12 -> 0 | H13: =H11+H12 -> 0 | I13: =I11+I12 -> 0 | J13: =J11+J12 -> 40500
A14: 1 | B14: Uni C | C14: Directs | D14: 28000 | J14: =SUM(D14:I14) -> 28000
C15: Indirects | D15: 14000 | J15: =SUM(D15:I15) -> 14000
B16: TOTAL UNI C | D16: =D14+D15 -> 42000 | E16: =E14+E15 -> 0 | F16: =F14+F15 -> 0 | G16: =G14+G15 -> 0 | H16: =H14+H15 -> 0 | I16: =I14+I15 -> 0 | J16: =J14+J15 -> 42000
A17: TOTAL FOR TA 1 FOR ALL YEARS | D17: =D10+D13+D16 -> 121500 | E17: =E10+E13+E16 -> 45000 | F17: =F10+F13+F16 -> 51000 | G17: =G10+G13+G16 -> 57000 | H17: =H10+H13+H16 -> 60000 | I17: =I10+I13+I16 -> 63000 | J17: =J10+J13+J16 -> 397500 | K17: TA1
A18: 2 | B18: Uni A | C18: Directs | D18: =D8 -> 26000 | E18: =E8 -> 30000 | F18: =F8 -> 34000 | G18: =G8 -> 38000 | H18: =H8 -> 40000 | I18: =I8 -> 42000 | J18: =SUM(D18:I18) -> 210000
C19: Indirects | D19: =D9 -> 13000 | E19: =E9 -> 15000 | F19: =F9 -> 17000 | G19: =G9 -> 19000 | H19: =H9 -> 20000 | I19: =I9 -> 21000 | J19: =SUM(D19:I19) -> 105000
B20: TOTAL UNI A | D20: =D18+D19 -> 39000 | E20: =E18+E19 -> 45000 | F20: =F18+F19 -> 51000 | G20: =G18+G19 -> 57000 | H20: =H18+H19 -> 60000 | I20: =I18+I19 -> 63000 | J20: =J18+J19 -> 315000
A21: 2 | B21: Uni B | C21: Directs | D21: =D11 -> 27000 | E21: =E11 -> 0 | F21: =F11 -> 0 | G21: =G11 -> 0 | H21: =H11 -> 0 | I21: =I11 -> 0 | J21: =SUM(D21:I21) -> 27000
C22: Indirects | D22: =D12 -> 13500 | E22: =E12 -> 0 | F22: =F12 -> 0 | G22: =G12 -> 0 | H22: =H12 -> 0 | I22: =I12 -> 0 | J22: =SUM(D22:I22) -> 13500
B23: TOTAL UNI B | D23: =D21+D22 -> 40500 | E23: =E21+E22 -> 0 | F23: =F21+F22 -> 0 | G23: =G21+G22 -> 0 | H23: =H21+H22 -> 0 | I23: =I21+I22 -> 0 | J23: =J21+J22 -> 40500
A24: 2 | B24: Uni C | C24: Directs | D24: =D14 -> 28000 | E24: =E14 -> 0 | F24: =F14 -> 0 | G24: =G14 -> 0 | H24: =H14 -> 0 | I24: =I14 -> 0 | J24: =SUM(D24:I24) -> 28000
C25: Indirects | D25: =D15 -> 14000 | E25: =E15 -> 0 | F25: =F15 -> 0 | G25: =G15 -> 0 | H25: =H15 -> 0 | I25: =I15 -> 0 | J25: =SUM(D25:I25) -> 14000
B26: TOTAL UNI C | D26: =D24+D25 -> 42000 | E26: =E24+E25 -> 0 | F26: =F24+F25 -> 0 | G26: =G24+G25 -> 0 | H26: =H24+H25 -> 0 | I26: =I24+I25 -> 0 | J26: =J24+J25 -> 42000
A27: TOTAL FOR TA 2 FOR ALL YEARS | D27: =D20+D23+D26 -> 121500 | E27: =E20+E23+E26 -> 45000 | F27: =F20+F23+F26 -> 51000 | G27: =G20+G23+G26 -> 57000 | H27: =H20+H23+H26 -> 60000 | I27: =I20+I23+I26 -> 63000 | J27: =J20+J23+J26 -> 397500 | K27: TA2
A28: 3 | B28: Uni A | C28: Directs | D28: =D18 -> 26000 | E28: =E18 -> 30000 | F28: =F18 -> 34000 | G28: =G18 -> 38000 | H28: =H18 -> 40000 | I28: =I18 -> 42000 | J28: =SUM(D28:I28) -> 210000
C29: Indirects | D29: =D19 -> 13000 | E29: =E19 -> 15000 | F29: =F19 -> 17000 | G29: =G19 -> 19000 | H29: =H19 -> 20000 | I29: =I19 -> 21000 | J29: =SUM(D29:I29) -> 105000
B30: TOTAL UNI A | D30: =D28+D29 -> 39000 | E30: =E28+E29 -> 45000 | F30: =F28+F29 -> 51000 | G30: =G28+G29 -> 57000 | H30: =H28+H29 -> 60000 | I30: =I28+I29 -> 63000 | J30: =J28+J29 -> 315000
A31: 3 | B31: Uni B | C31: Directs | D31: =D21 -> 27000 | E31: =E21 -> 0 | F31: =F21 -> 0 | G31: =G21 -> 0 | H31: =H21 -> 0 | I31: =I21 -> 0 | J31: =SUM(D31:I31) -> 27000
C32: Indirects | D32: =D22 -> 13500 | E32: =E22 -> 0 | F32: =F22 -> 0 | G32: =G22 -> 0 | H32: =H22 -> 0 | I32: =I22 -> 0 | J32: =SUM(D32:I32) -> 13500
B33: TOTAL UNI B | D33: =D31+D32 -> 40500 | E33: =E31+E32 -> 0 | F33: =F31+F32 -> 0 | G33: =G31+G32 -> 0 | H33: =H31+H32 -> 0 | I33: =I31+I32 -> 0 | J33: =J31+J32 -> 40500
A34: 3 | B34: Uni C | C34: Directs | D34: =D24 -> 28000 | E34: =E24 -> 0 | F34: =F24 -> 0 | G34: =G24 -> 0 | H34: =H24 -> 0 | I34: =I24 -> 0 | J34: =SUM(D34:I34) -> 28000
C35: Indirects | D35: =D25 -> 14000 | E35: =E25 -> 0 | F35: =F25 -> 0 | G35: =G25 -> 0 | H35: =H25 -> 0 | I35: =I25 -> 0 | J35: =SUM(D35:I35) -> 14000
B36: TOTAL UNI C | D36: =D34+D35 -> 42000 | E36: =E34+E35 -> 0 | F36: =F34+F35 -> 0 | G36: =G34+G35 -> 0 | H36: =H34+H35 -> 0 | I36: =I34+I35 -> 0 | J36: =J34+J35 -> 42000
A37: TOTAL FOR TA 3 FOR ALL YEARS | D37: =D30+D33+D36 -> 121500 | E37: =E30+E33+E36 -> 45000 | F37: =F30+F33+F36 -> 51000 | G37: =G30+G33+G36 -> 57000 | H37: =H30+H33+H36 -> 60000 | I37: =I30+I33+I36 -> 63000 | J37: =J30+J33+J36 -> 397500 | K37: TA3
A38: 4 | B38: Uni A | C38: Directs | D38: =D28 -> 26000 | E38: =E28 -> 30000 | F38: =F28 -> 34000 | G38: =G28 -> 38000 | H38: =H28 -> 40000 | I38: =I28 -> 42000 | J38: =SUM(D38:I38) -> 210000
C39: Indirects | D39: =D29 -> 13000 | E39: =E29 -> 15000 | F39: =F29 -> 17000 | G39: =G29 -> 19000 | H39: =H29 -> 20000 | I39: =I29 -> 21000 | J39: =SUM(D39:I39) -> 105000
B40: TOTAL UNI A | D40: =D38+D39 -> 39000 | E40: =E38+E39 -> 45000 | F40: =F38+F39 -> 51000 | G40: =G38+G39 -> 57000 | H40: =H38+H39 -> 60000 | I40: =I38+I39 -> 63000 | J40: =J38+J39 -> 315000
A41: 4 | B41: Uni B | C41: Directs | D41: =D31 -> 27000 | E41: =E31 -> 0 | F41: =F31 -> 0 | G41: =G31 -> 0 | H41: =H31 -> 0 | I41: =I31 -> 0 | J41: =SUM(D41:I41) -> 27000
C42: Indirects | D42: =D32 -> 13500 | E42: =E32 -> 0 | F42: =F32 -> 0 | G42: =G32 -> 0 | H42: =H32 -> 0 | I42: =I32 -> 0 | J42: =SUM(D42:I42) -> 13500
B43: TOTAL UNI B | D43: =D41+D42 -> 40500 | E43: =E41+E42 -> 0 | F43: =F41+F42 -> 0 | G43: =G41+G42 -> 0 | H43: =H41+H42 -> 0 | I43: =I41+I42 -> 0 | J43: =J41+J42 -> 40500
A44: 4 | B44: Uni C | C44: Directs | D44: =D34 -> 28000 | E44: =E34 -> 0 | F44: =F34 -> 0 | G44: =G34 -> 0 | H44: =H34 -> 0 | I44: =I34 -> 0 | J44: =SUM(D44:I44) -> 28000
C45: Indirects | D45: =D35 -> 14000 | E45: =E35 -> 0 | F45: =F35 -> 0 | G45: =G35 -> 0 | H45: =H35 -> 0 | I45: =I35 -> 0 | J45: =SUM(D45:I45) -> 14000
B46: TOTAL UNI C | D46: =D44+D45 -> 42000 | E46: =E44+E45 -> 0 | F46: =F44+F45 -> 0 | G46: =G44+G45 -> 0 | H46: =H44+H45 -> 0 | I46: =I44+I45 -> 0 | J46: =J44+J45 -> 42000
A47: TOTAL FOR TA 4 FOR ALL YEARS | D47: =D40+D43+D46 -> 121500 | E47: =E40+E43+E46 -> 45000 | F47: =F40+F43+F46 -> 51000 | G47: =G40+G43+G46 -> 57000 | H47: =H40+H43+H46 -> 60000 | I47: =I40+I43+I46 -> 63000 | J47: =J40+J43+J46 -> 397500 | K47: TA4
A48: 5 | B48: Uni A | C48: Directs | D48: =D38 -> 26000 | E48: =E38 -> 30000 | F48: =F38 -> 34000 | G48: =G38 -> 38000 | H48: =H38 -> 40000 | I48: =I38 -> 42000 | J48: =SUM(D48:I48) -> 210000
C49: Indirects | D49: =D39 -> 13000 | E49: =E39 -> 15000 | F49: =F39 -> 17000 | G49: =G39 -> 19000 | H49: =H39 -> 20000 | I49: =I39 -> 21000 | J49: =SUM(D49:I49) -> 105000
B50: TOTAL UNI A | D50: =D48+D49 -> 39000 | E50: =E48+E49 -> 45000 | F50: =F48+F49 -> 51000 | G50: =G48+G49 -> 57000 | H50: =H48+H49 -> 60000 | I50: =I48+I49 -> 63000 | J50: =J48+J49 -> 315000
A51: 5 | B51: Uni B | C51: Directs | D51: =D41 -> 27000 | E51: =E41 -> 0 | F51: =F41 -> 0 | G51: =G41 -> 0 | H51: =H41 -> 0 | I51: =I41 -> 0 | J51: =SUM(D51:I51) -> 27000
C52: Indirects | D52: =D42 -> 13500 | E52: =E42 -> 0 | F52: =F42 -> 0 | G52: =G42 -> 0 | H52: =H42 -> 0 | I52: =I42 -> 0 | J52: =SUM(D52:I52) -> 13500
B53: TOTAL UNI B | D53: =D51+D52 -> 40500 | E53: =E51+E52 -> 0 | F53: =F51+F52 -> 0 | G53: =G51+G52 -> 0 | H53: =H51+H52 -> 0 | I53: =I51+I52 -> 0 | J53: =J51+J52 -> 40500
A54: 5 | B54: Uni C | C54: Directs | D54: =D44 -> 28000 | E54: =E44 -> 0 | F54: =F44 -> 0 | G54: =G44 -> 0 | H54: =H44 -> 0 | I54: =I44 -> 0 | J54: =SUM(D54:I54) -> 28000
C55: Indirects | D55: =D45 -> 14000 | E55: =E45 -> 0 | F55: =F45 -> 0 | G55: =G45 -> 0 | H55: =H45 -> 0 | I55: =I45 -> 0 | J55: =SUM(D55:I55) -> 14000
B56: TOTAL UNI C | D56: =D54+D55 -> 42000 | E56: =E54+E55 -> 0 | F56: =F54+F55 -> 0 | G56: =G54+G55 -> 0 | H56: =H54+H55 -> 0 | I56: =I54+I55 -> 0 | J56: =J54+J55 -> 42000
A57: TOTAL FOR TA 5 FOR ALL YEARS | D57: =D50+D53+D56 -> 121500 | E57: =E50+E53+E56 -> 45000 | F57: =F50+F53+F56 -> 51000 | G57: =G50+G53+G56 -> 57000 | H57: =H50+H53+H56 -> 60000 | I57: =I50+I53+I56 -> 63000 | J57: =J50+J53+J56 -> 397500 | K57: TA5
A58: TOTAL FOR ALL YEARS | D58: =D17+D27+D37+D47+D57 -> 607500 | E58: =E17+E27+E37+E47+E57 -> 225000 | F58: =F17+F27+F37+F47+F57 -> 255000 | G58: =G17+G27+G37+G47+G57 -> 285000 | H58: =H17+H27+H37+H47+H57 -> 300000 | I58: =I17+I27+I37+I47+I57 -> 315000 | J58: =J17+J27+J37+J47+J57 -> 1987500 | K58: =SUM(D58:I58) -> 1987500
A59: IDC for Primary Inst. Based on your IDC Basis* | D59: =75000*0.599 -> 44925 | E59: 0 | F59: 0 | G59: 0 | H59: 0 | I59: 0 | J59: =SUM(D59:I59) -> 44925
A60: TOTAL COSTS | D60: =D58+D59 -> 652425 | E60: =E58+E59 -> 225000 | F60: =F58+F59 -> 255000 | G60: =G58+G59 -> 285000 | H60: =H58+H59 -> 300000 | I60: =I58+I59 -> 315000 | J60: =J58+J59 -> 2032425 | K60: =SUM(D60:I60) -> 2032425
A62: *Adjust IDC manually according to your IDC Basis
A63: MTDC: on the first 25K of EACH subk (if 3 subks, 25Kx3)

Sheet Consultants
A1: SUMMARY OF PROPOSED COSTS | D1: Instructions:
A2: UNIVERSITY OF | D2: 1. This is the default format to submit for Volume I Basis of Estimate.
A3: PI: | D3: 2. Supporting documents may include letters of support
A4: PROJECT PERIOD: | D4: 3. Remove empty rows and copy paste the table below to the Volume I BOE document.
A6: CONSULTANT COSTS | E6: YEAR 1 | K6: YEAR 2 | Q6: YEAR 3 | W6: YEAR 4 | AC6: YEAR 5 | AI6: YEAR 6
A7: Technical Area | B7: Consultant Name | C7: Description of effort to be performed by the Consultant or attach Consultant Statement of Work | D7: Basis of Estimate | E7: # of Hours | F7: Hourly Rate | G7: Sub Total | H7: Travel Costs | I7: Other Costs | J7: Total Year 1 | K7: # of Hours | L7: Hourly Rate | M7: Sub Total | N7: Travel Costs | O7: Other Costs | P7: Total Year 2 | Q7: # of Hours | R7: Hourly Rate | S7: Sub Total | T7: Travel Costs | U7: Other Costs | V7: Total Year 3 | W7: # of Hours | X7: Hourly Rate | Y7: Sub Total | Z7: Travel Costs | AA7: Other Costs | AB7: Total Year 4 | AC7: # of Hours | AD7: Hourly Rate | AE7: Sub Total | AF7: Travel Costs | AG7: Other Costs | AH7: Total Year 5 | AI7: # of Hours | AJ7: Hourly Rate | AK7: Sub Total | AL7: Travel Costs | AM7: Other Costs | AN7: Total Year 6 | AO7: Total Direct Costs for All Years | AP7: Total Indirect Costs | AQ7: Total Costs
A8: TA1 | B8: Example | D8: Monthly estimate | E8: 120 | F8: 100 | G8: =E8*F8 -> 12000 | H8: 2000 | I8: 0 | J8: =SUM(G8:I8) -> 14000 | K8: 120 | L8: 100 | M8: =K8*L8 -> 12000 | N8: 2000 | O8: 0 | P8: =SUM(M8:O8) -> 14000 | Q8: 120 | R8: 100 | S8: =Q8*R8 -> 12000 | T8: 2000 | U8: 0 | V8: =SUM(S8:U8) -> 14000 | W8: 120 | X8: 100 | Y8: =W8*X8 -> 12000 | Z8: 2000 | AA8: 0 | AB8: =SUM(Y8:AA8) -> 14000 | AC8: 120 | AD8: 100 | AE8: =AC8*AD8 -> 12000 | AF8: 2000 | AG8: 0 | AH8: =SUM(AE8:AG8) -> 14000 | AI8: 120 | AJ8: 100 | AK8: =AI8*AJ8 -> 12000 | AL8: 2000 | AM8: 0 | AN8: =SUM(AK8:AM8) -> 14000 | AO8: =J8+P8+V8+AB8+AH8+AN8 -> 84000 | AP8: =ROUND(AO8*0.599,0) -> 50316 | AQ8: =AO8+AP8 -> 134316
G9: =E9*F9 -> 0 | J9: =SUM(G9:I9) -> 0 | M9: =K9*L9 -> 0 | P9: =SUM(M9:O9) -> 0 | S9: =Q9*R9 -> 0 | V9: =SUM(S9:U9) -> 0 | Y9: =W9*X9 -> 0 | AB9: =SUM(Y9:AA9) -> 0 | AE9: =AC9*AD9 -> 0 | AH9: =SUM(AE9:AG9) -> 0 | AK9: =AI9*AJ9 -> 0 | AN9: =SUM(AK9:AM9) -> 0 | AO9: =J9+P9+V9+AB9+AH9+AN9 -> 0 | AP9: =ROUND(AO9*0.599,0) -> 0 | AQ9: =AO9+AP9 -> 0
G10: =E10*F10 -> 0 | J10: =SUM(G10:I10) -> 0 | M10: =K10*L10 -> 0 | P10: =SUM(M10:O10) -> 0 | S10: =Q10*R10 -> 0 | V10: =SUM(S10:U10) -> 0 | Y10: =W10*X10 -> 0 | AB10: =SUM(Y10:AA10) -> 0 | AE10: =AC10*AD10 -> 0 | AH10: =SUM(AE10:AG10) -> 0 | AK10: =AI10*AJ10 -> 0 | AN10: =SUM(AK10:AM10) -> 0 | AO10: =J10+P10+V10+AB10+AH10+AN10 -> 0 | AP10: =ROUND(AO10*0.599,0) -> 0 | AQ10: =AO10+AP10 -> 0
G11: =E11*F11 -> 0 | J11: =SUM(G11:I11) -> 0 | M11: =K11*L11 -> 0 | P11: =SUM(M11:O11) -> 0 | S11: =Q11*R11 -> 0 | V11: =SUM(S11:U11) -> 0 | Y11: =W11*X11 -> 0 | AB11: =SUM(Y11:AA11) -> 0 | AE11: =AC11*AD11 -> 0 | AH11: =SUM(AE11:AG11) -> 0 | AK11: =AI11*AJ11 -> 0 | AN11: =SUM(AK11:AM11) -> 0 | AO11: =J11+P11+V11+AB11+AH11+AN11 -> 0 | AP11: =ROUND(AO11*0.599,0) -> 0 | AQ11: =AO11+AP11 -> 0
A12: TOTAL TA1 FOR ALL YEARS | G12: =SUM(G8:G11) -> 12000 | H12: =SUM(H8:H11) -> 2000 | I12: =SUM(I8:I11) -> 0 | J12: =SUM(J8:J11) -> 14000 | M12: =SUM(M8:M11) -> 12000 | N12: =SUM(N8:N11) -> 2000 | O12: =SUM(O8:O11) -> 0 | P12: =SUM(P8:P11) -> 14000 | S12: =SUM(S8:S11) -> 12000 | T12: =SUM(T8:T11) -> 2000 | U12: =SUM(U8:U11) -> 0 | V12: =SUM(V8:V11) -> 14000 | Y12: =SUM(Y8:Y11) -> 12000 | Z12: =SUM(Z8:Z11) -> 2000 | AA12: =SUM(AA8:AA11) -> 0 | AB12: =SUM(AB8:AB11) -> 14000 | AE12: =SUM(AE8:AE11) -> 12000 | AF12: =SUM(AF8:AF11) -> 2000 | AG12: =SUM(AG8:AG11) -> 0 | AH12: =SUM(AH8:AH11) -> 14000 | AK12: =SUM(AK8:AK11) -> 12000 | AL12: =SUM(AL8:AL11) -> 2000 | AM12: =SUM(AM8:AM11) -> 0 | AN12: =SUM(AN8:AN11) -> 14000 | AO12: =SUM(AO8:AO11) -> 84000 | AP12: =SUM(AP8:AP11) -> 50316 | AQ12: =SUM(AQ8:AQ11) -> 134316 | AR12: TA1
A13: TA2 | E13: 120 | F13: 100 | G13: =E13*F13 -> 12000 | H13: 2000 | I13: 0 | J13: =SUM(G13:I13) -> 14000 | K13: 120 | L13: 100 | M13: =K13*L13 -> 12000 | N13: 2000 | O13: 0 | P13: =SUM(M13:O13) -> 14000 | Q13: 120 | R13: 100 | S13: =Q13*R13 -> 12000 | T13: 2000 | U13: 0 | V13: =SUM(S13:U13) -> 14000 | W13: 120 | X13: 100 | Y13: =W13*X13 -> 12000 | Z13: 2000 | AA13: 0 | AB13: =SUM(Y13:AA13) -> 14000 | AC13: 120 | AD13: 100 | AE13: =AC13*AD13 -> 12000 | AF13: 2000 | AG13: 0 | AH13: =SUM(AE13:AG13) -> 14000 | AI13: 120 | AJ13: 100 | AK13: =AI13*AJ13 -> 12000 | AL13: 2000 | AM13: 0 | AN13: =SUM(AK13:AM13) -> 14000 | AO13: =J13+P13+V13+AB13+AH13+AN13 -> 84000 | AP13: =ROUND(AO13*0.599,0) -> 50316 | AQ13: =AO13+AP13 -> 134316
G14: =E14*F14 -> 0 | J14: =SUM(G14:I14) -> 0 | M14: =K14*L14 -> 0 | P14: =SUM(M14:O14) -> 0 | S14: =Q14*R14 -> 0 | V14: =SUM(S14:U14) -> 0 | Y14: =W14*X14 -> 0 | AB14: =SUM(Y14:AA14) -> 0 | AE14: =AC14*AD14 -> 0 | AH14: =SUM(AE14:AG14) -> 0 | AK14: =AI14*AJ14 -> 0 | AN14: =SUM(AK14:AM14) -> 0 | AO14: =J14+P14+V14+AB14+AH14+AN14 -> 0 | AP14: =ROUND(AO14*0.599,0) -> 0 | AQ14: =AO14+AP14 -> 0
G15: =E15*F15 -> 0 | J15: =SUM(G15:I15) -> 0 | M15: =K15*L15 -> 0 | P15: =SUM(M15:O15) -> 0 | S15: =Q15*R15 -> 0 | V15: =SUM(S15:U15) -> 0 | Y15: =W15*X15 -> 0 | AB15: =SUM(Y15:AA15) -> 0 | AE15: =AC15*AD15 -> 0 | AH15: =SUM(AE15:AG15) -> 0 | AK15: =AI15*AJ15 -> 0 | AN15: =SUM(AK15:AM15) -> 0 | AO15: =J15+P15+V15+AB15+AH15+AN15 -> 0 | AP15: =ROUND(AO15*0.599,0) -> 0 | AQ15: =AO15+AP15 -> 0
G16: =E16*F16 -> 0 | J16: =SUM(G16:I16) -> 0 | M16: =K16*L16 -> 0 | P16: =SUM(M16:O16) -> 0 | S16: =Q16*R16 -> 0 | V16: =SUM(S16:U16) -> 0 | Y16: =W16*X16 -> 0 | AB16: =SUM(Y16:AA16) -> 0 | AE16: =AC16*AD16 -> 0 | AH16: =SUM(AE16:AG16) -> 0 | AK16: =AI16*AJ16 -> 0 | AN16: =SUM(AK16:AM16) -> 0 | AO16: =J16+P16+V16+AB16+AH16+AN16 -> 0 | AP16: =ROUND(AO16*0.599,0) -> 0 | AQ16: =AO16+AP16 -> 0
A17: TOTAL TA2 FOR ALL YEARS | G17: =SUM(G13:G16) -> 12000 | H17: =SUM(H13:H16) -> 2000 | I17: =SUM(I13:I16) -> 0 | J17: =SUM(J13:J16) -> 14000 | M17: =SUM(M13:M16) -> 12000 | N17: =SUM(N13:N16) -> 2000 | O17: =SUM(O13:O16) -> 0 | P17: =SUM(P13:P16) -> 14000 | S17: =SUM(S13:S16) -> 12000 | T17: =SUM(T13:T16) -> 2000 | U17: =SUM(U13:U16) -> 0 | V17: =SUM(V13:V16) -> 14000 | Y17: =SUM(Y13:Y16) -> 12000 | Z17: =SUM(Z13:Z16) -> 2000 | AA17: =SUM(AA13:AA16) -> 0 | AB17: =SUM(AB13:AB16) -> 14000 | AE17: =SUM(AE13:AE16) -> 12000 | AF17: =SUM(AF13:AF16) -> 2000 | AG17: =SUM(AG13:AG16) -> 0 | AH17: =SUM(AH13:AH16) -> 14000 | AK17: =SUM(AK13:AK16) -> 12000 | AL17: =SUM(AL13:AL16) -> 2000 | AM17: =SUM(AM13:AM16) -> 0 | AN17: =SUM(AN13:AN16) -> 14000 | AO17: =SUM(AO13:AO16) -> 84000 | AP17: =SUM(AP13:AP16) -> 50316 | AQ17: =SUM(AQ13:AQ16) -> 134316 | AR17: TA2
A18: TA3 | E18: 120 | F18: 100 | G18: =E18*F18 -> 12000 | H18: 2000 | I18: 0 | J18: =SUM(G18:I18) -> 14000 | K18: 120 | L18: 100 | M18: =K18*L18 -> 12000 | N18: 2000 | O18: 0 | P18: =SUM(M18:O18) -> 14000 | Q18: 120 | R18: 100 | S18: =Q18*R18 -> 12000 | T18: 2000 | U18: 0 | V18: =SUM(S18:U18) -> 14000 | W18: 120 | X18: 100 | Y18: =W18*X18 -> 12000 | Z18: 2000 | AA18: 0 | AB18: =SUM(Y18:AA18) -> 14000 | AC18: 120 | AD18: 100 | AE18: =AC18*AD18 -> 12000 | AF18: 2000 | AG18: 0 | AH18: =SUM(AE18:AG18) -> 14000 | AI18: 120 | AJ18: 100 | AK18: =AI18*AJ18 -> 12000 | AL18: 2000 | AM18: 0 | AN18: =SUM(AK18:AM18) -> 14000 | AO18: =J18+P18+V18+AB18+AH18+AN18 -> 84000 | AP18: =ROUND(AO18*0.599,0) -> 50316 | AQ18: =AO18+AP18 -> 134316
G19: =E19*F19 -> 0 | J19: =SUM(G19:I19) -> 0 | M19: =K19*L19 -> 0 | P19: =SUM(M19:O19) -> 0 | S19: =Q19*R19 -> 0 | V19: =SUM(S19:U19) -> 0 | Y19: =W19*X19 -> 0 | AB19: =SUM(Y19:AA19) -> 0 | AE19: =AC19*AD19 -> 0 | AH19: =SUM(AE19:AG19) -> 0 | AK19: =AI19*AJ19 -> 0 | AN19: =SUM(AK19:AM19) -> 0 | AO19: =J19+P19+V19+AB19+AH19+AN19 -> 0 | AP19: =ROUND(AO19*0.599,0) -> 0 | AQ19: =AO19+AP19 -> 0
G20: =E20*F20 -> 0 | J20: =SUM(G20:I20) -> 0 | M20: =K20*L20 -> 0 | P20: =SUM(M20:O20) -> 0 | S20: =Q20*R20 -> 0 | V20: =SUM(S20:U20) -> 0 | Y20: =W20*X20 -> 0 | AB20: =SUM(Y20:AA20) -> 0 | AE20: =AC20*AD20 -> 0 | AH20: =SUM(AE20:AG20) -> 0 | AK20: =AI20*AJ20 -> 0 | AN20: =SUM(AK20:AM20) -> 0 | AO20: =J20+P20+V20+AB20+AH20+AN20 -> 0 | AP20: =ROUND(AO20*0.599,0) -> 0 | AQ20: =AO20+AP20 -> 0
G21: =E21*F21 -> 0 | J21: =SUM(G21:I21) -> 0 | M21: =K21*L21 -> 0 | P21: =SUM(M21:O21) -> 0 | S21: =Q21*R21 -> 0 | V21: =SUM(S21:U21) -> 0 | Y21: =W21*X21 -> 0 | AB21: =SUM(Y21:AA21) -> 0 | AE21: =AC21*AD21 -> 0 | AH21: =SUM(AE21:AG21) -> 0 | AK21: =AI21*AJ21 -> 0 | AN21: =SUM(AK21:AM21) -> 0 | AO21: =J21+P21+V21+AB21+AH21+AN21 -> 0 | AP21: =ROUND(AO21*0.599,0) -> 0 | AQ21: =AO21+AP21 -> 0
A22: TOTAL TA3 FOR ALL YEARS | G22: =SUM(G18:G21) -> 12000 | H22: =SUM(H18:H21) -> 2000 | I22: =SUM(I18:I21) -> 0 | J22: =SUM(J18:J21) -> 14000 | M22: =SUM(M18:M21) -> 12000 | N22: =SUM(N18:N21) -> 2000 | O22: =SUM(O18:O21) -> 0 | P22: =SUM(P18:P21) -> 14000 | S22: =SUM(S18:S21) -> 12000 | T22: =SUM(T18:T21) -> 2000 | U22: =SUM(U18:U21) -> 0 | V22: =SUM(V18:V21) -> 14000 | Y22: =SUM(Y18:Y21) -> 12000 | Z22: =SUM(Z18:Z21) -> 2000 | AA22: =SUM(AA18:AA21) -> 0 | AB22: =SUM(AB18:AB21) -> 14000 | AE22: =SUM(AE18:AE21) -> 12000 | AF22: =SUM(AF18:AF21) -> 2000 | AG22: =SUM(AG18:AG21) -> 0 | AH22: =SUM(AH18:AH21) -> 14000 | AK22: =SUM(AK18:AK21) -> 12000 | AL22: =SUM(AL18:AL21) -> 2000 | AM22: =SUM(AM18:AM21) -> 0 | AN22: =SUM(AN18:AN21) -> 14000 | AO22: =SUM(AO18:AO21) -> 84000 | AP22: =SUM(AP18:AP21) -> 50316 | AQ22: =SUM(AQ18:AQ21) -> 134316 | AR22: TA3
A23: TA4 | E23: 120 | F23: 100 | G23: =E23*F23 -> 12000 | H23: 2000 | I23: 0 | J23: =SUM(G23:I23) -> 14000 | K23: 120 | L23: 100 | M23: =K23*L23 -> 12000 | N23: 2000 | O23: 0 | P23: =SUM(M23:O23) -> 14000 | Q23: 120 | R23: 100 | S23: =Q23*R23 -> 12000 | T23: 2000 | U23: 0 | V23: =SUM(S23:U23) -> 14000 | W23: 120 | X23: 100 | Y23: =W23*X23 -> 12000 | Z23: 2000 | AA23: 0 | AB23: =SUM(Y23:AA23) -> 14000 | AC23: 120 | AD23: 100 | AE23: =AC23*AD23 -> 12000 | AF23: 2000 | AG23: 0 | AH23: =SUM(AE23:AG23) -> 14000 | AI23: 120 | AJ23: 100 | AK23: =AI23*AJ23 -> 12000 | AL23: 2000 | AM23: 0 | AN23: =SUM(AK23:AM23) -> 14000 | AO23: =J23+P23+V23+AB23+AH23+AN23 -> 84000 | AP23: =ROUND(AO23*0.599,0) -> 50316 | AQ23: =AO23+AP23 -> 134316
G24: =E24*F24 -> 0 | J24: =SUM(G24:I24) -> 0 | M24: =K24*L24 -> 0 | P24: =SUM(M24:O24) -> 0 | S24: =Q24*R24 -> 0 | V24: =SUM(S24:U24) -> 0 | Y24: =W24*X24 -> 0 | AB24: =SUM(Y24:AA24) -> 0 | AE24: =AC24*AD24 -> 0 | AH24: =SUM(AE24:AG24) -> 0 | AK24: =AI24*AJ24 -> 0 | AN24: =SUM(AK24:AM24) -> 0 | AO24: =J24+P24+V24+AB24+AH24+AN24 -> 0 | AP24: =ROUND(AO24*0.599,0) -> 0 | AQ24: =AO24+AP24 -> 0
G25: =E25*F25 -> 0 | J25: =SUM(G25:I25) -> 0 | M25: =K25*L25 -> 0 | P25: =SUM(M25:O25) -> 0 | S25: =Q25*R25 -> 0 | V25: =SUM(S25:U25) -> 0 | Y25: =W25*X25 -> 0 | AB25: =SUM(Y25:AA25) -> 0 | AE25: =AC25*AD25 -> 0 | AH25: =SUM(AE25:AG25) -> 0 | AK25: =AI25*AJ25 -> 0 | AN25: =SUM(AK25:AM25) -> 0 | AO25: =J25+P25+V25+AB25+AH25+AN25 -> 0 | AP25: =ROUND(AO25*0.599,0) -> 0 | AQ25: =AO25+AP25 -> 0
G26: =E26*F26 -> 0 | J26: =SUM(G26:I26) -> 0 | M26: =K26*L26 -> 0 | P26: =SUM(M26:O26) -> 0 | S26: =Q26*R26 -> 0 | V26: =SUM(S26:U26) -> 0 | Y26: =W26*X26 -> 0 | AB26: =SUM(Y26:AA26) -> 0 | AE26: =AC26*AD26 -> 0 | AH26: =SUM(AE26:AG26) -> 0 | AK26: =AI26*AJ26 -> 0 | AN26: =SUM(AK26:AM26) -> 0 | AO26: =J26+P26+V26+AB26+AH26+AN26 -> 0 | AP26: =ROUND(AO26*0.599,0) -> 0 | AQ26: =AO26+AP26 -> 0
A27: TOTAL TA4 FOR ALL YEARS | G27: =SUM(G23:G26) -> 12000 | H27: =SUM(H23:H26) -> 2000 | I27: =SUM(I23:I26) -> 0 | J27: =SUM(J23:J26) -> 14000 | M27: =SUM(M23:M26) -> 12000 | N27: =SUM(N23:N26) -> 2000 | O27: =SUM(O23:O26) -> 0 | P27: =SUM(P23:P26) -> 14000 | S27: =SUM(S23:S26) -> 12000 | T27: =SUM(T23:T26) -> 2000 | U27: =SUM(U23:U26) -> 0 | V27: =SUM(V23:V26) -> 14000 | Y27: =SUM(Y23:Y26) -> 12000 | Z27: =SUM(Z23:Z26) -> 2000 | AA27: =SUM(AA23:AA26) -> 0 | AB27: =SUM(AB23:AB26) -> 14000 | AE27: =SUM(AE23:AE26) -> 12000 | AF27: =SUM(AF23:AF26) -> 2000 | AG27: =SUM(AG23:AG26) -> 0 | AH27: =SUM(AH23:AH26) -> 14000 | AK27: =SUM(AK23:AK26) -> 12000 | AL27: =SUM(AL23:AL26) -> 2000 | AM27: =SUM(AM23:AM26) -> 0 | AN27: =SUM(AN23:AN26) -> 14000 | AO27: =SUM(AO23:AO26) -> 84000 | AP27: =SUM(AP23:AP26) -> 50316 | AQ27: =SUM(AQ23:AQ26) -> 134316 | AR27: TA4
A28: TA5 | E28: 120 | F28: 100 | G28: =E28*F28 -> 12000 | H28: 2000 | I28: 0 | J28: =SUM(G28:I28) -> 14000 | K28: 120 | L28: 100 | M28: =K28*L28 -> 12000 | N28: 2000 | O28: 0 | P28: =SUM(M28:O28) -> 14000 | Q28: 120 | R28: 100 | S28: =Q28*R28 -> 12000 | T28: 2000 | U28: 0 | V28: =SUM(S28:U28) -> 14000 | W28: 120 | X28: 100 | Y28: =W28*X28 -> 12000 | Z28: 2000 | AA28: 0 | AB28: =SUM(Y28:AA28) -> 14000 | AC28: 120 | AD28: 100 | AE28: =AC28*AD28 -> 12000 | AF28: 2000 | AG28: 0 | AH28: =SUM(AE28:AG28) -> 14000 | AI28: 120 | AJ28: 100 | AK28: =AI28*AJ28 -> 12000 | AL28: 2000 | AM28: 0 | AN28: =SUM(AK28:AM28) -> 14000 | AO28: =J28+P28+V28+AB28+AH28+AN28 -> 84000 | AP28: =ROUND(AO28*0.599,0) -> 50316 | AQ28: =AO28+AP28 -> 134316
G29: =E29*F29 -> 0 | J29: =SUM(G29:I29) -> 0 | M29: =K29*L29 -> 0 | P29: =SUM(M29:O29) -> 0 | S29: =Q29*R29 -> 0 | V29: =SUM(S29:U29) -> 0 | Y29: =W29*X29 -> 0 | AB29: =SUM(Y29:AA29) -> 0 | AE29: =AC29*AD29 -> 0 | AH29: =SUM(AE29:AG29) -> 0 | AK29: =AI29*AJ29 -> 0 | AN29: =SUM(AK29:AM29) -> 0 | AO29: =J29+P29+V29+AB29+AH29+AN29 -> 0 | AP29: =ROUND(AO29*0.599,0) -> 0 | AQ29: =AO29+AP29 -> 0
G30: =E30*F30 -> 0 | J30: =SUM(G30:I30) -> 0 | M30: =K30*L30 -> 0 | P30: =SUM(M30:O30) -> 0 | S30: =Q30*R30 -> 0 | V30: =SUM(S30:U30) -> 0 | Y30: =W30*X30 -> 0 | AB30: =SUM(Y30:AA30) -> 0 | AE30: =AC30*AD30 -> 0 | AH30: =SUM(AE30:AG30) -> 0 | AK30: =AI30*AJ30 -> 0 | AN30: =SUM(AK30:AM30) -> 0 | AO30: =J30+P30+V30+AB30+AH30+AN30 -> 0 | AP30: =ROUND(AO30*0.599,0) -> 0 | AQ30: =AO30+AP30 -> 0
G31: =E31*F31 -> 0 | J31: =SUM(G31:I31) -> 0 | M31: =K31*L31 -> 0 | P31: =SUM(M31:O31) -> 0 | S31: =Q31*R31 -> 0 | V31: =SUM(S31:U31) -> 0 | Y31: =W31*X31 -> 0 | AB31: =SUM(Y31:AA31) -> 0 | AE31: =AC31*AD31 -> 0 | AH31: =SUM(AE31:AG31) -> 0 | AK31: =AI31*AJ31 -> 0 | AN31: =SUM(AK31:AM31) -> 0 | AO31: =J31+P31+V31+AB31+AH31+AN31 -> 0 | AP31: =ROUND(AO31*0.599,0) -> 0 | AQ31: =AO31+AP31 -> 0
A32: TOTAL TA5 FOR ALL YEARS | G32: =SUM(G28:G31) -> 12000 | H32: =SUM(H28:H31) -> 2000 | I32: =SUM(I28:I31) -> 0 | J32: =SUM(J28:J31) -> 14000 | M32: =SUM(M28:M31) -> 12000 | N32: =SUM(N28:N31) -> 2000 | O32: =SUM(O28:O31) -> 0 | P32: =SUM(P28:P31) -> 14000 | S32: =SUM(S28:S31) -> 12000 | T32: =SUM(T28:T31) -> 2000 | U32: =SUM(U28:U31) -> 0 | V32: =SUM(V28:V31) -> 14000 | Y32: =SUM(Y28:Y31) -> 12000 | Z32: =SUM(Z28:Z31) -> 2000 | AA32: =SUM(AA28:AA31) -> 0 | AB32: =SUM(AB28:AB31) -> 14000 | AE32: =SUM(AE28:AE31) -> 12000 | AF32: =SUM(AF28:AF31) -> 2000 | AG32: =SUM(AG28:AG31) -> 0 | AH32: =SUM(AH28:AH31) -> 14000 | AK32: =SUM(AK28:AK31) -> 12000 | AL32: =SUM(AL28:AL31) -> 2000 | AM32: =SUM(AM28:AM31) -> 0 | AN32: =SUM(AN28:AN31) -> 14000 | AO32: =SUM(AO28:AO31) -> 84000 | AP32: =SUM(AP28:AP31) -> 50316 | AQ32: =SUM(AQ28:AQ31) -> 134316 | AR32: TA5
AO33: =AO12+AO17+AO22+AO27+AO32 -> 420000 | AP33: =AP12+AP17+AP22+AP27+AP32 -> 251580 | AQ33: =AQ12+AQ17+AQ22+AQ27+AQ32 -> 671580 | AR33: ALL TAs
A34: TOTAL CONSULTANT DIRECT COSTS FOR ALL YEARS | J34: =J12+J17+J22+J27+J32 -> 70000 | P34: =P12+P17+P22+P27+P32 -> 70000 | V34: =V12+V17+V22+V27+V32 -> 70000 | AB34: =AB12+AB17+AB22+AB27+AB32 -> 70000 | AH34: =AH12+AH17+AH22+AH27+AH32 -> 70000 | AN34: =AN12+AN17+AN22+AN27+AN32 -> 70000 | AO34: =AN34+AH34+AB34+V34+P34+J34 -> 420000
A35: TOTAL INDIRECT COSTS FOR ALL YEARS | J35: =ROUND(J34*0.599,0) -> 41930 | P35: =ROUND(P34*0.599,0) -> 41930 | V35: =ROUND(V34*0.599,0) -> 41930 | AB35: =ROUND(AB34*0.599,0) -> 41930 | AH35: =ROUND(AH34*0.599,0) -> 41930 | AN35: =ROUND(AN34*0.599,0) -> 41930 | AO35: =AN35+AH35+AB35+V35+P35+J35 -> 251580
A36: TOTAL CONSULTANT COSTS FOR ALL YEARS | J36: =J34+J35 -> 111930 | P36: =P34+P35 -> 111930 | V36: =V34+V35 -> 111930 | AB36: =AB34+AB35 -> 111930 | AH36: =AH34+AH35 -> 111930 | AN36: =AN34+AN35 -> 111930 | AO36: =AN36+AH36+AB36+V36+P36+J36 -> 671580

Sheet Supplies
A1: SUMMARY OF PROPOSED COSTS | F1: Instructions:
A2: UNIVERSITY OF | F2: 1. This is the default format to submit for Volume I Basis of Estimate.
A3: PI: | F3: 2. Any supporting documents provided with Volume I BOE submission will be included with Volume I application.
A4: PROJECT PERIOD: | F4: 3. Remove empty rows and copy paste the table below to the Volume I BOE document.
A6: MATERIALS AND SUPPLIES BUDGET | E6: YEAR 1 | H6: YEAR 2 | K6: YEAR 3 | N6: YEAR 4 | Q6: YEAR 5 | T6: YEAR 6 | W6: TOTAL
A7: Technical Area | B7: Materials | C7: Proposed Vendors (if known) | D7: Basis of Estimate (i.e., quotes, catalog price, prior purchase, etc.) | E7: Qty | F7: Unit Price | G7: Total Year 1 | H7: Qty | I7: Unit Price | J7: Total Year 2 | K7: Qty | L7: Unit Price | M7: Total Year 3 | N7: Qty | O7: Unit Price | P7: Total Year 4 | Q7: Qty | R7: Unit Price | S7: Total Year 5 | T7: Qty | U7: Unit Price | V7: Total Year 6 | W7: TOTAL DIRECT COSTS FOR ALL YEARS | X7: INDIRECT COSTS | Y7: TOTAL COSTS
A8: TA1 | B8: Reagents | C8: Fisher Scientific | D8: Website | E8: 50 | F8: 60 | G8: =E8*F8 -> 3000 | H8: 50 | I8: 60 | J8: =H8*I8 -> 3000 | K8: 50 | L8: 60 | M8: =K8*L8 -> 3000 | N8: 50 | O8: 60 | P8: =N8*O8 -> 3000 | Q8: 50 | R8: 60 | S8: =Q8*R8 -> 3000 | T8: 50 | U8: 60 | V8: =T8*U8 -> 3000 | W8: =G8+J8+M8+P8+S8+V8 -> 18000 | X8: =ROUND(W8*0.599,0) -> 10782 | Y8: =W8+X8 -> 28782
G9: =E9*F9 -> 0 | J9: =H9*I9 -> 0 | M9: =K9*L9 -> 0 | P9: =N9*O9 -> 0 | S9: =Q9*R9 -> 0 | V9: =T9*U9 -> 0 | W9: =G9+J9+M9+P9+S9+V9 -> 0 | X9: =ROUND(W9*0.599,0) -> 0 | Y9: =W9*X9 -> 0
G10: =E10*F10 -> 0 | J10: =H10*I10 -> 0 | M10: =K10*L10 -> 0 | P10: =N10*O10 -> 0 | S10: =Q10*R10 -> 0 | V10: =T10*U10 -> 0 | W10: =G10+J10+M10+P10+S10+V10 -> 0 | X10: =ROUND(W10*0.599,0) -> 0 | Y10: =W10*X10 -> 0
G11: =E11*F11 -> 0 | J11: =H11*I11 -> 0 | M11: =K11*L11 -> 0 | P11: =N11*O11 -> 0 | S11: =Q11*R11 -> 0 | V11: =T11*U11 -> 0 | W11: =G11+J11+M11+P11+S11+V11 -> 0 | X11: =ROUND(W11*0.599,0) -> 0 | Y11: =W11*X11 -> 0
G12: =E12*F12 -> 0 | J12: =H12*I12 -> 0 | M12: =K12*L12 -> 0 | P12: =N12*O12 -> 0 | S12: =Q12*R12 -> 0 | V12: =T12*U12 -> 0 | W12: =G12+J12+M12+P12+S12+V12 -> 0 | X12: =ROUND(W12*0.599,0) -> 0 | Y12: =W12*X12 -> 0
A13: TOTAL FOR TA1 FOR ALL YEARS | G13: =SUM(G8:G12) -> 3000 | J13: =SUM(J8:J12) -> 3000 | M13: =SUM(M8:M12) -> 3000 | P13: =SUM(P8:P12) -> 3000 | S13: =SUM(S8:S12) -> 3000 | V13: =SUM(V8:V12) -> 3000 | W13: =SUM(W8:W12) -> 18000 | X13: =ROUND(W13*0.599,0) -> 10782 | Y13: =W13+X13 -> 28782
A14: TA2 | B14: Reagents | C14: Fisher Scientific | D14: Website | E14: 50 | F14: 60 | G14: =E14*F14 -> 3000 | H14: 50 | I14: 60 | J14: =H14*I14 -> 3000 | K14: 50 | L14: 60 | M14: =K14*L14 -> 3000 | N14: 50 | O14: 60 | P14: =N14*O14 -> 3000 | Q14: 50 | R14: 60 | S14: =Q14*R14 -> 3000 | T14: 50 | U14: 60 | V14: =T14*U14 -> 3000 | W14: =G14+J14+M14+P14+S14+V14 -> 18000 | X14: =ROUND(W14*0.599,0) -> 10782 | Y14: =W14+X14 -> 28782
G15: =E15*F15 -> 0 | J15: =H15*I15 -> 0 | M15: =K15*L15 -> 0 | P15: =N15*O15 -> 0 | S15: =Q15*R15 -> 0 | V15: =T15*U15 -> 0 | W15: =G15+J15+M15+P15+S15+V15 -> 0 | X15: =ROUND(W15*0.599,0) -> 0 | Y15: =W15*X15 -> 0
G16: =E16*F16 -> 0 | J16: =H16*I16 -> 0 | M16: =K16*L16 -> 0 | P16: =N16*O16 -> 0 | S16: =Q16*R16 -> 0 | V16: =T16*U16 -> 0 | W16: =G16+J16+M16+P16+S16+V16 -> 0 | X16: =ROUND(W16*0.599,0) -> 0 | Y16: =W16*X16 -> 0
G17: =E17*F17 -> 0 | J17: =H17*I17 -> 0 | M17: =K17*L17 -> 0 | P17: =N17*O17 -> 0 | S17: =Q17*R17 -> 0 | V17: =T17*U17 -> 0 | W17: =G17+J17+M17+P17+S17+V17 -> 0 | X17: =ROUND(W17*0.599,0) -> 0 | Y17: =W17*X17 -> 0
G18: =E18*F18 -> 0 | J18: =H18*I18 -> 0 | M18: =K18*L18 -> 0 | P18: =N18*O18 -> 0 | S18: =Q18*R18 -> 0 | V18: =T18*U18 -> 0 | W18: =G18+J18+M18+P18+S18+V18 -> 0 | X18: =ROUND(W18*0.599,0) -> 0 | Y18: =W18*X18 -> 0
A19: TOTAL FOR TA2 FOR ALL YEARS | G19: =SUM(G14:G18) -> 3000 | J19: =SUM(J14:J18) -> 3000 | M19: =SUM(M14:M18) -> 3000 | P19: =SUM(P14:P18) -> 3000 | S19: =SUM(S14:S18) -> 3000 | V19: =SUM(V14:V18) -> 3000 | W19: =SUM(W14:W18) -> 18000 | X19: =ROUND(W19*0.599,0) -> 10782 | Y19: =W19+X19 -> 28782
A20: TA3 | B20: Reagents | C20: Fisher Scientific | D20: Website | E20: 50 | F20: 60 | G20: =E20*F20 -> 3000 | H20: 50 | I20: 60 | J20: =H20*I20 -> 3000 | K20: 50 | L20: 60 | M20: =K20*L20 -> 3000 | N20: 50 | O20: 60 | P20: =N20*O20 -> 3000 | Q20: 50 | R20: 60 | S20: =Q20*R20 -> 3000 | T20: 50 | U20: 60 | V20: =T20*U20 -> 3000 | W20: =G20+J20+M20+P20+S20+V20 -> 18000 | X20: =ROUND(W20*0.599,0) -> 10782 | Y20: =W20+X20 -> 28782
G21: =E21*F21 -> 0 | J21: =H21*I21 -> 0 | M21: =K21*L21 -> 0 | P21: =N21*O21 -> 0 | S21: =Q21*R21 -> 0 | V21: =T21*U21 -> 0 | W21: =G21+J21+M21+P21+S21+V21 -> 0 | X21: =ROUND(W21*0.599,0) -> 0 | Y21: =W21*X21 -> 0
G22: =E22*F22 -> 0 | J22: =H22*I22 -> 0 | M22: =K22*L22 -> 0 | P22: =N22*O22 -> 0 | S22: =Q22*R22 -> 0 | V22: =T22*U22 -> 0 | W22: =G22+J22+M22+P22+S22+V22 -> 0 | X22: =ROUND(W22*0.599,0) -> 0 | Y22: =W22*X22 -> 0
G23: =E23*F23 -> 0 | J23: =H23*I23 -> 0 | M23: =K23*L23 -> 0 | P23: =N23*O23 -> 0 | S23: =Q23*R23 -> 0 | V23: =T23*U23 -> 0 | W23: =G23+J23+M23+P23+S23+V23 -> 0 | X23: =ROUND(W23*0.599,0) -> 0 | Y23: =W23*X23 -> 0
G24: =E24*F24 -> 0 | J24: =H24*I24 -> 0 | M24: =K24*L24 -> 0 | P24: =N24*O24 -> 0 | S24: =Q24*R24 -> 0 | V24: =T24*U24 -> 0 | W24: =G24+J24+M24+P24+S24+V24 -> 0 | X24: =ROUND(W24*0.599,0) -> 0 | Y24: =W24*X24 -> 0
A25: TOTAL FOR TA3 FOR ALL YEARS | G25: =SUM(G20:G24) -> 3000 | J25: =SUM(J20:J24) -> 3000 | M25: =SUM(M20:M24) -> 3000 | P25: =SUM(P20:P24) -> 3000 | S25: =SUM(S20:S24) -> 3000 | V25: =SUM(V20:V24) -> 3000 | W25: =SUM(W20:W24) -> 18000 | X25: =ROUND(W25*0.599,0) -> 10782 | Y25: =W25+X25 -> 28782
A26: TA4 | B26: Reagents | C26: Fisher Scientific | D26: Website | E26: 50 | F26: 60 | G26: =E26*F26 -> 3000 | H26: 50 | I26: 60 | J26: =H26*I26 -> 3000 | K26: 50 | L26: 60 | M26: =K26*L26 -> 3000 | N26: 50 | O26: 60 | P26: =N26*O26 -> 3000 | Q26: 50 | R26: 60 | S26: =Q26*R26 -> 3000 | T26: 50 | U26: 60 | V26: =T26*U26 -> 3000 | W26: =G26+J26+M26+P26+S26+V26 -> 18000 | X26: =ROUND(W26*0.599,0) -> 10782 | Y26: =W26+X26 -> 28782
G27: =E27*F27 -> 0 | J27: =H27*I27 -> 0 | M27: =K27*L27 -> 0 | P27: =N27*O27 -> 0 | S27: =Q27*R27 -> 0 | V27: =T27*U27 -> 0 | W27: =G27+J27+M27+P27+S27+V27 -> 0 | X27: =ROUND(W27*0.599,0) -> 0 | Y27: =W27*X27 -> 0
G28: =E28*F28 -> 0 | J28: =H28*I28 -> 0 | M28: =K28*L28 -> 0 | P28: =N28*O28 -> 0 | S28: =Q28*R28 -> 0 | V28: =T28*U28 -> 0 | W28: =G28+J28+M28+P28+S28+V28 -> 0 | X28: =ROUND(W28*0.599,0) -> 0 | Y28: =W28*X28 -> 0
G29: =E29*F29 -> 0 | J29: =H29*I29 -> 0 | M29: =K29*L29 -> 0 | P29: =N29*O29 -> 0 | S29: =Q29*R29 -> 0 | V29: =T29*U29 -> 0 | W29: =G29+J29+M29+P29+S29+V29 -> 0 | X29: =ROUND(W29*0.599,0) -> 0 | Y29: =W29*X29 -> 0
G30: =E30*F30 -> 0 | J30: =H30*I30 -> 0 | M30: =K30*L30 -> 0 | P30: =N30*O30 -> 0 | S30: =Q30*R30 -> 0 | V30: =T30*U30 -> 0 | W30: =G30+J30+M30+P30+S30+V30 -> 0 | X30: =ROUND(W30*0.599,0) -> 0 | Y30: =W30*X30 -> 0
A31: TOTAL FOR TA4 FOR ALL YEARS | G31: =SUM(G26:G30) -> 3000 | J31: =SUM(J26:J30) -> 3000 | M31: =SUM(M26:M30) -> 3000 | P31: =SUM(P26:P30) -> 3000 | S31: =SUM(S26:S30) -> 3000 | V31: =SUM(V26:V30) -> 3000 | W31: =SUM(W26:W30) -> 18000 | X31: =ROUND(W31*0.599,0) -> 10782 | Y31: =W31+X31 -> 28782
A32: TA5 | B32: Reagents | C32: Fisher Scientific | D32: Website | E32: 50 | F32: 60 | G32: =E32*F32 -> 3000 | H32: 50 | I32: 60 | J32: =H32*I32 -> 3000 | K32: 50 | L32: 60 | M32: =K32*L32 -> 3000 | N32: 50 | O32: 60 | P32: =N32*O32 -> 3000 | Q32: 50 | R32: 60 | S32: =Q32*R32 -> 3000 | T32: 50 | U32: 60 | V32: =T32*U32 -> 3000 | W32: =G32+J32+M32+P32+S32+V32 -> 18000 | X32: =ROUND(W32*0.599,0) -> 10782 | Y32: =W32+X32 -> 28782
G33: =E33*F33 -> 0 | J33: =H33*I33 -> 0 | M33: =K33*L33 -> 0 | P33: =N33*O33 -> 0 | S33: =Q33*R33 -> 0 | V33: =T33*U33 -> 0 | W33: =G33+J33+M33+P33+S33+V33 -> 0 | X33: =ROUND(W33*0.599,0) -> 0 | Y33: =W33*X33 -> 0
G34: =E34*F34 -> 0 | J34: =H34*I34 -> 0 | M34: =K34*L34 -> 0 | P34: =N34*O34 -> 0 | S34: =Q34*R34 -> 0 | V34: =T34*U34 -> 0 | W34: =G34+J34+M34+P34+S34+V34 -> 0 | X34: =ROUND(W34*0.599,0) -> 0 | Y34: =W34*X34 -> 0
G35: =E35*F35 -> 0 | J35: =H35*I35 -> 0 | M35: =K35*L35 -> 0 | P35: =N35*O35 -> 0 | S35: =Q35*R35 -> 0 | V35: =T35*U35 -> 0 | W35: =G35+J35+M35+P35+S35+V35 -> 0 | X35: =ROUND(W35*0.599,0) -> 0 | Y35: =W35*X35 -> 0
G36: =E36*F36 -> 0 | J36: =H36*I36 -> 0 | M36: =K36*L36 -> 0 | P36: =N36*O36 -> 0 | S36: =Q36*R36 -> 0 | V36: =T36*U36 -> 0 | W36: =G36+J36+M36+P36+S36+V36 -> 0 | X36: =ROUND(W36*0.599,0) -> 0 | Y36: =W36*X36 -> 0
A37: TOTAL FOR TA5 FOR ALL YEARS | G37: =SUM(G32:G36) -> 3000 | J37: =SUM(J32:J36) -> 3000 | M37: =SUM(M32:M36) -> 3000 | P37: =SUM(P32:P36) -> 3000 | S37: =SUM(S32:S36) -> 3000 | V37: =SUM(V32:V36) -> 3000 | W37: =SUM(W32:W36) -> 18000 | X37: =ROUND(W37*0.599,0) -> 10782 | Y37: =W37+X37 -> 28782
W38: =W13+W19+W25+W31+W37 -> 90000 | X38: =X13+X19+X25+X31+X37 -> 53910 | Y38: =Y13+Y19+Y25+Y31+Y37 -> 143910
A39: TOTAL SUPPLIES DIRECT COSTS FOR ALL YEARS | G39: =G13+G19+G25+G31+G37 -> 15000 | J39: =J13+J19+J25+J31+J37 -> 15000 | M39: =M13+M19+M25+M31+M37 -> 15000 | P39: =P13+P19+P25+P31+P37 -> 15000 | S39: =S13+S19+S25+S31+S37 -> 15000 | V39: =V13+V19+V25+V31+V37 -> 15000 | W39: =SUM(G39:V39) -> 90000 | X39: =ROUND(W38*0.599,0) -> 53910
A40: TOTAL SUPPLIES INDIRECT COSTS FOR ALL YEARS | G40: =ROUND(G39*0.599,0) -> 8985 | J40: =ROUND(J39*0.599,0) -> 8985 | M40: =ROUND(M39*0.599,0) -> 8985 | P40: =ROUND(P39*0.599,0) -> 8985 | S40: =ROUND(S39*0.599,0) -> 8985 | V40: =ROUND(V39*0.599,0) -> 8985 | W40: =SUM(G40:V40) -> 53910
A41: TOTAL SUPPLIES COSTS FOR ALL YEARS | G41: =G39+G40 -> 23985 | J41: =J39+J40 -> 23985 | M41: =M39+M40 -> 23985 | P41: =P39+P40 -> 23985 | S41: =S39+S40 -> 23985 | V41: =V39+V40 -> 23985 | W41: =SUM(G41:V41) -> 143910

Sheet Equipment
A1: SUMMARY OF PROPOSED COSTS | D1: Instructions:
A2: UNIVERSITY OF | D2: 1. This is the default to submit for Volume I Basis of Estimate.
A3: PI: | D3: 2. Any supporting documents provided with Volume I BOE submission will be included with Volume I application.
A4: PROJECT PERIOD: | D4: 3. Remove empty rows and copy paste the table below to the Volume I BOE document.
A6: EQUIPMENT BUDGET | E6: YEAR 1 | H6: YEAR 2 | K6: YEAR 3 | N6: YEAR 4 | Q6: YEAR 5 | T6: YEAR 6 | W6: TOTAL
A7: Technical Area | B7: Equipment | C7: Proposed Vendors (if known) | D7: Basis of Estimate (i.e., quotes, catalog price, prior purchase, etc.) | E7: Qty | F7: Unit Price | G7: Total Year 1 | H7: Qty | I7: Unit Price | J7: Total Year 2 | K7: Qty | L7: Unit Price | M7: Total Year 3 | N7: Qty | O7: Unit Price | P7: Total Year 4 | Q7: Qty | R7: Unit Price | S7: Total Year 5 | T7: Qty | U7: Unit Price | V7: Total Year 6 | W7: TOTAL DIRECT COSTS ALL YEARS | X7: INDIRECT COSTS (NO IDC ON EQUIPMENT) | Y7: TOTAL COSTS
A8: TA1 | B8: Microscope | C8: Fisher Scientific | D8: Website | E8: 1 | F8: 6500 | G8: =E8*F8 -> 6500 | H8: 1 | I8: 6500 | J8: =H8*I8 -> 6500 | K8: 1 | L8: 6500 | M8: =K8*L8 -> 6500 | N8: 1 | O8: 6500 | P8: =N8*O8 -> 6500 | Q8: 1 | R8: 6500 | S8: =Q8*R8 -> 6500 | T8: 1 | U8: 6500 | V8: =T8*U8 -> 6500 | W8: =G8+J8+M8+P8+S8+V8 -> 39000 | X8: 0 | Y8: =W8+X8 -> 39000
G9: =E9*F9 -> 0 | J9: =H9*I9 -> 0 | M9: =K9*L9 -> 0 | P9: =N9*O9 -> 0 | S9: =Q9*R9 -> 0 | V9: =T9*U9 -> 0 | W9: =G9+J9+M9+P9+S9+V9 -> 0 | X9: 0 | Y9: =W9+X9 -> 0
G10: =E10*F10 -> 0 | J10: =H10*I10 -> 0 | M10: =K10*L10 -> 0 | P10: =N10*O10 -> 0 | S10: =Q10*R10 -> 0 | V10: =T10*U10 -> 0 | W10: =G10+J10+M10+P10+S10+V10 -> 0 | X10: 0 | Y10: =W10+X10 -> 0
G11: =E11*F11 -> 0 | J11: =H11*I11 -> 0 | M11: =K11*L11 -> 0 | P11: =N11*O11 -> 0 | S11: =Q11*R11 -> 0 | V11: =T11*U11 -> 0 | W11: =G11+J11+M11+P11+S11+V11 -> 0 | X11: 0 | Y11: =W11+X11 -> 0
G12: =E12*F12 -> 0 | J12: =H12*I12 -> 0 | M12: =K12*L12 -> 0 | P12: =N12*O12 -> 0 | S12: =Q12*R12 -> 0 | V12: =T12*U12 -> 0 | W12: =G12+J12+M12+P12+S12+V12 -> 0 | X12: 0 | Y12: =W12+X12 -> 0
A13: TOTAL TA1 FOR ALL YEARS | G13: =SUM(G8:G12) -> 6500 | J13: =SUM(J8:J12) -> 6500 | M13: =SUM(M8:M12) -> 6500 | P13: =SUM(P8:P12) -> 6500 | S13: =SUM(S8:S12) -> 6500 | V13: =SUM(V8:V12) -> 6500 | W13: =SUM(W8:W12) -> 39000 | X13: =SUM(X8:X12) -> 0 | Y13: =SUM(Y8:Y12) -> 39000 | Z13: TA1
A14: TA2 | G14: =E14*F14 -> 0 | J14: =H14*I14 -> 0 | M14: =K14*L14 -> 0 | P14: =N14*O14 -> 0 | S14: =Q14*R14 -> 0 | V14: =T14*U14 -> 0 | W14: =G14+J14+M14+P14+S14+V14 -> 0 | X14: 0 | Y14: =W14+X14 -> 0
G15: =E15*F15 -> 0 | J15: =H15*I15 -> 0 | M15: =K15*L15 -> 0 | P15: =N15*O15 -> 0 | S15: =Q15*R15 -> 0 | V15: =T15*U15 -> 0 | W15: =G15+J15+M15+P15+S15+V15 -> 0 | X15: 0 | Y15: =W15+X15 -> 0
G16: =E16*F16 -> 0 | J16: =H16*I16 -> 0 | M16: =K16*L16 -> 0 | P16: =N16*O16 -> 0 | S16: =Q16*R16 -> 0 | V16: =T16*U16 -> 0 | W16: =G16+J16+M16+P16+S16+V16 -> 0 | X16: 0 | Y16: =W16+X16 -> 0
G17: =E17*F17 -> 0 | J17: =H17*I17 -> 0 | M17: =K17*L17 -> 0 | P17: =N17*O17 -> 0 | S17: =Q17*R17 -> 0 | V17: =T17*U17 -> 0 | W17: =G17+J17+M17+P17+S17+V17 -> 0 | X17: 0 | Y17: =W17+X17 -> 0
G18: =E18*F18 -> 0 | J18: =H18*I18 -> 0 | M18: =K18*L18 -> 0 | P18: =N18*O18 -> 0 | S18: =Q18*R18 -> 0 | V18: =T18*U18 -> 0 | W18: =G18+J18+M18+P18+S18+V18 -> 0 | X18: 0 | Y18: =W18+X18 -> 0
A19: TOTAL TA2 FOR ALL YEARS | G19: =SUM(G14:G18) -> 0 | J19: =SUM(J14:J18) -> 0 | M19: =SUM(M14:M18) -> 0 | P19: =SUM(P14:P18) -> 0 | S19: =SUM(S14:S18) -> 0 | V19: =SUM(V14:V18) -> 0 | W19: =SUM(W14:W18) -> 0 | X19: =SUM(X14:X18) -> 0 | Y19: =SUM(Y14:Y18) -> 0 | Z19: TA2
A20: TA3 | G20: =E20*F20 -> 0 | J20: =H20*I20 -> 0 | M20: =K20*L20 -> 0 | P20: =N20*O20 -> 0 | S20: =Q20*R20 -> 0 | V20: =T20*U20 -> 0 | W20: =G20+J20+M20+P20+S20+V20 -> 0 | X20: 0 | Y20: =W20+X20 -> 0
G21: =E21*F21 -> 0 | J21: =H21*I21 -> 0 | M21: =K21*L21 -> 0 | P21: =N21*O21 -> 0 | S21: =Q21*R21 -> 0 | V21: =T21*U21 -> 0 | W21: =G21+J21+M21+P21+S21+V21 -> 0 | X21: 0 | Y21: =W21+X21 -> 0
G22: =E22*F22 -> 0 | J22: =H22*I22 -> 0 | M22: =K22*L22 -> 0 | P22: =N22*O22 -> 0 | S22: =Q22*R22 -> 0 | V22: =T22*U22 -> 0 | W22: =G22+J22+M22+P22+S22+V22 -> 0 | X22: 0 | Y22: =W22+X22 -> 0
G23: =E23*F23 -> 0 | J23: =H23*I23 -> 0 | M23: =K23*L23 -> 0 | P23: =N23*O23 -> 0 | S23: =Q23*R23 -> 0 | V23: =T23*U23 -> 0 | W23: =G23+J23+M23+P23+S23+V23 -> 0 | X23: 0 | Y23: =W23+X23 -> 0
G24: =E24*F24 -> 0 | J24: =H24*I24 -> 0 | M24: =K24*L24 -> 0 | P24: =N24*O24 -> 0 | S24: =Q24*R24 -> 0 | V24: =T24*U24 -> 0 | W24: =G24+J24+M24+P24+S24+V24 -> 0 | X24: 0 | Y24: =W24+X24 -> 0
A25: TOTAL TA3 FOR ALL YEARS | G25: =SUM(G20:G24) -> 0 | J25: =SUM(J20:J24) -> 0 | M25: =SUM(M20:M24) -> 0 | P25: =SUM(P20:P24) -> 0 | S25: =SUM(S20:S24) -> 0 | V25: =SUM(V20:V24) -> 0 | W25: =SUM(W20:W24) -> 0 | X25: =SUM(X20:X24) -> 0 | Y25: =SUM(Y20:Y24) -> 0 | Z25: TA3
A26: TA4 | G26: =E26*F26 -> 0 | J26: =H26*I26 -> 0 | M26: =K26*L26 -> 0 | P26: =N26*O26 -> 0 | S26: =Q26*R26 -> 0 | V26: =T26*U26 -> 0 | W26: =G26+J26+M26+P26+S26+V26 -> 0 | X26: 0 | Y26: =W26+X26 -> 0
G27: =E27*F27 -> 0 | J27: =H27*I27 -> 0 | M27: =K27*L27 -> 0 | P27: =N27*O27 -> 0 | S27: =Q27*R27 -> 0 | V27: =T27*U27 -> 0 | W27: =G27+J27+M27+P27+S27+V27 -> 0 | X27: 0 | Y27: =W27+X27 -> 0
G28: =E28*F28 -> 0 | J28: =H28*I28 -> 0 | M28: =K28*L28 -> 0 | P28: =N28*O28 -> 0 | S28: =Q28*R28 -> 0 | V28: =T28*U28 -> 0 | W28: =G28+J28+M28+P28+S28+V28 -> 0 | X28: 0 | Y28: =W28+X28 -> 0
G29: =E29*F29 -> 0 | J29: =H29*I29 -> 0 | M29: =K29*L29 -> 0 | P29: =N29*O29 -> 0 | S29: =Q29*R29 -> 0 | V29: =T29*U29 -> 0 | W29: =G29+J29+M29+P29+S29+V29 -> 0 | X29: 0 | Y29: =W29+X29 -> 0
G30: =E30*F30 -> 0 | J30: =H30*I30 -> 0 | M30: =K30*L30 -> 0 | P30: =N30*O30 -> 0 | S30: =Q30*R30 -> 0 | V30: =T30*U30 -> 0 | W30: =G30+J30+M30+P30+S30+V30 -> 0 | X30: 0 | Y30: =W30+X30 -> 0
A31: TOTAL TA4 FOR ALL YEARS | G31: =SUM(G26:G30) -> 0 | J31: =SUM(J26:J30) -> 0 | M31: =SUM(M26:M30) -> 0 | P31: =SUM(P26:P30) -> 0 | S31: =SUM(S26:S30) -> 0 | V31: =SUM(V26:V30) -> 0 | W31: =SUM(W26:W30) -> 0 | X31: =SUM(X26:X30) -> 0 | Y31: =SUM(Y26:Y30) -> 0 | Z31: TA4
A32: TA5 | G32: =E32*F32 -> 0 | J32: =H32*I32 -> 0 | M32: =K32*L32 -> 0 | P32: =N32*O32 -> 0 | S32: =Q32*R32 -> 0 | V32: =T32*U32 -> 0 | W32: =G32+J32+M32+P32+S32+V32 -> 0 | X32: 0 | Y32: =W32+X32 -> 0
G33: =E33*F33 -> 0 | J33: =H33*I33 -> 0 | M33: =K33*L33 -> 0 | P33: =N33*O33 -> 0 | S33: =Q33*R33 -> 0 | V33: =T33*U33 -> 0 | W33: =G33+J33+M33+P33+S33+V33 -> 0 | X33: 0 | Y33: =W33+X33 -> 0
G34: =E34*F34 -> 0 | J34: =H34*I34 -> 0 | M34: =K34*L34 -> 0 | P34: =N34*O34 -> 0 | S34: =Q34*R34 -> 0 | V34: =T34*U34 -> 0 | W34: =G34+J34+M34+P34+S34+V34 -> 0 | X34: 0 | Y34: =W34+X34 -> 0
G35: =E35*F35 -> 0 | J35: =H35*I35 -> 0 | M35: =K35*L35 -> 0 | P35: =N35*O35 -> 0 | S35: =Q35*R35 -> 0 | V35: =T35*U35 -> 0 | W35: =G35+J35+M35+P35+S35+V35 -> 0 | X35: 0 | Y35: =W35+X35 -> 0
G36: =E36*F36 -> 0 | J36: =H36*I36 -> 0 | M36: =K36*L36 -> 0 | P36: =N36*O36 -> 0 | S36: =Q36*R36 -> 0 | V36: =T36*U36 -> 0 | W36: =G36+J36+M36+P36+S36+V36 -> 0 | X36: 0 | Y36: =W36+X36 -> 0
A37: TOTAL TA5 FOR ALL YEARS | G37: =SUM(G32:G36) -> 0 | J37: =SUM(J32:J36) -> 0 | M37: =SUM(M32:M36) -> 0 | P37: =SUM(P32:P36) -> 0 | S37: =SUM(S32:S36) -> 0 | V37: =SUM(V32:V36) -> 0 | W37: =SUM(W32:W36) -> 0 | X37: =SUM(X32:X36) -> 0 | Y37: =SUM(Y32:Y36) -> 0 | Z37: TA5
A38: TOTAL EQUIPMENT FOR ALL YEARS | G38: =G13+G19+G25+G31+G37 -> 6500 | J38: =J13+J19+J25+J31+J37 -> 6500 | M38: =M13+M19+M25+M31+M37 -> 6500 | P38: =P13+P19+P25+P31+P37 -> 6500 | S38: =S13+S19+S25+S31+S37 -> 6500 | V38: =V13+V19+V25+V31+V37 -> 6500 | W38: =W13+W19+W25+W31+W37 -> 39000 | X38: =X13+X19+X25+X31+X37 -> 0 | Y38: =Y13+Y19+Y25+Y31+Y37 -> 39000
A39: NO IDC ON EQUIPMENT | Y39: =W38+X38 -> 39000

Sheet Travel
A1: SUMMARY OF PROPOSED COSTS | G1: Instructions:
A2: UNIVERSITY OF | G2: 1. Before you expand the hidden columns, this is the default format to submit for Volume I Basis of Estimate.
A3: PI: | G3: 2. It is up to each institution how detail they would like to budget for Volume I, however, for Volume II, ARPA-H will request greater details as listed in the hidden columns.
A4: PROJECT PERIOD: | G4: 3. Any supporting documents provided with Volume I BOE submission will be included with Volume I application.
G5: 4. Return to the default format and copy paste the table below to Volume I BOE document.
A6: TRAVEL BUDGET
A7: Budget Year | B7: Technical Area | C7: Purpose of Trip | D7: Origin Destination | E7: Final Destination | F7: # of People | G7: # of Days | H7: # of Trips | I7: # days at 100% Hotel per diem | J7: # days at 100% M&IE per diem | K7: # days at 75% M&IE per diem | L7: Round Trip Airfare/ Trainfare per person | M7: Total Airfare/ Trainfare $ per Trip | N7: Hotel Per Diem Rate per person | O7: Total Hotel Per Diem $ per trip | P7: M&IE Per Diem Rate per person | Q7: 100% M&IE Per Diem $ | R7: 75% M&IE Per Diem $ | S7: Total M&IE Per Diem $ per trip | T7: Car Rental dollars per day including Taxes & Fees | U7: # of Cars (1-3 people per car) | V7: Total Car rental $ per trip | W7: Standard Personal Car Mileage Rate | X7: Estimated Number of Round trip Miles per Car | Y7: # of Personal Cars | Z7: Total Mileage Rate Dollars | AA7: Conference Fees | AB7: Other Expenses (tolls, parking, rental gas, wi-fi) | AC7: TOTAL DIRECT DOLLARS PER TRIP | AD7: GRAND TOTAL DIRECT DOLLARS FOR ALL TRIPS | AE7: INDIRECT COSTS | AF7: TOTAL COSTS | AH7: TOTAL BY TECHNICAL AREA: | AI7: DIRECT COSTS | AJ7: INDIRECT COSTS | AK7: TOTAL COSTS
A8: 1 | B8: TA1 | C8: Conference | D8: Chicago | E8: Washington DC | F8: 2 | G8: 5 | H8: 1 | I8: =IF((G8>0),G8-1,0) -> 4 | J8: =IF(G8>2,G8-2,0) -> 3 | K8: =IF(G8<=2,G8,G8-J8) -> 2 | L8: 350 | M8: =ROUND(L8*F8,0) -> 700 | N8: 250 | O8: =ROUND(F8*I8*N8,0) -> 2000 | P8: 75 | Q8: =ROUND(F8*J8*P8,0) -> 450 | R8: =ROUND(F8*K8*P8,0) -> 300 | S8: =Q8+R8 -> 750 | T8: 0 | U8: 0 | V8: =ROUND(I8*T8*U8,0) -> 0 | W8: 0 | X8: 0 | Y8: 0 | Z8: =ROUND(W8*X8*Y8,0) -> 0 | AA8: 650 | AB8: 250 | AC8: =M8+O8+S8+V8+Z8+AA8+AB8 -> 4350 | AD8: =AC8*H8 -> 4350 | AE8: =ROUND(AD8*0.599,0) -> 2606 | AF8: =AD8+AE8 -> 6956 | AH8: TA1 | AI8: =AD10+AD26+AD42+AD58+AD74+AD90 -> 26100 | AJ8: =AE10+AE26+AE42+AE58+AE74+AE90 -> 15636 | AK8: =AF10+AF26+AF42+AF58+AF74+AF90 -> 41736
A9: 1 | B9: TA1 | I9: =IF((G9>0),G9-1,0) -> 0 | J9: =IF(G9>2,G9-2,0) -> 0 | K9: =IF(G9<=2,G9,G9-J9) -> 0 | L9: 0 | M9: =ROUND(L9*F9,0) -> 0 | N9: 0 | O9: =ROUND(F9*I9*N9,0) -> 0 | P9: 0 | Q9: =ROUND(F9*J9*P9,0) -> 0 | R9: =ROUND(F9*K9*P9,0) -> 0 | S9: =Q9+R9 -> 0 | T9: 0 | U9: 0 | V9: =ROUND(I9*T9*U9,0) -> 0 | W9: 0 | X9: 0 | Y9: 0 | Z9: =ROUND(W9*X9*Y9,0) -> 0 | AA9: 0 | AB9: 0 | AC9: =M9+O9+S9+V9+Z9+AA9+AB9 -> 0 | AD9: =AC9*H9 -> 0 | AE9: =ROUND(AD9*0.599,0) -> 0 | AF9: =AD9+AE9 -> 0 | AH9: TA2 | AI9: =AD13+AD29+AD45+AD61+AD77+AD93 -> 0 | AJ9: =AE13+AE29+AE45+AE61+AE77+AE93 -> 0 | AK9: =AF13+AF29+AF45+AF61+AF77+AF93 -> 0
A10: 1 | B10: TOTAL FOR TA1 | I10: =IF((G10>0),G10-1,0) -> 0 | J10: =IF(G10>2,G10-2,0) -> 0 | K10: =IF(G10<=2,G10,G10-J10) -> 0 | L10: 0 | M10: =ROUND(L10*F10,0) -> 0 | N10: 0 | O10: =ROUND(F10*I10*N10,0) -> 0 | P10: 0 | Q10: =ROUND(F10*J10*P10,0) -> 0 | R10: =ROUND(F10*K10*P10,0) -> 0 | S10: =Q10+R10 -> 0 | T10: 0 | U10: 0 | V10: =ROUND(I10*T10*U10,0) -> 0 | W10: 0 | X10: 0 | Y10: 0 | Z10: =ROUND(W10*X10*Y10,0) -> 0 | AA10: 0 | AB10: 0 | AC10: =SUM(AC8:AC9) -> 4350 | AD10: =SUM(AD8:AD9) -> 4350 | AE10: =SUM(AE8:AE9) -> 2606 | AF10: =SUM(AF8:AF9) -> 6956 | AH10: TA3 | AI10: =AD16+AD32+AD48+AD64+AD80+AD96 -> 0 | AJ10: =AE16+AE32+AE48+AE64+AE80+AE96 -> 0 | AK10: =AF16+AF32+AF48+AF64+AF80+AF96 -> 0
A11: 1 | B11: TA2 | I11: =IF((G11>0),G11-1,0) -> 0 | J11: =IF(G11>2,G11-2,0) -> 0 | K11: =IF(G11<=2,G11,G11-J11) -> 0 | L11: 0 | M11: =ROUND(L11*F11,0) -> 0 | N11: 0 | O11: =ROUND(F11*I11*N11,0) -> 0 | P11: 0 | Q11: =ROUND(F11*J11*P11,0) -> 0 | R11: =ROUND(F11*K11*P11,0) -> 0 | S11: =Q11+R11 -> 0 | T11: 0 | U11: 0 | V11: =ROUND(I11*T11*U11,0) -> 0 | W11: 0 | X11: 0 | Y11: 0 | Z11: =ROUND(W11*X11*Y11,0) -> 0 | AA11: 0 | AB11: 0 | AC11: =M11+O11+S11+V11+Z11+AA11+AB11 -> 0 | AD11: =AC11*H11 -> 0 | AE11: =ROUND(AD11*0.599,0) -> 0 | AF11: =AD11+AE11 -> 0 | AH11: TA4 | AI11: =AD19+AD35+AD51+AD67+AD83+AD99 -> 0 | AJ11: =AE19+AE35+AE51+AE67+AE83+AE99 -> 0 | AK11: =AF19+AF35+AF51+AF67+AF83+AF99 -> 0
A12: 1 | B12: TA2 | I12: =IF((G12>0),G12-1,0) -> 0 | J12: =IF(G12>2,G12-2,0) -> 0 | K12: =IF(G12<=2,G12,G12-J12) -> 0 | L12: 0 | M12: =ROUND(L12*F12,0) -> 0 | N12: 0 | O12: =ROUND(F12*I12*N12,0) -> 0 | P12: 0 | Q12: =ROUND(F12*J12*P12,0) -> 0 | R12: =ROUND(F12*K12*P12,0) -> 0 | S12: =Q12+R12 -> 0 | T12: 0 | U12: 0 | V12: =ROUND(I12*T12*U12,0) -> 0 | W12: 0 | X12: 0 | Y12: 0 | Z12: =ROUND(W12*X12*Y12,0) -> 0 | AA12: 0 | AB12: 0 | AC12: =M12+O12+S12+V12+Z12+AA12+AB12 -> 0 | AD12: =AC12*H12 -> 0 | AE12: =ROUND(AD12*0.599,0) -> 0 | AF12: =AD12+AE12 -> 0 | AH12: TA5 | AI12: =AD22+AD38+AD54+AD70+AD86+AD102 -> 0 | AJ12: =AE22+AE38+AE54+AE70+AE86+AE102 -> 0 | AK12: =AF22+AF38+AF54+AF70+AF86+AF102 -> 0
A13: 1 | B13: TOTAL FOR TA2 | I13: =IF((G13>0),G13-1,0) -> 0 | J13: =IF(G13>2,G13-2,0) -> 0 | K13: =IF(G13<=2,G13,G13-J13) -> 0 | L13: 0 | M13: =ROUND(L13*F13,0) -> 0 | N13: 0 | O13: =ROUND(F13*I13*N13,0) -> 0 | P13: 0 | Q13: =ROUND(F13*J13*P13,0) -> 0 | R13: =ROUND(F13*K13*P13,0) -> 0 | S13: =Q13+R13 -> 0 | T13: 0 | U13: 0 | V13: =ROUND(I13*T13*U13,0) -> 0 | W13: 0 | X13: 0 | Y13: 0 | Z13: =ROUND(W13*X13*Y13,0) -> 0 | AA13: 0 | AB13: 0 | AC13: =SUM(AC11:AC12) -> 0 | AD13: =SUM(AD11:AD12) -> 0 | AE13: =SUM(AE11:AE12) -> 0 | AF13: =SUM(AF11:AF12) -> 0 | AH13: TOTAL | AI13: =SUM(AI8:AI12) -> 26100 | AJ13: =SUM(AJ8:AJ12) -> 15636 | AK13: =SUM(AK8:AK12) -> 41736
A14: 1 | B14: TA3 | I14: =IF((G14>0),G14-1,0) -> 0 | J14: =IF(G14>2,G14-2,0) -> 0 | K14: =IF(G14<=2,G14,G14-J14) -> 0 | L14: 0 | M14: =ROUND(L14*F14,0) -> 0 | N14: 0 | O14: =ROUND(F14*I14*N14,0) -> 0 | P14: 0 | Q14: =ROUND(F14*J14*P14,0) -> 0 | R14: =ROUND(F14*K14*P14,0) -> 0 | S14: =Q14+R14 -> 0 | T14: 0 | U14: 0 | V14: =ROUND(I14*T14*U14,0) -> 0 | W14: 0 | X14: 0 | Y14: 0 | Z14: =ROUND(W14*X14*Y14,0) -> 0 | AA14: 0 | AB14: 0 | AC14: =M14+O14+S14+V14+Z14+AA14+AB14 -> 0 | AD14: =AC14*H14 -> 0 | AE14: =ROUND(AD14*0.599,0) -> 0 | AF14: =AD14+AE14 -> 0 | AI14: =AD104 -> 26100 | AJ14: =AE104 -> 15636 | AK14: =AF104 -> 41736
A15: 1 | B15: TA3 | I15: =IF((G15>0),G15-1,0) -> 0 | J15: =IF(G15>2,G15-2,0) -> 0 | K15: =IF(G15<=2,G15,G15-J15) -> 0 | L15: 0 | M15: =ROUND(L15*F15,0) -> 0 | N15: 0 | O15: =ROUND(F15*I15*N15,0) -> 0 | P15: 0 | Q15: =ROUND(F15*J15*P15,0) -> 0 | R15: =ROUND(F15*K15*P15,0) -> 0 | S15: =Q15+R15 -> 0 | T15: 0 | U15: 0 | V15: =ROUND(I15*T15*U15,0) -> 0 | W15: 0 | X15: 0 | Y15: 0 | Z15: =ROUND(W15*X15*Y15,0) -> 0 | AA15: 0 | AB15: 0 | AC15: =M15+O15+S15+V15+Z15+AA15+AB15 -> 0 | AD15: =AC15*H15 -> 0 | AE15: =ROUND(AD15*0.599,0) -> 0 | AF15: =AD15+AE15 -> 0
A16: 1 | B16: TOTAL FOR TA3 | I16: =IF((G16>0),G16-1,0) -> 0 | J16: =IF(G16>2,G16-2,0) -> 0 | K16: =IF(G16<=2,G16,G16-J16) -> 0 | L16: 0 | M16: =ROUND(L16*F16,0) -> 0 | N16: 0 | O16: =ROUND(F16*I16*N16,0) -> 0 | P16: 0 | Q16: =ROUND(F16*J16*P16,0) -> 0 | R16: =ROUND(F16*K16*P16,0) -> 0 | S16: =Q16+R16 -> 0 | T16: 0 | U16: 0 | V16: =ROUND(I16*T16*U16,0) -> 0 | W16: 0 | X16: 0 | Y16: 0 | Z16: =ROUND(W16*X16*Y16,0) -> 0 | AA16: 0 | AB16: 0 | AC16: =SUM(AC14:AC15) -> 0 | AD16: =SUM(AD14:AD15) -> 0 | AE16: =SUM(AE14:AE15) -> 0 | AF16: =SUM(AF14:AF15) -> 0
A17: 1 | B17: TA4 | I17: =IF((G17>0),G17-1,0) -> 0 | J17: =IF(G17>2,G17-2,0) -> 0 | K17: =IF(G17<=2,G17,G17-J17) -> 0 | L17: 0 | M17: =ROUND(L17*F17,0) -> 0 | N17: 0 | O17: =ROUND(F17*I17*N17,0) -> 0 | P17: 0 | Q17: =ROUND(F17*J17*P17,0) -> 0 | R17: =ROUND(F17*K17*P17,0) -> 0 | S17: =Q17+R17 -> 0 | T17: 0 | U17: 0 | V17: =ROUND(I17*T17*U17,0) -> 0 | W17: 0 | X17: 0 | Y17: 0 | Z17: =ROUND(W17*X17*Y17,0) -> 0 | AA17: 0 | AB17: 0 | AC17: =M17+O17+S17+V17+Z17+AA17+AB17 -> 0 | AD17: =AC17*H17 -> 0 | AE17: =ROUND(AD17*0.599,0) -> 0 | AF17: =AD17+AE17 -> 0
A18: 1 | B18: TA4 | I18: =IF((G18>0),G18-1,0) -> 0 | J18: =IF(G18>2,G18-2,0) -> 0 | K18: =IF(G18<=2,G18,G18-J18) -> 0 | L18: 0 | M18: =ROUND(L18*F18,0) -> 0 | N18: 0 | O18: =ROUND(F18*I18*N18,0) -> 0 | P18: 0 | Q18: =ROUND(F18*J18*P18,0) -> 0 | R18: =ROUND(F18*K18*P18,0) -> 0 | S18: =Q18+R18 -> 0 | T18: 0 | U18: 0 | V18: =ROUND(I18*T18*U18,0) -> 0 | W18: 0 | X18: 0 | Y18: 0 | Z18: =ROUND(W18*X18*Y18,0) -> 0 | AA18: 0 | AB18: 0 | AC18: =M18+O18+S18+V18+Z18+AA18+AB18 -> 0 | AD18: =AC18*H18 -> 0 | AE18: =ROUND(AD18*0.599,0) -> 0 | AF18: =AD18+AE18 -> 0
A19: 1 | B19: TOTAL FOR TA4 | I19: =IF((G19>0),G19-1,0) -> 0 | J19: =IF(G19>2,G19-2,0) -> 0 | K19: =IF(G19<=2,G19,G19-J19) -> 0 | L19: 0 | M19: =ROUND(L19*F19,0) -> 0 | N19: 0 | O19: =ROUND(F19*I19*N19,0) -> 0 | P19: 0 | Q19: =ROUND(F19*J19*P19,0) -> 0 | R19: =ROUND(F19*K19*P19,0) -> 0 | S19: =Q19+R19 -> 0 | T19: 0 | U19: 0 | V19: =ROUND(I19*T19*U19,0) -> 0 | W19: 0 | X19: 0 | Y19: 0 | Z19: =ROUND(W19*X19*Y19,0) -> 0 | AA19: 0 | AB19: 0 | AC19: =SUM(AC17:AC18) -> 0 | AD19: =SUM(AD17:AD18) -> 0 | AE19: =SUM(AE17:AE18) -> 0 | AF19: =SUM(AF17:AF18) -> 0
A20: 1 | B20: TA5 | I20: =IF((G20>0),G20-1,0) -> 0 | J20: =IF(G20>2,G20-2,0) -> 0 | K20: =IF(G20<=2,G20,G20-J20) -> 0 | L20: 0 | M20: =ROUND(L20*F20,0) -> 0 | N20: 0 | O20: =ROUND(F20*I20*N20,0) -> 0 | P20: 0 | Q20: =ROUND(F20*J20*P20,0) -> 0 | R20: =ROUND(F20*K20*P20,0) -> 0 | S20: =Q20+R20 -> 0 | T20: 0 | U20: 0 | V20: =ROUND(I20*T20*U20,0) -> 0 | W20: 0 | X20: 0 | Y20: 0 | Z20: =ROUND(W20*X20*Y20,0) -> 0 | AA20: 0 | AB20: 0 | AC20: =M20+O20+S20+V20+Z20+AA20+AB20 -> 0 | AD20: =AC20*H20 -> 0 | AE20: =ROUND(AD20*0.599,0) -> 0 | AF20: =AD20+AE20 -> 0
A21: 1 | B21: TA5 | I21: =IF((G21>0),G21-1,0) -> 0 | J21: =IF(G21>2,G21-2,0) -> 0 | K21: =IF(G21<=2,G21,G21-J21) -> 0 | L21: 0 | M21: =ROUND(L21*F21,0) -> 0 | N21: 0 | O21: =ROUND(F21*I21*N21,0) -> 0 | P21: 0 | Q21: =ROUND(F21*J21*P21,0) -> 0 | R21: =ROUND(F21*K21*P21,0) -> 0 | S21: =Q21+R21 -> 0 | T21: 0 | U21: 0 | V21: =ROUND(I21*T21*U21,0) -> 0 | W21: 0 | X21: 0 | Y21: 0 | Z21: =ROUND(W21*X21*Y21,0) -> 0 | AA21: 0 | AB21: 0 | AC21: =M21+O21+S21+V21+Z21+AA21+AB21 -> 0 | AD21: =AC21*H21 -> 0 | AE21: =ROUND(AD21*0.599,0) -> 0 | AF21: =AD21+AE21 -> 0
A22: 1 | B22: TOTAL FOR TA5 | I22: =IF((G22>0),G22-1,0) -> 0 | J22: =IF(G22>2,G22-2,0) -> 0 | K22: =IF(G22<=2,G22,G22-J22) -> 0 | L22: 0 | M22: =ROUND(L22*F22,0) -> 0 | N22: 0 | O22: =ROUND(F22*I22*N22,0) -> 0 | P22: 0 | Q22: =ROUND(F22*J22*P22,0) -> 0 | R22: =ROUND(F22*K22*P22,0) -> 0 | S22: =Q22+R22 -> 0 | T22: 0 | U22: 0 | V22: =ROUND(I22*T22*U22,0) -> 0 | W22: 0 | X22: 0 | Y22: 0 | Z22: =ROUND(W22*X22*Y22,0) -> 0 | AA22: 0 | AB22: 0 | AC22: =SUM(AC20:AC21) -> 0 | AD22: =SUM(AD20:AD21) -> 0 | AE22: =SUM(AE20:AE21) -> 0 | AF22: =SUM(AF20:AF21) -> 0
A23: TOTAL FOR YEAR 1 | AC23: =SUM(AC10,AC13,AC16,AC19,AC22) -> 4350 | AD23: =SUM(AD10,AD13,AD16,AD19,AD22) -> 4350 | AE23: =SUM(AE10,AE13,AE16,AE19,AE22) -> 2606 | AF23: =SUM(AF10,AF13,AF16,AF19,AF22) -> 6956
A24: 2 | B24: TA1 | C24: Conference | D24: Chicago | E24: Washington DC | F24: 2 | G24: 5 | H24: 1 | I24: =IF((G24>0),G24-1,0) -> 4 | J24: =IF(G24>2,G24-2,0) -> 3 | K24: =IF(G24<=2,G24,G24-J24) -> 2 | L24: 350 | M24: =ROUND(L24*F24,0) -> 700 | N24: 250 | O24: =ROUND(F24*I24*N24,0) -> 2000 | P24: 75 | Q24: =ROUND(F24*J24*P24,0) -> 450 | R24: =ROUND(F24*K24*P24,0) -> 300 | S24: =Q24+R24 -> 750 | T24: 0 | U24: 0 | V24: =ROUND(I24*T24*U24,0) -> 0 | W24: 0 | X24: 0 | Y24: 0 | Z24: =ROUND(W24*X24*Y24,0) -> 0 | AA24: 650 | AB24: 250 | AC24: =M24+O24+S24+V24+Z24+AA24+AB24 -> 4350 | AD24: =AC24*H24 -> 4350 | AE24: =ROUND(AD24*0.599,0) -> 2606 | AF24: =AD24+AE24 -> 6956
A25: 2 | B25: TA1 | I25: =IF((G25>0),G25-1,0) -> 0 | J25: =IF(G25>2,G25-2,0) -> 0 | K25: =IF(G25<=2,G25,G25-J25) -> 0 | L25: 0 | M25: =ROUND(L25*F25,0) -> 0 | N25: 0 | O25: =ROUND(F25*I25*N25,0) -> 0 | P25: 0 | Q25: =ROUND(F25*J25*P25,0) -> 0 | R25: =ROUND(F25*K25*P25,0) -> 0 | S25: =Q25+R25 -> 0 | T25: 0 | U25: 0 | V25: =ROUND(I25*T25*U25,0) -> 0 | W25: 0 | X25: 0 | Y25: 0 | Z25: =ROUND(W25*X25*Y25,0) -> 0 | AA25: 0 | AB25: 0 | AC25: =M25+O25+S25+V25+Z25+AA25+AB25 -> 0 | AD25: =AC25*H25 -> 0 | AE25: =ROUND(AD25*0.599,0) -> 0 | AF25: =AD25+AE25 -> 0
A26: 2 | B26: TOTAL FOR TA1 | I26: =IF((G26>0),G26-1,0) -> 0 | J26: =IF(G26>2,G26-2,0) -> 0 | K26: =IF(G26<=2,G26,G26-J26) -> 0 | L26: 0 | M26: =ROUND(L26*F26,0) -> 0 | N26: 0 | O26: =ROUND(F26*I26*N26,0) -> 0 | P26: 0 | Q26: =ROUND(F26*J26*P26,0) -> 0 | R26: =ROUND(F26*K26*P26,0) -> 0 | S26: =Q26+R26 -> 0 | T26: 0 | U26: 0 | V26: =ROUND(I26*T26*U26,0) -> 0 | W26: 0 | X26: 0 | Y26: 0 | Z26: =ROUND(W26*X26*Y26,0) -> 0 | AA26: 0 | AB26: 0 | AC26: =SUM(AC24:AC25) -> 4350 | AD26: =SUM(AD24:AD25) -> 4350 | AE26: =SUM(AE24:AE25) -> 2606 | AF26: =SUM(AF24:AF25) -> 6956
A27: 2 | B27: TA2 | I27: =IF((G27>0),G27-1,0) -> 0 | J27: =IF(G27>2,G27-2,0) -> 0 | K27: =IF(G27<=2,G27,G27-J27) -> 0 | L27: 0 | M27: =ROUND(L27*F27,0) -> 0 | N27: 0 | O27: =ROUND(F27*I27*N27,0) -> 0 | P27: 0 | Q27: =ROUND(F27*J27*P27,0) -> 0 | R27: =ROUND(F27*K27*P27,0) -> 0 | S27: =Q27+R27 -> 0 | T27: 0 | U27: 0 | V27: =ROUND(I27*T27*U27,0) -> 0 | W27: 0 | X27: 0 | Y27: 0 | Z27: =ROUND(W27*X27*Y27,0) -> 0 | AA27: 0 | AB27: 0 | AC27: =M27+O27+S27+V27+Z27+AA27+AB27 -> 0 | AD27: =AC27*H27 -> 0 | AE27: =ROUND(AD27*0.599,0) -> 0 | AF27: =AD27+AE27 -> 0
A28: 2 | B28: TA2 | I28: =IF((G28>0),G28-1,0) -> 0 | J28: =IF(G28>2,G28-2,0) -> 0 | K28: =IF(G28<=2,G28,G28-J28) -> 0 | L28: 0 | M28: =ROUND(L28*F28,0) -> 0 | N28: 0 | O28: =ROUND(F28*I28*N28,0) -> 0 | P28: 0 | Q28: =ROUND(F28*J28*P28,0) -> 0 | R28: =ROUND(F28*K28*P28,0) -> 0 | S28: =Q28+R28 -> 0 | T28: 0 | U28: 0 | V28: =ROUND(I28*T28*U28,0) -> 0 | W28: 0 | X28: 0 | Y28: 0 | Z28: =ROUND(W28*X28*Y28,0) -> 0 | AA28: 0 | AB28: 0 | AC28: =M28+O28+S28+V28+Z28+AA28+AB28 -> 0 | AD28: =AC28*H28 -> 0 | AE28: =ROUND(AD28*0.599,0) -> 0 | AF28: =AD28+AE28 -> 0
A29: 2 | B29: TOTAL FOR TA2 | I29: =IF((G29>0),G29-1,0) -> 0 | J29: =IF(G29>2,G29-2,0) -> 0 | K29: =IF(G29<=2,G29,G29-J29) -> 0 | L29: 0 | M29: =ROUND(L29*F29,0) -> 0 | N29: 0 | O29: =ROUND(F29*I29*N29,0) -> 0 | P29: 0 | Q29: =ROUND(F29*J29*P29,0) -> 0 | R29: =ROUND(F29*K29*P29,0) -> 0 | S29: =Q29+R29 -> 0 | T29: 0 | U29: 0 | V29: =ROUND(I29*T29*U29,0) -> 0 | W29: 0 | X29: 0 | Y29: 0 | Z29: =ROUND(W29*X29*Y29,0) -> 0 | AA29: 0 | AB29: 0 | AC29: =SUM(AC27:AC28) -> 0 | AD29: =SUM(AD27:AD28) -> 0 | AE29: =SUM(AE27:AE28) -> 0 | AF29: =SUM(AF27:AF28) -> 0
A30: 2 | B30: TA3 | I30: =IF((G30>0),G30-1,0) -> 0 | J30: =IF(G30>2,G30-2,0) -> 0 | K30: =IF(G30<=2,G30,G30-J30) -> 0 | L30: 0 | M30: =ROUND(L30*F30,0) -> 0 | N30: 0 | O30: =ROUND(F30*I30*N30,0) -> 0 | P30: 0 | Q30: =ROUND(F30*J30*P30,0) -> 0 | R30: =ROUND(F30*K30*P30,0) -> 0 | S30: =Q30+R30 -> 0 | T30: 0 | U30: 0 | V30: =ROUND(I30*T30*U30,0) -> 0 | W30: 0 | X30: 0 | Y30: 0 | Z30: =ROUND(W30*X30*Y30,0) -> 0 | AA30: 0 | AB30: 0 | AC30: =M30+O30+S30+V30+Z30+AA30+AB30 -> 0 | AD30: =AC30*H30 -> 0 | AE30: =ROUND(AD30*0.599,0) -> 0 | AF30: =AD30+AE30 -> 0
A31: 2 | B31: TA3 | I31: =IF((G31>0),G31-1,0) -> 0 | J31: =IF(G31>2,G31-2,0) -> 0 | K31: =IF(G31<=2,G31,G31-J31) -> 0 | L31: 0 | M31: =ROUND(L31*F31,0) -> 0 | N31: 0 | O31: =ROUND(F31*I31*N31,0) -> 0 | P31: 0 | Q31: =ROUND(F31*J31*P31,0) -> 0 | R31: =ROUND(F31*K31*P31,0) -> 0 | S31: =Q31+R31 -> 0 | T31: 0 | U31: 0 | V31: =ROUND(I31*T31*U31,0) -> 0 | W31: 0 | X31: 0 | Y31: 0 | Z31: =ROUND(W31*X31*Y31,0) -> 0 | AA31: 0 | AB31: 0 | AC31: =M31+O31+S31+V31+Z31+AA31+AB31 -> 0 | AD31: =AC31*H31 -> 0 | AE31: =ROUND(AD31*0.599,0) -> 0 | AF31: =AD31+AE31 -> 0
